Workbook
Name _______________EST1: #REF!
Name _______________EST10: #REF!
Name _______________EST11: #REF!
Name _______________EST12: #REF!
Name _______________EST13: #REF!
Name _______________EST14: #REF!
Name _______________EST15: #REF!
Name _______________EST16: #REF!
Name _______________EST17: #REF!
Name _______________EST18: #REF!
Name _______________EST19: #REF!
Name _______________EST2: #REF!
Name _______________EST3: #REF!
Name _______________EST4: #REF!
Name _______________EST5: #REF!
Name _______________EST6: #REF!
Name _______________EST7: #REF!
Name _______________EST8: #REF!
Name _______________EST9: #REF!
Name _______________EXC1: #REF!
Name _______________EXC10: #REF!
Name _______________EXC11: #REF!
Name _______________EXC12: #REF!
Name _______________EXC2: #REF!
Name _______________EXC3: #REF!
Name _______________EXC4: #REF!
Name _______________EXC5: #REF!
Name _______________EXC6: #REF!
Name _______________EXC7: #REF!
Name _______________EXC8: #REF!
Name _______________EXC9: #REF!
Name _____________EST1: #REF!
Name _____________EST10: #REF!
Name _____________EST11: #REF!
Name _____________EST12: #REF!
Name _____________EST13: #REF!
Name _____________EST14: #REF!
Name _____________EST15: #REF!
Name _____________EST16: #REF!
Name _____________EST17: #REF!
Name _____________EST18: #REF!
Name _____________EST19: #REF!
Name _____________EST2: #REF!
Name _____________EST3: #REF!
Name _____________EST4: #REF!
Name _____________EST5: #REF!
Name _____________EST6: #REF!
Name _____________EST7: #REF!
Name _____________EST8: #REF!
Name _____________EST9: #REF!
Name _____________EXC1: #REF!
Name _____________EXC10: #REF!
Name _____________EXC11: #REF!
Name _____________EXC12: #REF!
Name _____________EXC2: #REF!
Name _____________EXC3: #REF!
Name _____________EXC4: #REF!
Name _____________EXC5: #REF!
Name _____________EXC6: #REF!
Name _____________EXC7: #REF!

Sheet PRESU  ESTIMADO OBRA  ALPES
C3: INTERVENCIONES INTEGRALES DEL HÁBITAT
C4: DIRECCIÓN DE HABITAT Y ENTORNOS SUBSECRETARÍA DE INTERVENCIONES INTEGRALES
C5: OBJETO: REALIZAR EL DIAGNÓSTICO, ACTUALIZACIÓN DE ESTUDIOS, DISEÑOS Y CULMINACIÓN DE LAS OBRAS EN ESPACIO PÚBLICO PARA EL MEJORAMIENTO INTEGRAL DE LOS BARRIOS ALPES Y CARACOLI, QUE HACEN PARTE DEL TERRITORIO PRIORIZADO POR LA SECRETARÍA DISTRITAL DEL HÁBITAT EN LA CONURBACIÓN CIUDAD BOLÍVAR.
C6: PRESUPUESTO ESTIMADO OBRA LOS ALPES
C8: ÍTEM | D8: ACTIVIDAD | E8: UNIDAD | F8: PENDIENTE EJECUCIÓN | G8: VALOR UNITARIO INDEXADO ENE 2022 - JUN 2027 | H8: VALOR PARCIAL
D11: ETAPA 1 ACTUALIZACIÓN ESTUDIOS Y DISEÑOS
C12: E Y D | D12: DIAGNÓSTICO Y ACTUALIZACIÓN - ESTUDIOS Y DISEÑOS | H12: =+H13 -> 485215051
D13: DIAGNÓSTICO Y ACTUALIZACIÓN - ESTUDIOS Y DISEÑOS-VER ANEXO (ACTUALIZ E Y D CIVS LOTE 3) | E13: GL | F13: 1 | G13: ='E Y D PRESU ESTIMADO'!M61 -> 485215051 | H13: =F13*G13 -> 485215051
D14: ETAPA 2 CULMINACIÓN DE OBRAS
C15: 1 | D15: REPLANTEO, DEMOLICIONES Y EXCAVACIONES | H15: =SUM(H16:H23) -> 74578754
C16: 1.1 | D16: REPLANTEO GENERAL | E16: M2 | F16: ='CANTIDADES VALOR INICIAL'!G9 -> 95.74 | G16: =ROUND(Comparativo!M9,0) -> 824 | H16: =ROUND(F16*G16,0) -> 78890
C17: 1.3 | D17: DEMOLICIÓN PISOS DE CONCRETO (INCLUYE CARGUE). NO INCLUYE TRANSPORTE Y DISPOSICIÓN FINAL DE SOBRANTES. RENDIMIENTO ESTIMADO PARA ESPESORES DE 0.20M | E17: M3 | F17: ='CANTIDADES VALOR INICIAL'!G11 -> 43.02 | G17: =ROUND(_xlfn.XLOOKUP(C17,'CANTIDADES VALOR INICIAL'!$C$9:$C$185,'CANTIDADES VALOR INICIAL'!$H$9:$H$185)*'INDEX ICOCIV'!$R$85,0) -> 51176 | H17: =ROUND(F17*G17,0) -> 2201592
C18: 1.6 | D18: DEMOLICION DE POZOS, CAJAS Y CAMARAS DE EMPRESAS DE SERVICIOS PÚBLICOS (INCLUYE MARTILLO NEUMÁTICO DE 60 LB, COMPRESOR Y CARGUE). | E18: M3 | F18: ='CANTIDADES VALOR INICIAL'!G14 -> 29.13 | G18: =ROUND(_xlfn.XLOOKUP(C18,'CANTIDADES VALOR INICIAL'!$C$9:$C$185,'CANTIDADES VALOR INICIAL'!$H$9:$H$185)*'INDEX ICOCIV'!$R$85,0) -> 258227 | H18: =ROUND(F18*G18,0) -> 7522153
C19: 1.7 | D19: DEMOLICION PISOS DE CONCRETO (ESPESOR VARIABLE. INCLUYE CARGUE). NO INCLUYE TRANSPORTE Y DISPOSICIÓN FINAL DE SOBRANTES. RENDIMIENTO ESTIMADO PARA UN ESPESOR DE 0.10M | E19: M2 | F19: ='CANTIDADES VALOR INICIAL'!G15 -> 830.14 | G19: =ROUND(_xlfn.XLOOKUP(C19,'CANTIDADES VALOR INICIAL'!$C$9:$C$185,'CANTIDADES VALOR INICIAL'!$H$9:$H$185)*'INDEX ICOCIV'!$R$85,0) -> 7116 | H19: =ROUND(F19*G19,0) -> 5907276
C20: 1.8 | D20: DEMOLICIÓN CONCRETO ESTRUCTURAL (INCLUYE CARGUE). NO INCLUYE TRANSPORTE Y DISPOSICIÓN FINAL DE SOBRANTES. | E20: M3 | F20: ='CANTIDADES VALOR INICIAL'!G16 -> 1 | G20: =ROUND(_xlfn.XLOOKUP(C20,'CANTIDADES VALOR INICIAL'!$C$9:$C$185,'CANTIDADES VALOR INICIAL'!$H$9:$H$185)*'INDEX ICOCIV'!$R$85,0) -> 166889 | H20: =ROUND(F20*G20,0) -> 166889
C21: 1.9 | D21: EXCAVACION MECANICA EN MATERIAL COMUN (INCLUYE CARGUE) | E21: M3 | F21: ='CANTIDADES VALOR INICIAL'!G17 -> 645.3397 | G21: =ROUND(Comparativo!M10,0) -> 6203 | H21: =ROUND(F21*G21,0) -> 4003042
C22: 1.10 | D22: EXCAVACIÓN MANUAL EN MATERIAL COMÚN (INCL CARGUE, TRANSPORTE Y DISPOSICION FINAL) | E22: M3 | F22: ='CANTIDADES VALOR INICIAL'!G18 -> 95.83 | G22: =ROUND(_xlfn.XLOOKUP(C22,'CANTIDADES VALOR INICIAL'!$C$9:$C$185,'CANTIDADES VALOR INICIAL'!$H$9:$H$185)*'INDEX ICOCIV'!$R$85,0) -> 79702 | H22: =ROUND(F22*G22,0) -> 7637843
C23: 1.13 | D23: TRANSPORTE Y DISPOSICION FINAL DE ESCOMBROS EN SITIO AUTORIZADO (DISTANCIA DE TRANSPORTE 21 KM). A DISTANCIA MAYOR DEL ACARREO LIBRE (90 M) EN SITIO AUTORIZADO POR LA ENTIDAD AMBIENTAL COMPETENTE. | E23: M3 | F23: ='CANTIDADES VALOR INICIAL'!G21 -> 1450.13 | G23: =ROUND(Comparativo!M11,0) -> 32453 | H23: =ROUND(F23*G23,0) -> 47061069
C24: 2 | D24: RELLENOS Y PAVIMENTOS | H24: =SUM(H25:H36) -> 414085293
C25: 2.1 | D25: NIVELACION Y COMPACTACIÓN DE SUBRASANTE | E25: M2 | F25: ='CANTIDADES VALOR INICIAL'!G23 -> 2002.37 | G25: =ROUND(_xlfn.XLOOKUP(C25,'CANTIDADES VALOR INICIAL'!$C$9:$C$185,'CANTIDADES VALOR INICIAL'!$H$9:$H$185)*'INDEX ICOCIV'!$R$85,0) -> 1535 | H25: =ROUND(F25*G25,0) -> 3073638
C26: 2.2 | D26: ESTABILIZACIÓN DE SUBRASANTE CON RAJÓN, INCLUYE EQUIPO DE COMPACTACIÓN (SUMINISTRO, EXTENDIDO, NIVELACIÓN Y COMPACTACIÓN CON EQUIPO MECÁNICO) | E26: M3 | F26: ='CANTIDADES VALOR INICIAL'!G24 -> 601.29 | G26: =ROUND(_xlfn.XLOOKUP(C26,'CANTIDADES VALOR INICIAL'!$C$9:$C$185,'CANTIDADES VALOR INICIAL'!$H$9:$H$185)*'INDEX ICOCIV'!$R$85,0) -> 112382 | H26: =ROUND(F26*G26,0) -> 67574173
C27: 2.4 | D27: SUBBASE GRANULAR CLASE C (SBG _ C) (SUMINISTRO, EXTENDIDO, NIVELACIÓN, HUMEDECIMIENTO Y COMPACTACIÓN CON VIBRO COMPACTADOR). | E27: M3 | F27: ='CANTIDADES VALOR INICIAL'!G26 -> 382.35 | G27: =ROUND(_xlfn.XLOOKUP(C27,'CANTIDADES VALOR INICIAL'!$C$9:$C$185,'CANTIDADES VALOR INICIAL'!$H$9:$H$185)*'INDEX ICOCIV'!$R$85,0) -> 163202 | H27: =ROUND(F27*G27,0) -> 62400285
C28: 2.5 | D28: IMPRIMACIÓN CON EMULSIÓN ASFÁLTICA CLR-0 (SUMINISTRO, BARRIDO, SUPERFICIE Y RIEGO). | E28: M2 | F28: ='CANTIDADES VALOR INICIAL'!G27 -> 49 | G28: =ROUND(_xlfn.XLOOKUP(C28,'CANTIDADES VALOR INICIAL'!$C$9:$C$185,'CANTIDADES VALOR INICIAL'!$H$9:$H$185)*'INDEX ICOCIV'!$R$85,0) -> 3056 | H28: =ROUND(F28*G28,0) -> 149744
C29: 2.6 | D29: MEZCLA ASFÁLTICA EN CALIENTE TIPO DENSO MD12 ASFALTO CONVENCIONAL 80-100 (CEMENTO ASFÁLTICO 80-100) (SUMINISTRO, EXTENDIDO, NIVELACIÓN Y COMPACTACIÓN CON VIBROCOMPACTADOR Y COMPACTADOR DE LLANTAS) | E29: M3 | F29: ='CANTIDADES VALOR INICIAL'!G28 -> 15.35 | G29: =ROUND(_xlfn.XLOOKUP(C29,'CANTIDADES VALOR INICIAL'!$C$9:$C$185,'CANTIDADES VALOR INICIAL'!$H$9:$H$185)*'INDEX ICOCIV'!$R$85,0) -> 812380 | H29: =ROUND(F29*G29,0) -> 12470033
C30: 2.7 | D30: LOSA DE CONCRETO MR 43 (SUMINISTRO, FORMALETEADO, COLOCACIÓN Y ACABADO, NO INCLUYE ACERO, CURADO, JUNTAS)-TEXTURIZADO SIMILAR A A-20. | E30: M3 | F30: ='CANTIDADES VALOR INICIAL'!G29 -> 305.07 | G30: =ROUND(_xlfn.XLOOKUP(C30,'CANTIDADES VALOR INICIAL'!$C$9:$C$185,'CANTIDADES VALOR INICIAL'!$H$9:$H$185)*'INDEX ICOCIV'!$R$85,0) -> 672560 | H30: =ROUND(F30*G30,0) -> 205177879
C31: 2.8 | D31: CURADO DE LOSAS DE CONCRETO (SUMINISTRO Y APLICACIÓN) | E31: M2 | F31: ='CANTIDADES VALOR INICIAL'!G30 -> 945.06 | G31: =ROUND(Comparativo!M12,0) -> 2038 | H31: =ROUND(F31*G31,0) -> 1926032
C32: 2.9 | D32: CORTE Y AMPLIACIÓN DE JUNTA EN PAVIMENTO DE CONCRETO HIDRÁULICO. | E32: M | F32: ='CANTIDADES VALOR INICIAL'!G31 -> 1053.46 | G32: =ROUND(_xlfn.XLOOKUP(C32,'CANTIDADES VALOR INICIAL'!$C$9:$C$185,'CANTIDADES VALOR INICIAL'!$H$9:$H$185)*'INDEX ICOCIV'!$R$85,0) -> 6334 | H32: =ROUND(F32*G32,0) -> 6672616
C33: 2.10 | D33: SELLADO DE JUNTAS EN PAVIMENTO DE CONCRETO HIDRÁULICO (INCLUYE LIMPIEZA, SUMINISTRO E INSTALACIÓN DE FONDO Y SELLANTE) | E33: M | F33: ='CANTIDADES VALOR INICIAL'!G32 -> 1111.02 | G33: =ROUND(_xlfn.XLOOKUP(C33,'CANTIDADES VALOR INICIAL'!$C$9:$C$185,'CANTIDADES VALOR INICIAL'!$H$9:$H$185)*'INDEX ICOCIV'!$R$85,0) -> 11880 | H33: =ROUND(F33*G33,0) -> 13198918
C34: 2.11 | D34: ESTAMPADO PARA CONCRETO MR DE POMPEYANOS, ACCESOS VEHICULARES A PREDIOS Y VÍAS (ACABADO Y CURADO, SUMINISTRO Y MANO DE OBRA, INCLUYE JUEGO DE MOLDES, COLOR ENDURECEDOR DE CUARZO, DESMOLDANTE EN POLVO COLOR, SELLADOR ACRÍLICO TRANSPARENTE SEMILUSTRE). | E34: M2 | F34: ='CANTIDADES VALOR INICIAL'!G33 -> 157 | G34: =ROUND(_xlfn.XLOOKUP(C34,'CANTIDADES VALOR INICIAL'!$C$9:$C$185,'CANTIDADES VALOR INICIAL'!$H$9:$H$185)*'INDEX ICOCIV'!$R$85,0) -> 48279 | H34: =ROUND(F34*G34,0) -> 7579803
C35: 2.13 | D35: CANASTILLA PASAJUNTAS (INCLUYE SUMINISTRO Y FIJACIÓN) | E35: KG | F35: ='CANTIDADES VALOR INICIAL'!G35 -> 1160.81 | G35: =ROUND(_xlfn.XLOOKUP(C35,'CANTIDADES VALOR INICIAL'!$C$9:$C$185,'CANTIDADES VALOR INICIAL'!$H$9:$H$185)*'INDEX ICOCIV'!$R$85,0) -> 6989 | H35: =ROUND(F35*G35,0) -> 8112901
C36: 2.14 | D36: GEOTEXTIL NT 2000 PARA SEPARACION SUBRASANTE/CAPAS GRANULARES (INCLUYE SUMINISTRO E INSTALACIÓN) | E36: M2 | F36: ='CANTIDADES VALOR INICIAL'!G36 -> 2777.1 | G36: =ROUND(_xlfn.XLOOKUP(C36,'CANTIDADES VALOR INICIAL'!$C$9:$C$185,'CANTIDADES VALOR INICIAL'!$H$9:$H$185)*'INDEX ICOCIV'!$R$85,0) -> 9272 | H36: =ROUND(F36*G36,0) -> 25749271
C37: 3 | D37: ACABADOS DE PISOS Y PREFABRICADOS | H37: =SUM(H38:H47) -> 334509767
C38: 3.1 | D38: CAÑUELA TIPO A120 (SUMINISTRO E INSTALACIÓN. INCLUYE 3CM MORTERO 2000 PSI) | E38: M | F38: ='CANTIDADES VALOR INICIAL'!G38 -> 305.76 | G38: =ROUND(_xlfn.XLOOKUP(C38,'CANTIDADES VALOR INICIAL'!$C$9:$C$185,'CANTIDADES VALOR INICIAL'!$H$9:$H$185)*'INDEX ICOCIV'!$R$85,0) -> 62500 | H38: =ROUND(F38*G38,0) -> 19110000
C39: 3.2 | D39: BORDILLO PREFABRICADO A80 (SUMINISTRO E INSTALACIÓN. INCLUYE 3CM MORTERO DE NIVELACIÓN 2000 PSI) | E39: M | F39: ='CANTIDADES VALOR INICIAL'!G39 -> 193.93 | G39: =ROUND(_xlfn.XLOOKUP(C39,'CANTIDADES VALOR INICIAL'!$C$9:$C$185,'CANTIDADES VALOR INICIAL'!$H$9:$H$185)*'INDEX ICOCIV'!$R$85,0) -> 60804 | H39: =ROUND(F39*G39,0) -> 11791720
C40: 3.5 | D40: PISOS EN LOSETA PREFABRICADA TÁCTIL ALERTA Y /O GUÍA (SUMINISTRO E INSTALACIÓN INCLUYE 4 CM DE MORTERO 1:5 HECHO EN OBRA) | E40: M2 | F40: ='CANTIDADES VALOR INICIAL'!G42 -> 45.2 | G40: =ROUND(_xlfn.XLOOKUP(C40,'CANTIDADES VALOR INICIAL'!$C$9:$C$185,'CANTIDADES VALOR INICIAL'!$H$9:$H$185)*'INDEX ICOCIV'!$R$85,0) -> 93052 | H40: =ROUND(F40*G40,0) -> 4205950
C41: 3.6 | D41: ADOQUIN DEMARCADOR VISUAL A-26 | E41: M2 | F41: ='CANTIDADES VALOR INICIAL'!G43 -> 48.98 | G41: =ROUND(_xlfn.XLOOKUP(C41,'CANTIDADES VALOR INICIAL'!$C$9:$C$185,'CANTIDADES VALOR INICIAL'!$H$9:$H$185)*'INDEX ICOCIV'!$R$85,0) -> 95061 | H41: =ROUND(F41*G41,0) -> 4656088
C42: 3.7 | D42: PISO EN LOSETA PREFABRICADA A30 (SUMINISTRO E INSTALACIÓN. INCLUYE BASE 4CM ARENA NIVELACIÓN Y ARENA DE SELLO) | E42: M2 | F42: ='CANTIDADES VALOR INICIAL'!G44 -> 1251.2 | G42: =ROUND(_xlfn.XLOOKUP(C42,'CANTIDADES VALOR INICIAL'!$C$9:$C$185,'CANTIDADES VALOR INICIAL'!$H$9:$H$185)*'INDEX ICOCIV'!$R$85,0) -> 92393 | H42: =ROUND(F42*G42,0) -> 115602122
C43: 3.8 | D43: CONCRETO DE 4000 PSI PARA RAMPAS ACCESOS Y ESCALERAS (PREMEZCLADO INCLUYE SUMINISTRO, FORMALETA, COLOCACIÓN, NO INCLUYE REFUERZO NI CURADO | E43: M3 | F43: ='CANTIDADES VALOR INICIAL'!G45 -> 97.95 | G43: =ROUND(_xlfn.XLOOKUP(C43,'CANTIDADES VALOR INICIAL'!$C$9:$C$185,'CANTIDADES VALOR INICIAL'!$H$9:$H$185)*'INDEX ICOCIV'!$R$85,0) -> 794846 | H43: =ROUND(F43*G43,0) -> 77855166
C44: 3.9 | D44: ACERO DE REFUERZO (INCLUYE SUMINISTRO, FIGURADO Y FIJACIÓN) | E44: KG | F44: ='CANTIDADES VALOR INICIAL'!G46 -> 4382.75 | G44: =ROUND(_xlfn.XLOOKUP(C44,'CANTIDADES VALOR INICIAL'!$C$9:$C$185,'CANTIDADES VALOR INICIAL'!$H$9:$H$185)*'INDEX ICOCIV'!$R$85,0) -> 7176 | H44: =ROUND(F44*G44,0) -> 31450614
C45: 3.10 | D45: LADRILLO PRENSADO (SUMINISTRO E INSTALACION) | E45: M2 | F45: ='CANTIDADES VALOR INICIAL'!G47 -> 355.61 | G45: =ROUND(_xlfn.XLOOKUP(C45,'CANTIDADES VALOR INICIAL'!$C$9:$C$185,'CANTIDADES VALOR INICIAL'!$H$9:$H$185)*'INDEX ICOCIV'!$R$85,0) -> 99707 | H45: =ROUND(F45*G45,0) -> 35456806
C46: 3.11 | D46: FRANJA DE AJUSTE EN CONCRETO 3000 PSI E= 10 CM ANCHO ENTRE 12-20CM | E46: M | F46: ='CANTIDADES VALOR INICIAL'!G48 -> 1692.6 | G46: =ROUND(_xlfn.XLOOKUP(C46,'CANTIDADES VALOR INICIAL'!$C$9:$C$185,'CANTIDADES VALOR INICIAL'!$H$9:$H$185)*'INDEX ICOCIV'!$R$85,0) -> 13698 | H46: =ROUND(F46*G46,0) -> 23185235
C47: 3.15 | D47: MALLA ELECTROSOLDADA DE 0,15X0,15 M (∅=8MM) (INCLUYE SUMINISTRO, FIJACIÒN E INSTALACIÒN ) | E47: KG | F47: ='CANTIDADES VALOR INICIAL'!G52 -> 2660.03 | G47: =ROUND(Comparativo!M30,0) -> 4209 | H47: =ROUND(F47*G47,0) -> 11196066
C48: 4 | D48: MUROS ESTRUCTURALES | H48: =SUM(H49:H56) -> 846887300
C49: 4.1 | D49: MURO TIPO 1 - ZARPA EN CONCRETO DE 3000 PSI DE 2,20MX0,30M, DENTELLÓN DE 0,70MX0,30M- MURO DOBLE EN LADRILLO ESTRUCTURAL DE PERFORACIÓN VERTICAL H=3,30M, INCLUYE EXCAVACIÓN, RETIRO DE ESCOMBROS, MORTEROS, MATERIAL SELECCIONADO COMPACTADO, REFUERZO DE 60,000 PSI, GROUTING 2500 PSI, IMPERMEABILIZACIÓN FACHADA. | E49: M | F49: ='CANTIDADES VALOR INICIAL'!G54 -> 33.9 | G49: =ROUND(_xlfn.XLOOKUP(C49,'CANTIDADES VALOR INICIAL'!$C$9:$C$185,'CANTIDADES VALOR INICIAL'!$H$9:$H$185)*'INDEX ICOCIV'!$R$85,0) -> 2339985 | H49: =ROUND(F49*G49,0) -> 79325492
C50: 4.2 | D50: MURO TIPO 2 - ZARPA EN CONCRETO DE 3000 PSI DE 2,00MX0,30M, DENTELLÓN DE 0,45MX0,30M- MURO DOBLE EN LADRILLO ESTRUCTURAL DE PERFORACIÓN VERTICAL H=2,75M, INCLUYE EXCAVACIÓN, RETIRO DE ESCOMBROS, MORTEROS, MATERIAL SELECCIONADO COMPACTADO, REFUERZO DE 60,000 PSI, GROUTING 2500 PSI, IMPERMEABILIZACIÓN FACHADA. | E50: M | F50: ='CANTIDADES VALOR INICIAL'!G55 -> 50.5 | G50: =ROUND(_xlfn.XLOOKUP(C50,'CANTIDADES VALOR INICIAL'!$C$9:$C$185,'CANTIDADES VALOR INICIAL'!$H$9:$H$185)*'INDEX ICOCIV'!$R$85,0) -> 1861615 | H50: =ROUND(F50*G50,0) -> 94011558
C51: 4.3 | D51: MURO TIPO 3 - ZARPA EN CONCRETO DE 3000 PSI DE 1,80MX0,30M, DENTELLÓN DE 0,25MX0,30M- MURO DOBLE EN LADRILLO ESTRUCTURAL DE PERFORACIÓN VERTICAL H=2,35M, INCLUYE EXCAVACIÓN, RETIRO DE ESCOMBROS, MORTEROS, MATERIAL SELECCIONADO COMPACTADO, REFUERZO DE 60,000 PSI, GROUTING 2500 PSI, IMPERMEABILIZACIÓN FACHADA. | E51: M | F51: ='CANTIDADES VALOR INICIAL'!G56 -> 137.2 | G51: =ROUND(_xlfn.XLOOKUP(C51,'CANTIDADES VALOR INICIAL'!$C$9:$C$185,'CANTIDADES VALOR INICIAL'!$H$9:$H$185)*'INDEX ICOCIV'!$R$85,0) -> 1515836 | H51: =ROUND(F51*G51,0) -> 207972699
C52: 4.4 | D52: MURO TIPO 4 - ZARPA EN CONCRETO DE 3000 PSI DE 2,60MX0,25M, MURO DOBLE EN LADRILLO ESTRUCTURAL DE PERFORACIÓN VERTICAL H=1,85M, INCLUYE EXCAVACIÓN, RETIRO DE ESCOMBROS, MORTEROS, MATERIAL SELECCIONADO COMPACTADO, REFUERZO DE 60,000 PSI, GROUTING 2500 PSI, IMPERMEABILIZACIÓN FACHADA. | E52: M | F52: ='CANTIDADES VALOR INICIAL'!G57 -> 249.08 | G52: =ROUND(_xlfn.XLOOKUP(C52,'CANTIDADES VALOR INICIAL'!$C$9:$C$185,'CANTIDADES VALOR INICIAL'!$H$9:$H$185)*'INDEX ICOCIV'!$R$85,0) -> 1147638 | H52: =ROUND(F52*G52,0) -> 285853673
C53: 4.5 | D53: MURO TIPO 5 - ZARPA EN CONCRETO DE 3000 PSI DE 1,10MX0,25M, MURO SENCILLO EN LADRILLO ESTRUCTURAL DE PERFORACIÓN VERTICAL H=1,45M, INCLUYE EXCAVACIÓN, RETIRO DE ESCOMBROS, MORTEROS, MATERIAL SELECCIONADO COMPACTADO, REFUERZO DE 60,000 PSI, GROUTING 2500 PSI, IMPERMEABILIZACIÓN FACHADA. | E53: M | F53: ='CANTIDADES VALOR INICIAL'!G58 -> 75.6 | G53: =ROUND(_xlfn.XLOOKUP(C53,'CANTIDADES VALOR INICIAL'!$C$9:$C$185,'CANTIDADES VALOR INICIAL'!$H$9:$H$185)*'INDEX ICOCIV'!$R$85,0) -> 686289 | H53: =ROUND(F53*G53,0) -> 51883448
C54: 4.6 | D54: MURO TIPO 6- ZARPA EN CONCRETO DE 3000 PSI DE 1,00MX0,25M,MURO EN LADRILLO ESTRUCTURAL DE PERFORACIÓN VERTICAL H=1,25M, INCLUYE EXCAVACIÓN, RETIRO DE ESCOMBROS, MORTEROS, MATERIAL SELECCIONADO COMPACTADO, REFUERZO DE 60,000 PSI, GROUTING 2500 PSI, IMPERMEABILIZACIÓN FACHADA. | E54: M | F54: ='CANTIDADES VALOR INICIAL'!G59 -> 109.8 | G54: =ROUND(_xlfn.XLOOKUP(C54,'CANTIDADES VALOR INICIAL'!$C$9:$C$185,'CANTIDADES VALOR INICIAL'!$H$9:$H$185)*'INDEX ICOCIV'!$R$85,0) -> 662219 | H54: =ROUND(F54*G54,0) -> 72711646
C55: 4.7 | D55: MURO TIPO 7- ZARPA EN CONCRETO DE 3000 PSI DE 0,90MX0,25M, MURO EN LADRILLO ESTRUCTURAL DE PERFORACIÓN VERTICAL H=0,95M, INCLUYE EXCAVACIÓN, RETIRO DE ESCOMBROS, MORTEROS, MATERIAL SELECCIONADO COMPACTADO, REFUERZO DE 60,000 PSI, GROUTING 2500 PSI, IMPERMEABILIZACIÓN FACHADA. | E55: M | F55: ='CANTIDADES VALOR INICIAL'!G60 -> 93 | G55: =ROUND(_xlfn.XLOOKUP(C55,'CANTIDADES VALOR INICIAL'!$C$9:$C$185,'CANTIDADES VALOR INICIAL'!$H$9:$H$185)*'INDEX ICOCIV'!$R$85,0) -> 503543 | H55: =ROUND(F55*G55,0) -> 46829499
C56: 4.8 | D56: MURO TIPO 8- ZARPA EN CONCRETO DE 3000 PSI DE 0,80MX0,25M, MURO EN LADRILLO ESTRUCTURAL DE PERFORACIÓN VERTICAL H=0,75M, INCLUYE EXCAVACIÓN, RETIRO DE ESCOMBROS, MORTEROS, MATERIAL SELECCIONADO COMPACTADO, REFUERZO DE 60,000 PSI, GROUTING 2500 PSI, IMPERMEABILIZACIÓN FACHADA. | E56: M | F56: ='CANTIDADES VALOR INICIAL'!G61 -> 18.5 | G56: =ROUND(_xlfn.XLOOKUP(C56,'CANTIDADES VALOR INICIAL'!$C$9:$C$185,'CANTIDADES VALOR INICIAL'!$H$9:$H$185)*'INDEX ICOCIV'!$R$85,0) -> 448610 | H56: =ROUND(F56*G56,0) -> 8299285
C57: 5 | D57: MOBILIARIO URBANO | H57: =SUM(H58:H62) -> 244409923
C58: 5.1 | D58: BARANDA METALICA M81 (SUMINISTRO, INSTALACIÓN Y PINTURA) | E58: M | F58: ='CANTIDADES VALOR INICIAL'!G70 -> 819.4 | G58: =ROUND(_xlfn.XLOOKUP(C58,'CANTIDADES VALOR INICIAL'!$C$9:$C$185,'CANTIDADES VALOR INICIAL'!$H$9:$H$185)*'INDEX ICOCIV'!$R$85,0) -> 296744 | H58: =ROUND(F58*G58,0) -> 243152034
C59: 5.2 | D59: BOLARDO EN HIERRO TIPO M-62 (SUMINISTRO E INSTALACIÓN, INCLUYE BASE EN CONCRETO 1500 PSI, PREMEZCLADO) | E59: UN | F59: ='CANTIDADES VALOR INICIAL'!G71 -> 1 | G59: =ROUND(Comparativo!M28,0) -> 195549 | H59: =ROUND(F59*G59,0) -> 195549
C60: 5.4 | D60: CANECA DE ACERO INOXIDABLE TIPO BARCELONA (SUMINISTRO E INSTALACIÓN. INCLUYE CONCRETO PARA ANCLAJE DE 3000 PSI PREMEZCLADO GRAVA COMÚN.. | E60: UN | F60: ='CANTIDADES VALOR INICIAL'!G73 -> 1 | G60: =ROUND(_xlfn.XLOOKUP(C60,'CANTIDADES VALOR INICIAL'!$C$9:$C$185,'CANTIDADES VALOR INICIAL'!$H$9:$H$185)*'INDEX ICOCIV'!$R$85,0) -> 719546 | H60: =ROUND(F60*G60,0) -> 719546
C61: 5.7 | D61: RELLENO EN TIERRA NEGRA PARA EMPRADIZACIÓN (SUMINISTRO Y EXTENDIDO). | E61: M3 | F61: ='CANTIDADES VALOR INICIAL'!G76 -> 1 | G61: =ROUND(Comparativo!M13,0) -> 44094 | H61: =ROUND(F61*G61,0) -> 44094
C62: 5.11 | D62: HIEDRA UÑA DE GATO (SUMINISTRO E INSTALACION). | E62: M2 | F62: ='CANTIDADES VALOR INICIAL'!G80 -> 5 | G62: =ROUND(_xlfn.XLOOKUP(C62,'CANTIDADES VALOR INICIAL'!$C$9:$C$185,'CANTIDADES VALOR INICIAL'!$H$9:$H$185)*'INDEX ICOCIV'!$R$85,0) -> 59740 | H62: =ROUND(F62*G62,0) -> 298700
C63: 6 | D63: REDES HIDRAULICAS | H63: =SUM(H64:H73) -> 174507912
C64: 6.1 | D64: CAJA DE INSPECCIÓN DE 0.6X0.6M (H=0.6M. INCLUYE SUMINISTRO Y CONSTRUCCIÓN. INCLUYE MARCO Y TAPA. NO INC. BASE Y CAÑUELA) | E64: UN | F64: ='CANTIDADES VALOR INICIAL'!G82 -> 44.6 | G64: =ROUND(_xlfn.XLOOKUP(C64,'CANTIDADES VALOR INICIAL'!$C$9:$C$185,'CANTIDADES VALOR INICIAL'!$H$9:$H$185)*'INDEX ICOCIV'!$R$85,0) -> 450928 | H64: =ROUND(F64*G64,0) -> 20111389
C65: 6.2 | D65: ACOMETIDA DOMICILIARIA DE 3" A 1/2". SUMINISTRO E INSTALACION. (INCLUYE TUBERÍA PF, REPOSICIÓN DE CAJILLA EN POLIPROPILENO PARA MEDIDOR, REGISTROS Y ACCESORIOS. LONGITUD PROMEDIO =6.5MT). | E65: UN | F65: ='CANTIDADES VALOR INICIAL'!G83 -> 60 | G65: =ROUND(_xlfn.XLOOKUP(C65,'CANTIDADES VALOR INICIAL'!$C$9:$C$185,'CANTIDADES VALOR INICIAL'!$H$9:$H$185)*'INDEX ICOCIV'!$R$85,0) -> 334822 | H65: =ROUND(F65*G65,0) -> 20089320
C66: 6.3 | D66: POZO DE INSPECCION D=1.7 M (INCL. SUMINISTRO E INSTALACION). INCLUYE CILINDRO POZO DE INSPECCION EN MAMPOSTERIA, CONO PREFABRICADO, PLACA FONDO. | E66: UN | F66: ='CANTIDADES VALOR INICIAL'!G84 -> 9 | G66: =ROUND(Comparativo!M14,0) -> 3966096 | H66: =ROUND(F66*G66,0) -> 35694864
C67: 6.4 | D67: PLACA CUBIERTA D=1.70M POZO INSPEC. (FUNDIDA EN SITIO. INC. SUM, FORMALET., REFUERZO E INST. INCL. TAPA EN POLIPROPILENO) | E67: UN | F67: ='CANTIDADES VALOR INICIAL'!G85 -> 9 | G67: =ROUND(_xlfn.XLOOKUP(C67,'CANTIDADES VALOR INICIAL'!$C$9:$C$185,'CANTIDADES VALOR INICIAL'!$H$9:$H$185)*'INDEX ICOCIV'!$R$85,0) -> 1686547 | H67: =ROUND(F67*G67,0) -> 15178923
C68: 6.5 | D68: SUMIDERO ALCANTARILLADO PLUVIAL EN VIA | E68: UN | F68: ='CANTIDADES VALOR INICIAL'!G86 -> 8 | G68: =ROUND(_xlfn.XLOOKUP(C68,'CANTIDADES VALOR INICIAL'!$C$9:$C$185,'CANTIDADES VALOR INICIAL'!$H$9:$H$185)*'INDEX ICOCIV'!$R$85,0) -> 7531358 | H68: =ROUND(F68*G68,0) -> 60250864
C69: 6.8 | D69: EXCAVACION MECANICA PARA REDES PROFUNDIDAD 0M - 3.5M (INCLUYE CARGUE) | E69: M3 | F69: ='CANTIDADES VALOR INICIAL'!G89 -> 60 | G69: =ROUND(_xlfn.XLOOKUP(C69,'CANTIDADES VALOR INICIAL'!$C$9:$C$185,'CANTIDADES VALOR INICIAL'!$H$9:$H$185)*'INDEX ICOCIV'!$R$85,0) -> 6599 | H69: =ROUND(F69*G69,0) -> 395940
C70: 6.9 | D70: RELLENO EN RECEBO COMUN (SUMINISTRO E INSTALACIÓN EXTENDIDO MANUAL, HUMEDECIMIENTO Y COMPACTACIÓN TRANSPORTE A 28 KM). | E70: M3 | F70: ='CANTIDADES VALOR INICIAL'!G90 -> 50.47 | G70: =ROUND(Comparativo!M16,0) -> 85364 | H70: =ROUND(F70*G70,0) -> 4308321
C71: 6.11 | D71: BASE GRANULAR CLASE A (BG_A) (SUMINISTRO, EXTENDIDO, NIVELACIÓN, HUMEDECIMIENTO Y COMPACTACIÓN CON VIBROCOMPACTADOR) | E71: M3 | F71: ='CANTIDADES VALOR INICIAL'!G92 -> 7.5 | G71: =ROUND(_xlfn.XLOOKUP(C71,'CANTIDADES VALOR INICIAL'!$C$9:$C$185,'CANTIDADES VALOR INICIAL'!$H$9:$H$185)*'INDEX ICOCIV'!$R$85,0) -> 175638 | H71: =ROUND(F71*G71,0) -> 1317285
C72: 6.14 | D72: TUBERIA PVC U.M. EXT CORRUGADO/INT LISO U.M. NORMA NTC 3722-1 D=10" (INCLUYE SUMINISTRO E INSTALACIÓN | E72: M | F72: ='CANTIDADES VALOR INICIAL'!G95 -> 30 | G72: =ROUND(Comparativo!M19,0) -> 69943 | H72: =ROUND(F72*G72,0) -> 2098290
C73: 6.32 | D73: SUMIDERO ALCANTARILLADO PLUVIAL EN VIA NS-047-1V4 EAAB | E73: UN | F73: ='CANTIDADES VALOR INICIAL'!G113 -> 2 | G73: =ROUND(_xlfn.XLOOKUP(C73,'CANTIDADES VALOR INICIAL'!$C$9:$C$185,'CANTIDADES VALOR INICIAL'!$H$9:$H$185)*'INDEX ICOCIV'!$R$85,0) -> 7531358 | H73: =ROUND(F73*G73,0) -> 15062716
C74: 7 | D74: SEÑALIZACION Y DEMARCACION VIAL | H74: =SUM(H75) -> 10133120
C75: 7.1 | D75: SEÑAL VERTICAL GRUPO DE REGLAMENTARIAS TIPO CIRCULO D=75CM. INCLUYE SUMINISTRO E INSTALACION. | E75: UN | F75: ='CANTIDADES VALOR INICIAL'!G115 -> 16 | G75: =ROUND(_xlfn.XLOOKUP(C75,'CANTIDADES VALOR INICIAL'!$C$9:$C$185,'CANTIDADES VALOR INICIAL'!$H$9:$H$185)*'INDEX ICOCIV'!$R$85,0) -> 633320 | H75: =ROUND(F75*G75,0) -> 10133120
C76: 8 | D76: REDES ELECTRICAS | H76: =SUM(H77:H78) -> 4625834
C77: 8.1 | D77: TENDIDO DE CABLE RED TRENZADA 2X2+2 ACSR XLPE SIÓN (BT) (INCLUYE CUADRILLA, EQUIPOS Y HERRAMIENTA MENOR) | E77: ML | F77: ='CANTIDADES VALOR INICIAL'!G117 -> 28.98 | G77: =ROUND(_xlfn.XLOOKUP(C77,'CANTIDADES VALOR INICIAL'!$C$9:$C$185,'CANTIDADES VALOR INICIAL'!$H$9:$H$185)*'INDEX ICOCIV'!$R$85,0) -> 134247 | H77: =ROUND(F77*G77,0) -> 3890478
C78: 8.2 | D78: REUBICACIÓN DE LUMINARIA EN POSTE DE CONCRETO 12M 1050 KG (INCLUYE CUADRILLA, EQUIPOS Y HERRAMIENTA MENOR) | E78: UN | F78: ='CANTIDADES VALOR INICIAL'!G118 -> 1 | G78: =ROUND(_xlfn.XLOOKUP(C78,'CANTIDADES VALOR INICIAL'!$C$9:$C$185,'CANTIDADES VALOR INICIAL'!$H$9:$H$185)*'INDEX ICOCIV'!$R$85,0) -> 735356 | H78: =ROUND(F78*G78,0) -> 735356
C79: 9 | D79: REDES TELECOMUNICACIONES | H79: =SUM(H80:H81) -> 1740771
C80: 9.1 | D80: TENDIDO DE CABLE RED MULTIPAR (INCLUYE CUADRILLA, EQUIPOS Y HERRAMIENTA MENOR) | E80: ML | F80: ='CANTIDADES VALOR INICIAL'!G123 -> 10 | G80: =ROUND(_xlfn.XLOOKUP(C80,'CANTIDADES VALOR INICIAL'!$C$9:$C$185,'CANTIDADES VALOR INICIAL'!$H$9:$H$185)*'INDEX ICOCIV'!$R$85,0) -> 76714 | H80: =ROUND(F80*G80,0) -> 767140
C81: 9.2 | D81: INSTALACIÓN DE ESTRUCTURA PARA RED DE TELECOMUNICACIONES INCLUYE CUADRILLA, EQUIPOS, ACCESORIOS Y HERRAMIENTA MENOR) | E81: UN | F81: ='CANTIDADES VALOR INICIAL'!G124 -> 1 | G81: =ROUND(_xlfn.XLOOKUP(C81,'CANTIDADES VALOR INICIAL'!$C$9:$C$185,'CANTIDADES VALOR INICIAL'!$H$9:$H$185)*'INDEX ICOCIV'!$R$85,0) -> 973631 | H81: =ROUND(F81*G81,0) -> 973631
C82: 11 | D82: RUBROS PARA ACTIVIDADES RODUCTO DEL AJUSTE Y APROPIACIÓN DE LOS DISEÑOS | H82: =SUM(H83) -> 206336910
D83: RUBRO PROYECTADO PARA PRODUCTO DEL AJUSTE Y APROPIACIÓN DE LOS DISEÑOS | E83: GL | F83: 1 | G83: =ROUND((H79+H76+H74+H63+H57+H48+H37+H24+H15)*9.8%,0) -> 206336910 | H83: =G83*F83 -> 206336910
C84: 12 | D84: RUBROS PARA SOSTENIBILIDAD SUDS | H84: =SUM(H85) -> 100000000
D85: RUBRO PROYECTADO PARA SUDS - INTERVENCIÓN SEGÚN ARTICULO 126-184 Y 185 DEL POT (10% DEL ÁREA TOTAL) | E85: GL | F85: 1 | G85: 100000000 | H85: =F85*G85 -> 100000000
D87: COSTO DIRECTO OBRA | H87: =+ROUND(H15+H24+H37+H48+H57+H63+H74+H76+H79+H82+H84,0) -> 2411815584
D88: ADMINISTRACIÓN | G88: =AIU!H37 -> 0.2731 | H88: =+ROUND(H$87*G88,0) -> 658666836
D89: IMPREVISTOS | G89: =AIU!H39 -> 0.01 | H89: =+ROUND(H$87*G89,0) -> 24118156
D90: UTILIDAD | G90: =AIU!H41 -> 0.05 | H90: =+ROUND(H$87*G90,0) -> 120590779
D91: REEMBOLSABLES (RUBRO PARA LABORATORIOS, PRUEBAS DEL PROYECTO POR DISEÑOS Y OBRAS SEGÚN APRUEBE LA INTERVENTORÍA, VALLA, ETC. | G91: 0.01 | H91: =ROUND(+H87*G91,0) -> 24118156 | J91: RUBRO PRESUPUESTAL
D92: TOTAL COSTO ESTIMADO OBRA | H92: =+SUM(H87:H91) -> 3239309511 | J92: 3240626087 | K92: =J92-H92 -> 1316576
D94: PRESUPUESTO ESTIMADO PARA ACTUALIZACIÓN DE DISEÑOS | H94: =+H12 -> 485215051 | J94: 487350225 | K94: =J94-H94 -> 2135174
D96: VALOR TOTAL E Y D - OBRA | H96: =H92+H94 -> 3724524562 | J96: =J92+J94 -> 3727976312 | K96: =J96-H96 -> 3451750

Sheet LISTA DE PRECIOS UNITARIOS
C3: INTERVENCIONES INTEGRALES DEL HÁBITAT
C4: DIRECCIÓN DE HABITAT Y ENTORNOS SUBSECRETARÍA DE INTERVENCIONES INTEGRALES
C5: OBJETO: REALIZAR EL DIAGNÓSTICO, ACTUALIZACIÓN DE ESTUDIOS, DISEÑOS Y CULMINACIÓN DE LAS OBRAS EN ESPACIO PÚBLICO PARA EL MEJORAMIENTO INTEGRAL DE LOS BARRIOS ALPES Y CARACOLI, QUE HACEN PARTE DEL TERRITORIO PRIORIZADO POR LA SECRETARÍA DISTRITAL DEL HÁBITAT EN LA CONURBACIÓN CIUDAD BOLÍVAR.
C6: PRECIOS UNITARIOS INDEXADOS OBRA LOS ALPES
C8: ÍTEM | D8: ACTIVIDAD | E8: UNIDAD | F8: VALOR UNITARIO INDEXADO ENE 2022 - JUN 2027
C11: ='VALORES INDEXADOS OBRA ALPES'!C12 -> 1 | D11: ='VALORES INDEXADOS OBRA ALPES'!D12 -> REPLANTEO, DEMOLICIONES Y EXCAVACIONES
C12: ='VALORES INDEXADOS OBRA ALPES'!C14 -> 1.2 | D12: ='VALORES INDEXADOS OBRA ALPES'!D14 -> DEMOLICION PAVIMENTO ASFALTICO (ESPESOR VARIABLE. INCLUYE CARGUE). NO INCLUYE TRANSPORTE Y DISPOSICIÓN FINAL DE SOBRANTES. RENDIMIENTO ESTIMADO PARA ESPESORES MÁX. 0.15M. | E12: ='VALORES INDEXADOS OBRA ALPES'!E14 -> M3 | F12: =_xlfn.XLOOKUP(C12,'CANTIDADES VALOR INICIAL'!$C$9:$C$185,'CANTIDADES VALOR INICIAL'!$I$9:$I$185) -> 34008
C13: ='VALORES INDEXADOS OBRA ALPES'!C16 -> 1.4 | D13: ='VALORES INDEXADOS OBRA ALPES'!D16 -> DEMOLICION MANUAL SARDINEL EXISTENTE (INCLUYE CARGUE). NO INCLUYE TRANSPORTE Y DISPOSICIÓN FINAL DE SOBRANTES. | E13: ='VALORES INDEXADOS OBRA ALPES'!E16 -> M | F13: =_xlfn.XLOOKUP(C13,'CANTIDADES VALOR INICIAL'!$C$9:$C$185,'CANTIDADES VALOR INICIAL'!$I$9:$I$185) -> 5439
C14: ='VALORES INDEXADOS OBRA ALPES'!C17 -> 1.5 | D14: ='VALORES INDEXADOS OBRA ALPES'!D17 -> DEMOLICION SUMIDERO EXISTENTE (INCLUYE CARGUE) | E14: ='VALORES INDEXADOS OBRA ALPES'!E17 -> UN | F14: =_xlfn.XLOOKUP(C14,'CANTIDADES VALOR INICIAL'!$C$9:$C$185,'CANTIDADES VALOR INICIAL'!$I$9:$I$185) -> 167644
C15: ='VALORES INDEXADOS OBRA ALPES'!C23 -> 1.11 | D15: ='VALORES INDEXADOS OBRA ALPES'!D23 -> FRESADO PAVIMENTO ASFALTICO PROFUNDIDAD DE FRESADO 0 - 18 CM. (INCLUYE CARGUE) | E15: ='VALORES INDEXADOS OBRA ALPES'!E23 -> M3 | F15: =_xlfn.XLOOKUP(C15,'CANTIDADES VALOR INICIAL'!$C$9:$C$185,'CANTIDADES VALOR INICIAL'!$I$9:$I$185) -> 102518
C16: ='VALORES INDEXADOS OBRA ALPES'!C24 -> 1.12 | D16: ='VALORES INDEXADOS OBRA ALPES'!D24 -> TALA DE ARBOLES CLASE I (H<5M. INCLUYE DESENRAÍCE, RETIRO Y DISPOSICIÓN FINAL) | E16: ='VALORES INDEXADOS OBRA ALPES'!E24 -> UN | F16: =_xlfn.XLOOKUP(C16,'CANTIDADES VALOR INICIAL'!$C$9:$C$185,'CANTIDADES VALOR INICIAL'!$I$9:$I$185) -> 178280
C17: ='VALORES INDEXADOS OBRA ALPES'!C26 -> 2 | D17: ='VALORES INDEXADOS OBRA ALPES'!D26 -> RELLENOS Y PAVIMENTOS
C18: ='VALORES INDEXADOS OBRA ALPES'!C29 -> 2.3 | D18: ='VALORES INDEXADOS OBRA ALPES'!D29 -> SUBBASE GRANULAR CLASE A (SBG_A) (SUMINISTRO, EXTENDIDO, NIVELACIÓN, HUMEDECIMIENTO Y COMPACTACIÓN CON VIBRO COMPACTADOR) | E18: ='VALORES INDEXADOS OBRA ALPES'!E29 -> M3 | F18: =_xlfn.XLOOKUP(C18,'CANTIDADES VALOR INICIAL'!$C$9:$C$185,'CANTIDADES VALOR INICIAL'!$I$9:$I$185) -> 152497
C19: ='VALORES INDEXADOS OBRA ALPES'!C38 -> 2.12 | D19: ='VALORES INDEXADOS OBRA ALPES'!D38 -> ACERO DE REFUERZO (INCLUYE SUMINISTRO, FIGURADO Y FIJACIÓN) | E19: ='VALORES INDEXADOS OBRA ALPES'!E38 -> KG | F19: =_xlfn.XLOOKUP(C19,'CANTIDADES VALOR INICIAL'!$C$9:$C$185,'CANTIDADES VALOR INICIAL'!$I$9:$I$185) -> 7176
C20: ='VALORES INDEXADOS OBRA ALPES'!C41 -> 3 | D20: ='VALORES INDEXADOS OBRA ALPES'!D41 -> ACABADOS DE PISOS Y PREFABRICADOS
C21: ='VALORES INDEXADOS OBRA ALPES'!C44 -> 3.3 | D21: ='VALORES INDEXADOS OBRA ALPES'!D44 -> RAMPA VEHICULAR FUNDIDA EN EL SITIO EN CONCRETO PREMEZCLADO DE 3000 PSI (GRAVA COMUN) SUM, CONSTR. E INSTALACIÓN. INCLUYE ACABADO EN ADOQUIN DE ARCILLA TIPO TRÁFICO PESADO O SIMILAR, BASE DE 4CM EN MORTERO DE 2000 PSI. | E21: ='VALORES INDEXADOS OBRA ALPES'!E44 -> M2 | F21: =_xlfn.XLOOKUP(C21,'CANTIDADES VALOR INICIAL'!$C$9:$C$185,'CANTIDADES VALOR INICIAL'!$I$9:$I$185) -> 155156
C22: ='VALORES INDEXADOS OBRA ALPES'!C45 -> 3.4 | D22: ='VALORES INDEXADOS OBRA ALPES'!D45 -> SARDINEL TIPO A-10 (SUMINISTRO E INSTALACIÓN, INCLUYE 3 CM MORTERO 1:5) | E22: ='VALORES INDEXADOS OBRA ALPES'!E45 -> M | F22: =ROUND(Comparativo!M29,0) -> 72134
C23: ='VALORES INDEXADOS OBRA ALPES'!C53 -> 3.12 | D23: ='VALORES INDEXADOS OBRA ALPES'!D53 -> SIEMBRA DE GRAMA (INCLUYE SUMINISTRO E INSTALACIÓN. INCLUYE 10CM DE TIERRA NEGRA) | E23: ='VALORES INDEXADOS OBRA ALPES'!E53 -> M2 | F23: =_xlfn.XLOOKUP(C23,'CANTIDADES VALOR INICIAL'!$C$9:$C$185,'CANTIDADES VALOR INICIAL'!$I$9:$I$185) -> 13511
C24: ='VALORES INDEXADOS OBRA ALPES'!C54 -> 3.13 | D24: ='VALORES INDEXADOS OBRA ALPES'!D54 -> PIEDRA RAJÓN E= 30 CM INCLUYE MORTERO 2500 PSI PARA PEGA E= 10 CM (INCLUYE SUMINISTRO E INSTALACIÓN) | E24: ='VALORES INDEXADOS OBRA ALPES'!E54 -> M3 | F24: =_xlfn.XLOOKUP(C24,'CANTIDADES VALOR INICIAL'!$C$9:$C$185,'CANTIDADES VALOR INICIAL'!$I$9:$I$185) -> 159128
C25: ='VALORES INDEXADOS OBRA ALPES'!C55 -> 3.14 | D25: ='VALORES INDEXADOS OBRA ALPES'!D55 -> CAÑUELA TIPO C - FUNDIDA EN SITIO 2500 PSI | E25: ='VALORES INDEXADOS OBRA ALPES'!E55 -> ML | F25: =_xlfn.XLOOKUP(C25,'CANTIDADES VALOR INICIAL'!$C$9:$C$185,'CANTIDADES VALOR INICIAL'!$I$9:$I$185) -> 78125
C26: ='VALORES INDEXADOS OBRA ALPES'!C57 -> 4 | D26: ='VALORES INDEXADOS OBRA ALPES'!D57 -> MUROS ESTRUCTURALES
C27: ='VALORES INDEXADOS OBRA ALPES'!C66 -> 4.9 | D27: ='VALORES INDEXADOS OBRA ALPES'!D66 -> CONCRETO 3500 PSI PARA MURO ESTRUCTURAL (PREMEZCLADO. INCL. SUMIN, FORMALETEO, BOMBEO Y COLOCACIÓN. NO INCL. REFUERZO, CURADO) | E27: ='VALORES INDEXADOS OBRA ALPES'!E66 -> M3 | F27: =_xlfn.XLOOKUP(C27,'CANTIDADES VALOR INICIAL'!$C$9:$C$185,'CANTIDADES VALOR INICIAL'!$I$9:$I$185) -> 975600
C28: ='VALORES INDEXADOS OBRA ALPES'!C67 -> 4.10 | D28: ='VALORES INDEXADOS OBRA ALPES'!D67 -> ACERO DE REFUERZO (INCLUYE SUMINISTRO, FIGURADO Y FIJACIÓN) | E28: ='VALORES INDEXADOS OBRA ALPES'!E67 -> KG | F28: =_xlfn.XLOOKUP(C28,'CANTIDADES VALOR INICIAL'!$C$9:$C$185,'CANTIDADES VALOR INICIAL'!$I$9:$I$185) -> 3419
C29: ='VALORES INDEXADOS OBRA ALPES'!C68 -> 4.11 | D29: ='VALORES INDEXADOS OBRA ALPES'!D68 -> CURADO DE CONCRETO (SUMINISTRO Y APLICACIÓN) | E29: ='VALORES INDEXADOS OBRA ALPES'!E68 -> M2 | F29: =_xlfn.XLOOKUP(C29,'CANTIDADES VALOR INICIAL'!$C$9:$C$185,'CANTIDADES VALOR INICIAL'!$I$9:$I$185) -> 1854
C30: ='VALORES INDEXADOS OBRA ALPES'!C69 -> 4.12 | D30: ='VALORES INDEXADOS OBRA ALPES'!D69 -> CONCRETO 2000 PSI (HECHO EN OBRA 1:3:3 CON ARENA DE RÍO Y TRITURADO DE 3/4") | E30: ='VALORES INDEXADOS OBRA ALPES'!E69 -> M3 | F30: =_xlfn.XLOOKUP(C30,'CANTIDADES VALOR INICIAL'!$C$9:$C$185,'CANTIDADES VALOR INICIAL'!$I$9:$I$185) -> 386031
C31: ='VALORES INDEXADOS OBRA ALPES'!C70 -> 4.13 | D31: ='VALORES INDEXADOS OBRA ALPES'!D70 -> GEODREN PLANAR H=1.0 M. SUMINISTRO E INSTALACION. | E31: ='VALORES INDEXADOS OBRA ALPES'!E70 -> ML | F31: =_xlfn.XLOOKUP(C31,'CANTIDADES VALOR INICIAL'!$C$9:$C$185,'CANTIDADES VALOR INICIAL'!$I$9:$I$185) -> 37717
C32: ='VALORES INDEXADOS OBRA ALPES'!C71 -> 4.14 | D32: ='VALORES INDEXADOS OBRA ALPES'!D71 -> TUBERIA PVC PARA DRENAJE D=4" SIN FILTRO (INCLUYE SUMINISTRO E INSTALACIÓN) | E32: ='VALORES INDEXADOS OBRA ALPES'!E71 -> ML | F32: =_xlfn.XLOOKUP(C32,'CANTIDADES VALOR INICIAL'!$C$9:$C$185,'CANTIDADES VALOR INICIAL'!$I$9:$I$185) -> 32694
C33: ='VALORES INDEXADOS OBRA ALPES'!C72 -> 4.15 | D33: ='VALORES INDEXADOS OBRA ALPES'!D72 -> TUBERIA PVC D=2" TIPO U.M. RDE 21 (SUMINISTRO E INSTALACIÓN) | E33: ='VALORES INDEXADOS OBRA ALPES'!E72 -> ML | F33: =_xlfn.XLOOKUP(C33,'CANTIDADES VALOR INICIAL'!$C$9:$C$185,'CANTIDADES VALOR INICIAL'!$I$9:$I$185) -> 13548
C34: ='VALORES INDEXADOS OBRA ALPES'!C73 -> 5 | D34: ='VALORES INDEXADOS OBRA ALPES'!D73 -> MOBILIARIO URBANO
C35: ='VALORES INDEXADOS OBRA ALPES'!C76 -> 5.3 | D35: ='VALORES INDEXADOS OBRA ALPES'!D76 -> BANCA EN CONCRETO TIPO M40 (SUMINISTRO E INSTALACIÓN) | E35: ='VALORES INDEXADOS OBRA ALPES'!E76 -> UN | F35: =_xlfn.XLOOKUP(C35,'CANTIDADES VALOR INICIAL'!$C$9:$C$185,'CANTIDADES VALOR INICIAL'!$I$9:$I$185) -> 201227
C36: ='VALORES INDEXADOS OBRA ALPES'!C78 -> 5.5 | D36: ='VALORES INDEXADOS OBRA ALPES'!D78 -> CONTENEDOR DE RAÍCES, INCLUYE MUROS EN CONCRETO GRAVA COMÚN 300 PSI (210 KG/CM2), SUMINISTRO Y CONSTRUCCIÓN Y FILTRO EN GRAVILLA ½”, FORMALETA Y REFUERZO NO INCLUYE TIERRA NEGRA. | E36: ='VALORES INDEXADOS OBRA ALPES'!E78 -> M2 | F36: =_xlfn.XLOOKUP(C36,'CANTIDADES VALOR INICIAL'!$C$9:$C$185,'CANTIDADES VALOR INICIAL'!$I$9:$I$185) -> 840674
C37: ='VALORES INDEXADOS OBRA ALPES'!C79 -> 5.6 | D37: ='VALORES INDEXADOS OBRA ALPES'!D79 -> BORDE CONTENEDOR DE RAÍCES A-70 (INCLUYE SUMINISTRO E INSTALACIÓN, INCLUYE BASE DE 3CM EN MORTERO 1:3 HECHO EN OBRA | E37: ='VALORES INDEXADOS OBRA ALPES'!E79 -> M | F37: =_xlfn.XLOOKUP(C37,'CANTIDADES VALOR INICIAL'!$C$9:$C$185,'CANTIDADES VALOR INICIAL'!$I$9:$I$185) -> 37503
C38: ='VALORES INDEXADOS OBRA ALPES'!C81 -> 5.8 | D38: ='VALORES INDEXADOS OBRA ALPES'!D81 -> FUCCIA H=1.3MT (INCLUYE TIERRA, ABONO, TUTOR, TRANSPORTE Y DISPOSICIÓN FINAL DE ESCOMBROS A 28 KM). SUMINISTRO Y PLANTACION. | E38: ='VALORES INDEXADOS OBRA ALPES'!E81 -> UN | F38: =_xlfn.XLOOKUP(C38,'CANTIDADES VALOR INICIAL'!$C$9:$C$185,'CANTIDADES VALOR INICIAL'!$I$9:$I$185) -> 296852
C39: ='VALORES INDEXADOS OBRA ALPES'!C82 -> 5.9 | D39: ='VALORES INDEXADOS OBRA ALPES'!D82 -> CHICALA H=1.5MT (INCLUYE SIEMBRA, CAJA, TIERRA, ABONO, TUTOR, TRANSPORTE Y DISPOSICIÓN FINAL DE ESCOMBROS 28 KM). SUMINISTRO Y PLANTACION. | E39: ='VALORES INDEXADOS OBRA ALPES'!E82 -> UN | F39: =_xlfn.XLOOKUP(C39,'CANTIDADES VALOR INICIAL'!$C$9:$C$185,'CANTIDADES VALOR INICIAL'!$I$9:$I$185) -> 288254
C40: ='VALORES INDEXADOS OBRA ALPES'!C83 -> 5.10 | D40: ='VALORES INDEXADOS OBRA ALPES'!D83 -> MANGUE TIERRA FRIA H= 1.5M DE ALTURA (INCLUYE TIERRA, ABONO, TUTOR, TRANSPORTE Y DISPOSICIÓN FINAL DE ESCOMBROS A 28 KM) SUMINISTRO Y PLANTACIÓN | E40: ='VALORES INDEXADOS OBRA ALPES'!E83 -> UN | F40: =_xlfn.XLOOKUP(C40,'CANTIDADES VALOR INICIAL'!$C$9:$C$185,'CANTIDADES VALOR INICIAL'!$I$9:$I$185) -> 288255
C41: ='VALORES INDEXADOS OBRA ALPES'!C85 -> 6 | D41: ='VALORES INDEXADOS OBRA ALPES'!D85 -> REDES HIDRAULICAS
C42: ='VALORES INDEXADOS OBRA ALPES'!C91 -> 6.6 | D42: ='VALORES INDEXADOS OBRA ALPES'!D91 -> CONSTRUCCION CANALETA DE AGUAS LLUVIAS DE 0.4 X 0.4 MT EN CONCRETO DE 3000PSI INCLUYE REJILLA PREFABRICADA. | E42: ='VALORES INDEXADOS OBRA ALPES'!E91 -> M | F42: =ROUND(Comparativo!M15,0) -> 224849
C43: ='VALORES INDEXADOS OBRA ALPES'!C92 -> 6.7 | D43: ='VALORES INDEXADOS OBRA ALPES'!D92 -> SUMINISTRO E INSTALACIÓN DE BOLSACRETO | E43: ='VALORES INDEXADOS OBRA ALPES'!E92 -> M3 | F43: =_xlfn.XLOOKUP(C43,'CANTIDADES VALOR INICIAL'!$C$9:$C$185,'CANTIDADES VALOR INICIAL'!$I$9:$I$185) -> 814528
C44: ='VALORES INDEXADOS OBRA ALPES'!C95 -> 6.10 | D44: ='VALORES INDEXADOS OBRA ALPES'!D95 -> RELLENO CON GRAVA ENTRE 3/4" Y 1/2" PARA FILTROS (RELACIÓN 1:1) SUMINISTRO Y COLOCACIÓN. (INCLUYE TRANSPORTE, SUMINISTRO, EXTENDIDO MANUAL Y COLOCACIÓN) | E44: ='VALORES INDEXADOS OBRA ALPES'!E95 -> M3 | F44: =_xlfn.XLOOKUP(C44,'CANTIDADES VALOR INICIAL'!$C$9:$C$185,'CANTIDADES VALOR INICIAL'!$I$9:$I$185) -> 136945
C45: ='VALORES INDEXADOS OBRA ALPES'!C97 -> 6.12 | D45: ='VALORES INDEXADOS OBRA ALPES'!D97 -> ENTIBADO EC-2 CONTÍNUO MADERA CON PERFILES METÁLICOS Y PARALES TELESCÓPICOS. SUMINISTRO E INSTALACIÓN. | E45: ='VALORES INDEXADOS OBRA ALPES'!E97 -> M2 | F45: =ROUND(Comparativo!M17,0) -> 67935
C46: ='VALORES INDEXADOS OBRA ALPES'!C98 -> 6.13 | D46: ='VALORES INDEXADOS OBRA ALPES'!D98 -> TUBERIA PVC U.M. EXT CORRUGADO/INT LISO U.M. NORMA NTC 3722-1 D=8" (INCLUYE SUMINISTRO E INSTALACIÓN) | E46: ='VALORES INDEXADOS OBRA ALPES'!E98 -> M | F46: =ROUND(Comparativo!M18,0) -> 57076
C47: ='VALORES INDEXADOS OBRA ALPES'!C100 -> 6.15 | D47: ='VALORES INDEXADOS OBRA ALPES'!D100 -> TUBERIA PVC U.M. EXT CORRUGADO/INT LISO U.M. NORMA NTC 3722-1 D=12" (INCLUYE SUMINISTRO E INSTALACIÓN) | E47: ='VALORES INDEXADOS OBRA ALPES'!E100 -> M | F47: =ROUND(Comparativo!M20,0) -> 115953
C48: ='VALORES INDEXADOS OBRA ALPES'!C101 -> 6.16 | D48: ='VALORES INDEXADOS OBRA ALPES'!D101 -> TUBERIA CONCRETO D=14" CL. I SIN REFUERZO (INCLUYE SUMINISTRO E INSTALACIÓN) | E48: ='VALORES INDEXADOS OBRA ALPES'!E101 -> M | F48: =_xlfn.XLOOKUP(C48,'CANTIDADES VALOR INICIAL'!$C$9:$C$185,'CANTIDADES VALOR INICIAL'!$I$9:$I$185) -> 156629
C49: ='VALORES INDEXADOS OBRA ALPES'!C102 -> 6.17 | D49: ='VALORES INDEXADOS OBRA ALPES'!D102 -> TUBERIA PVC U.M. EXT CORRUGADO/INT LISO U.M. NORMA NTC 3722-1 D=16" (INCLUYE SUMINISTRO E INSTALACIÓN) | E49: ='VALORES INDEXADOS OBRA ALPES'!E102 -> M | F49: =ROUND(Comparativo!M21,0) -> 175557
C50: ='VALORES INDEXADOS OBRA ALPES'!C103 -> 6.18 | D50: ='VALORES INDEXADOS OBRA ALPES'!D103 -> TUBERIA PVC U.M. EXT CORRUGADO/INT LISO U.M. NORMA NTC 3722-1 D=18" (INCLUYE SUMINISTRO E INSTALACIÓN) | E50: ='VALORES INDEXADOS OBRA ALPES'!E103 -> M | F50: =ROUND(Comparativo!M22,0) -> 227900
C51: ='VALORES INDEXADOS OBRA ALPES'!C104 -> 6.19 | D51: ='VALORES INDEXADOS OBRA ALPES'!D104 -> TUBERIA PVC U.M. EXT CORRUGADO/INT LISO U.M. NORMA NTC 3722-1 D=20" (INCLUYE SUMINISTRO E INSTALACIÓN) | E51: ='VALORES INDEXADOS OBRA ALPES'!E104 -> M | F51: =ROUND(Comparativo!M23,0) -> 295226
C52: ='VALORES INDEXADOS OBRA ALPES'!C105 -> 6.20 | D52: ='VALORES INDEXADOS OBRA ALPES'!D105 -> TUBERIA PVC U.M. EXT/INT LISO NORMA NTC 5070 D=24" (INCLUYE SUMINISTRO E INSTALACIÓN) | E52: ='VALORES INDEXADOS OBRA ALPES'!E105 -> M | F52: =_xlfn.XLOOKUP(C52,'CANTIDADES VALOR INICIAL'!$C$9:$C$185,'CANTIDADES VALOR INICIAL'!$I$9:$I$185) -> 392927
C53: ='VALORES INDEXADOS OBRA ALPES'!C106 -> 6.21 | D53: ='VALORES INDEXADOS OBRA ALPES'!D106 -> TUBERIA PVC U.M. EXT/INT LISO NORMA NTC 5070 D=27" (INCLUYE SUMINISTRO E INSTALACIÓN) | E53: ='VALORES INDEXADOS OBRA ALPES'!E106 -> M | F53: =_xlfn.XLOOKUP(C53,'CANTIDADES VALOR INICIAL'!$C$9:$C$185,'CANTIDADES VALOR INICIAL'!$I$9:$I$185) -> 421273
C54: ='VALORES INDEXADOS OBRA ALPES'!C107 -> 6.22 | D54: ='VALORES INDEXADOS OBRA ALPES'!D107 -> TUBERIA PVC U.M. EXT/INT LISO NORMA NTC 5070 D=30" (INCLUYE SUMINISTRO E INSTALACIÓN) | E54: ='VALORES INDEXADOS OBRA ALPES'!E107 -> M | F54: =_xlfn.XLOOKUP(C54,'CANTIDADES VALOR INICIAL'!$C$9:$C$185,'CANTIDADES VALOR INICIAL'!$I$9:$I$185) -> 516121
C55: ='VALORES INDEXADOS OBRA ALPES'!C108 -> 6.23 | D55: ='VALORES INDEXADOS OBRA ALPES'!D108 -> TUBERIA CONCRETO D=40" CL. II REFORZADO (INCLUYE SUMINISTRO E INSTALACIÓN) | E55: ='VALORES INDEXADOS OBRA ALPES'!E108 -> M | F55: =_xlfn.XLOOKUP(C55,'CANTIDADES VALOR INICIAL'!$C$9:$C$185,'CANTIDADES VALOR INICIAL'!$I$9:$I$185) -> 1445413
C56: ='VALORES INDEXADOS OBRA ALPES'!C109 -> 6.24 | D56: ='VALORES INDEXADOS OBRA ALPES'!D109 -> CONEXIONES KIT SILLA YEE 200 X 160 PVC. SUMINISTRO E INSTALACIÓN. | E56: ='VALORES INDEXADOS OBRA ALPES'!E109 -> UN | F56: =_xlfn.XLOOKUP(C56,'CANTIDADES VALOR INICIAL'!$C$9:$C$185,'CANTIDADES VALOR INICIAL'!$I$9:$I$185) -> 90210
C57: ='VALORES INDEXADOS OBRA ALPES'!C110 -> 6.25 | D57: ='VALORES INDEXADOS OBRA ALPES'!D110 -> TUBERIA PVC SANITARIA D=6" TIPO U.S. (INCLUYE SUMINISTRO E INSTALACIÓN) | E57: ='VALORES INDEXADOS OBRA ALPES'!E110 -> M | F57: =_xlfn.XLOOKUP(C57,'CANTIDADES VALOR INICIAL'!$C$9:$C$185,'CANTIDADES VALOR INICIAL'!$I$9:$I$185) -> 98297
C58: ='VALORES INDEXADOS OBRA ALPES'!C111 -> 6.26 | D58: ='VALORES INDEXADOS OBRA ALPES'!D111 -> CILINDRO POZO INSP. EN MAMPOSTERIA E=0.25M (INC. SUMIN. Y CONST, ACERO PARA ESCALERAS, GEOTEXTIL Y PAÑETE IMPERMEAB.) | E58: ='VALORES INDEXADOS OBRA ALPES'!E111 -> M | F58: =_xlfn.XLOOKUP(C58,'CANTIDADES VALOR INICIAL'!$C$9:$C$185,'CANTIDADES VALOR INICIAL'!$I$9:$I$185) -> 598790
C59: ='VALORES INDEXADOS OBRA ALPES'!C112 -> 6.27 | D59: ='VALORES INDEXADOS OBRA ALPES'!D112 -> CAÑUELA TIPO A120 (SUMINISTRO E INSTALACIÓN. INCLUYE 3CM MORTERO 2000 PSI) | E59: ='VALORES INDEXADOS OBRA ALPES'!E112 -> UN | F59: =_xlfn.XLOOKUP(C59,'CANTIDADES VALOR INICIAL'!$C$9:$C$185,'CANTIDADES VALOR INICIAL'!$I$9:$I$185) -> 62500
C60: ='VALORES INDEXADOS OBRA ALPES'!C113 -> 6.28 | D60: ='VALORES INDEXADOS OBRA ALPES'!D113 -> PLACA FONDO D 1,70M POZO DE INSPEC(FUNDIDA EN SITIO, INC SUMINISTRO, FORMALET, REFUERZO, INST, INCLUYE CONCRETO 2000 PSI) | E60: ='VALORES INDEXADOS OBRA ALPES'!E113 -> UN | F60: =_xlfn.XLOOKUP(C60,'CANTIDADES VALOR INICIAL'!$C$9:$C$185,'CANTIDADES VALOR INICIAL'!$I$9:$I$185) -> 676461
C61: ='VALORES INDEXADOS OBRA ALPES'!C114 -> 6.29 | D61: ='VALORES INDEXADOS OBRA ALPES'!D114 -> PLACA CUBIERTA D=1.70M POZO INSPEC. (FUNDIDA EN SITIO. INC. SUM, FORMALET., REFUERZO E INST. INCL. TAPA EN POLIPROPILENO) | E61: ='VALORES INDEXADOS OBRA ALPES'!E114 -> UN | F61: =_xlfn.XLOOKUP(C61,'CANTIDADES VALOR INICIAL'!$C$9:$C$185,'CANTIDADES VALOR INICIAL'!$I$9:$I$185) -> 1686547
C62: ='VALORES INDEXADOS OBRA ALPES'!C115 -> 6.30 | D62: ='VALORES INDEXADOS OBRA ALPES'!D115 -> SUMIDERO LATERAL SL-100, H=1.25M (FUNDIDO EN SITIO, CONCRETO PREMEZCLADO. INCL. SUMIN, FORM, REF. Y CONSTR. INCL. TAPA) | E62: ='VALORES INDEXADOS OBRA ALPES'!E115 -> UN | F62: =ROUND(Comparativo!M24,0) -> 2120134
C63: ='VALORES INDEXADOS OBRA ALPES'!C116 -> 6.31 | D63: ='VALORES INDEXADOS OBRA ALPES'!D116 -> SUMIDERO LATERAL SL-200, H=1.25M (FUNDIDO EN SITIO, CONCRETO PREMEZCLADO. INCL. SUMIN, FORM, REF. Y CONSTR. INCL. TAPA) | E63: ='VALORES INDEXADOS OBRA ALPES'!E116 -> UN | F63: =_xlfn.XLOOKUP(C63,'CANTIDADES VALOR INICIAL'!$C$9:$C$185,'CANTIDADES VALOR INICIAL'!$I$9:$I$185) -> 4220412
C64: ='VALORES INDEXADOS OBRA ALPES'!C120 -> 8 | D64: ='VALORES INDEXADOS OBRA ALPES'!D120 -> REDES ELECTRICAS
C65: ='VALORES INDEXADOS OBRA ALPES'!C123 -> 8.3 | D65: ='VALORES INDEXADOS OBRA ALPES'!D123 -> INSTALACIÓN DE ESTRUCTURA PARA RED DE BAJA TENSIÓN (INCLUYE CUADRILLA, EQUIPOS, ACCESORIOS Y HERRAMIENTA MENOR) | E65: ='VALORES INDEXADOS OBRA ALPES'!E123 -> UN | F65: =_xlfn.XLOOKUP(C65,'CANTIDADES VALOR INICIAL'!$C$9:$C$185,'CANTIDADES VALOR INICIAL'!$I$9:$I$185) -> 1491770
C66: ='VALORES INDEXADOS OBRA ALPES'!C124 -> 8.4 | D66: ='VALORES INDEXADOS OBRA ALPES'!D124 -> REUBICACIÓN POSTE DE CONCRETO 12M 1050 KG (INCLUYE CUADRILLA, GRÚA Y HERRAMIENTA MENOR) | E66: ='VALORES INDEXADOS OBRA ALPES'!E124 -> UN | F66: =_xlfn.XLOOKUP(C66,'CANTIDADES VALOR INICIAL'!$C$9:$C$185,'CANTIDADES VALOR INICIAL'!$I$9:$I$185) -> 2296967
C67: ='VALORES INDEXADOS OBRA ALPES'!C125 -> 8.5 | D67: ='VALORES INDEXADOS OBRA ALPES'!D125 -> PAGO POR SERVICIO DE ENERGÍA NO PRESTADO | E67: ='VALORES INDEXADOS OBRA ALPES'!E125 -> UN | F67: =_xlfn.XLOOKUP(C67,'CANTIDADES VALOR INICIAL'!$C$9:$C$185,'CANTIDADES VALOR INICIAL'!$I$9:$I$185) -> 3526296
C68: ='VALORES INDEXADOS OBRA ALPES'!C126 -> 9 | D68: ='VALORES INDEXADOS OBRA ALPES'!D126 -> REDES TELECOMUNICACIONES
C69: ='VALORES INDEXADOS OBRA ALPES'!C129 -> 9.3 | D69: ='VALORES INDEXADOS OBRA ALPES'!D129 -> REUBICACIÓN POSTE DE CONCRETO 10M - DE PASO O TERMINAL (INCLUYE CUADRILLA, GRÚA Y HERRAMIENTA MENOR) | E69: ='VALORES INDEXADOS OBRA ALPES'!E129 -> UN | F69: =_xlfn.XLOOKUP(C69,'CANTIDADES VALOR INICIAL'!$C$9:$C$185,'CANTIDADES VALOR INICIAL'!$I$9:$I$185) -> 2235859
C70: ='VALORES INDEXADOS OBRA ALPES'!C130 -> 9.4 | D70: ='VALORES INDEXADOS OBRA ALPES'!D130 -> PAGO POR SERVICIO DE TELECOMUNICACIONES NO PRESTADO | E70: ='VALORES INDEXADOS OBRA ALPES'!E130 -> UN | F70: =_xlfn.XLOOKUP(C70,'CANTIDADES VALOR INICIAL'!$C$9:$C$185,'CANTIDADES VALOR INICIAL'!$I$9:$I$185) -> 3189909
C71: ='VALORES INDEXADOS OBRA ALPES'!C131 -> 10 | D71: ='VALORES INDEXADOS OBRA ALPES'!D131 -> OTROS
C72: ='VALORES INDEXADOS OBRA ALPES'!C132 -> 10.01 | D72: ='VALORES INDEXADOS OBRA ALPES'!D132 -> INSPECCIÓN DE REDES DE ALCANTARILLADO CON SISTEMAS CCTV PARA DIÁMETROS ENTRE 6" A 36" | E72: ='VALORES INDEXADOS OBRA ALPES'!E132 -> ML | F72: =ROUND(Comparativo!M25,0) -> 14404
C73: ='VALORES INDEXADOS OBRA ALPES'!C133 -> 10.02 | D73: ='VALORES INDEXADOS OBRA ALPES'!D133 -> LAVADO Y SONDEO DE REDES DE ALCANTARILLADO ENTRE 6" Y 18" DE DIÁMETRO Y CON GRADO DE COLMATACIÓN MENOR DEL 30%. INCL MANO DE OBRA IDÓNEA, SEÑALIZACIÓN BÁSICA, SUMIN DE COMBUSTIBLE Y AGUA. INCL. IVA | E73: ='VALORES INDEXADOS OBRA ALPES'!E133 -> ML | F73: =ROUND(Comparativo!M26,0) -> 20230
C74: ='VALORES INDEXADOS OBRA ALPES'!C134 -> 10.03 | D74: ='VALORES INDEXADOS OBRA ALPES'!D134 -> PLACA CUBIERTA D=1.00M POZO INSPEC. (PREFABRICADA. INCLUYE SUMINISTRO E INSTALACIÓN. INCLUYE TAPA EN CONCRETO) | E74: ='VALORES INDEXADOS OBRA ALPES'!E134 -> UN | F74: =_xlfn.XLOOKUP(C74,'CANTIDADES VALOR INICIAL'!$C$9:$C$185,'CANTIDADES VALOR INICIAL'!$I$9:$I$185) -> 1100900
C75: ='VALORES INDEXADOS OBRA ALPES'!C135 -> 10.04 | D75: ='VALORES INDEXADOS OBRA ALPES'!D135 -> DEMOLICION DE TUBERIAS DE ACUEDUCTO Y ALCANTARILLADO Ø < 36" (INCLUYE MARTILLO NEUMÁTICO DE 60 LB Y CARGUE). | E75: ='VALORES INDEXADOS OBRA ALPES'!E135 -> ML | F75: =_xlfn.XLOOKUP(C75,'CANTIDADES VALOR INICIAL'!$C$9:$C$185,'CANTIDADES VALOR INICIAL'!$I$9:$I$185) -> 11848
C76: ='VALORES INDEXADOS OBRA ALPES'!C136 -> 10.05 | D76: ='VALORES INDEXADOS OBRA ALPES'!D136 -> CÁMARA DE CAIDA D=8" H=1.86M (INCLUYE SUMINISTRO E INSTALACIÓN) | E76: ='VALORES INDEXADOS OBRA ALPES'!E136 -> UN | F76: =_xlfn.XLOOKUP(C76,'CANTIDADES VALOR INICIAL'!$C$9:$C$185,'CANTIDADES VALOR INICIAL'!$I$9:$I$185) -> 1100156
C77: ='VALORES INDEXADOS OBRA ALPES'!C137 -> 10.06 | D77: ='VALORES INDEXADOS OBRA ALPES'!D137 -> CONCRETO 3000 PSI HECHO EN OBRA PARA REDES (SUMINISTRO Y COLOCACIÓN) | E77: ='VALORES INDEXADOS OBRA ALPES'!E137 -> M3 | F77: =_xlfn.XLOOKUP(C77,'CANTIDADES VALOR INICIAL'!$C$9:$C$185,'CANTIDADES VALOR INICIAL'!$I$9:$I$185) -> 712082
C78: ='VALORES INDEXADOS OBRA ALPES'!C138 -> 10.07 | D78: ='VALORES INDEXADOS OBRA ALPES'!D138 -> RELLENO CON MEZCLA DE GRAVILLA DE 3/4" Y ARENA DE RIO (RELACIÓN 1:1) SUMINISTRO Y COLOCACIÓN. (INCLUYE TRANSPORTE, SUMINISTRO, EXTENDIDO MANUAL Y COLOCACIÓN). | E78: ='VALORES INDEXADOS OBRA ALPES'!E138 -> M3 | F78: =_xlfn.XLOOKUP(C78,'CANTIDADES VALOR INICIAL'!$C$9:$C$185,'CANTIDADES VALOR INICIAL'!$I$9:$I$185) -> 224657
C79: ='VALORES INDEXADOS OBRA ALPES'!C139 -> 10.08 | D79: ='VALORES INDEXADOS OBRA ALPES'!D139 -> GEOTEXTIL NT 2500 PARA SUBDRENES/FILTROS (INCLUYE SUMINISTRO E INSTALACIÓN) | E79: ='VALORES INDEXADOS OBRA ALPES'!E139 -> M2 | F79: =_xlfn.XLOOKUP(C79,'CANTIDADES VALOR INICIAL'!$C$9:$C$185,'CANTIDADES VALOR INICIAL'!$I$9:$I$185) -> 9017
C80: ='VALORES INDEXADOS OBRA ALPES'!C140 -> 10.09 | D80: ='VALORES INDEXADOS OBRA ALPES'!D140 -> GEOTEXTIL T, RESIST. ULTIMA (TIRA ANCHA)=30 KN/M PARA SEPARACION SUBRASANTE/CAPAS GRANULARES (INC. SUMIN. E INSTALACIÓN) | E80: ='VALORES INDEXADOS OBRA ALPES'!E140 -> M2 | F80: =_xlfn.XLOOKUP(C80,'CANTIDADES VALOR INICIAL'!$C$9:$C$185,'CANTIDADES VALOR INICIAL'!$I$9:$I$185) -> 10985
C81: ='VALORES INDEXADOS OBRA ALPES'!C141 -> 10.10 | D81: ='VALORES INDEXADOS OBRA ALPES'!D141 -> CONCRETO 2500 PSI HECHO EN OBRA PARA REDES (SUMINISTRO Y COLOCACIÓN) | E81: ='VALORES INDEXADOS OBRA ALPES'!E141 -> M3 | F81: =_xlfn.XLOOKUP(C81,'CANTIDADES VALOR INICIAL'!$C$9:$C$185,'CANTIDADES VALOR INICIAL'!$I$9:$I$185) -> 498141
C82: ='VALORES INDEXADOS OBRA ALPES'!C142 -> 10.11 | D82: ='VALORES INDEXADOS OBRA ALPES'!D142 -> SUMINISTRO E INSTALACIÓN DE FILTRO FRANCÉS | E82: ='VALORES INDEXADOS OBRA ALPES'!E142 -> ML | F82: =_xlfn.XLOOKUP(C82,'CANTIDADES VALOR INICIAL'!$C$9:$C$185,'CANTIDADES VALOR INICIAL'!$I$9:$I$185) -> 82931
C83: ='VALORES INDEXADOS OBRA ALPES'!C143 -> 10.12 | D83: ='VALORES INDEXADOS OBRA ALPES'!D143 -> CAJA DE INSPECCIÓN DE 0.80X0.80 | E83: ='VALORES INDEXADOS OBRA ALPES'!E143 -> UN | F83: =_xlfn.XLOOKUP(C83,'CANTIDADES VALOR INICIAL'!$C$9:$C$185,'CANTIDADES VALOR INICIAL'!$I$9:$I$185) -> 661484
C84: ='VALORES INDEXADOS OBRA ALPES'!C144 -> 10.13 | D84: ='VALORES INDEXADOS OBRA ALPES'!D144 -> PISO EN LOSETA PREFABRICADA A20 (SUMINISTRO E INSTALACIÓN. INCLUYE BASE 4CM ARENA NIVELACIÓN Y ARENA DE SELLO) | E84: ='VALORES INDEXADOS OBRA ALPES'!E144 -> M2 | F84: =_xlfn.XLOOKUP(C84,'CANTIDADES VALOR INICIAL'!$C$9:$C$185,'CANTIDADES VALOR INICIAL'!$I$9:$I$185) -> 124073
C85: ='VALORES INDEXADOS OBRA ALPES'!C145 -> 10.14 | D85: ='VALORES INDEXADOS OBRA ALPES'!D145 -> VIGA CORONA EN MUROS DE MAMPOSTERIA ESTRUCTURAL | E85: ='VALORES INDEXADOS OBRA ALPES'!E145 -> ML | F85: =_xlfn.XLOOKUP(C85,'CANTIDADES VALOR INICIAL'!$C$9:$C$185,'CANTIDADES VALOR INICIAL'!$I$9:$I$185) -> 106886
... C93: ='VALORES INDEXADOS OBRA ALPES'!C153 -> 10.22 | D93: ='VALORES INDEXADOS OBRA ALPES'!D153 -> PASO PLASTICO PARA POZO DE INSPECCION | E93: ='VALORES INDEXADOS OBRA ALPES'!E153 -> UN | F93: =_xlfn.XLOOKUP(C93,'CANTIDADES VALOR INICIAL'!$C$9:$C$185,'CANTIDADES VALOR INICIAL'!$I$9:$I$185) -> 178209
C94: ='VALORES INDEXADOS OBRA ALPES'!C154 -> 10.23 | D94: ='VALORES INDEXADOS OBRA ALPES'!D154 -> NIVELACIÓN DE POZO (HASTA RASANTE EN CONCRETO 3000 PSI HECHO EN OBRA, H=0.15M. INCLUYE SUMINISTRO Y CONSTRUCCIÓN) | E94: ='VALORES INDEXADOS OBRA ALPES'!E154 -> UN | F94: =ROUND(Comparativo!M27,0) -> 114683
C95: ='VALORES INDEXADOS OBRA ALPES'!C155 -> 10.24 | D95: ='VALORES INDEXADOS OBRA ALPES'!D155 -> TRASIEGO EN OBRA DE RECEBO COMÚN | E95: ='VALORES INDEXADOS OBRA ALPES'!E155 -> M3 | F95: =_xlfn.XLOOKUP(C95,'CANTIDADES VALOR INICIAL'!$C$9:$C$185,'CANTIDADES VALOR INICIAL'!$I$9:$I$185) -> 117761
C96: ='VALORES INDEXADOS OBRA ALPES'!C156 -> 10.25 | D96: ='VALORES INDEXADOS OBRA ALPES'!D156 -> TRASIEGO EN OBRA DE SUBBASE | E96: ='VALORES INDEXADOS OBRA ALPES'!E156 -> M3 | F96: =_xlfn.XLOOKUP(C96,'CANTIDADES VALOR INICIAL'!$C$9:$C$185,'CANTIDADES VALOR INICIAL'!$I$9:$I$185) -> 140658
C97: ='VALORES INDEXADOS OBRA ALPES'!C157 -> 10.26 | D97: ='VALORES INDEXADOS OBRA ALPES'!D157 -> TRASIEGO EN OBRA DE CONCRETO 2500 PSI | E97: ='VALORES INDEXADOS OBRA ALPES'!E157 -> M3 | F97: =_xlfn.XLOOKUP(C97,'CANTIDADES VALOR INICIAL'!$C$9:$C$185,'CANTIDADES VALOR INICIAL'!$I$9:$I$185) -> 177571
C98: ='VALORES INDEXADOS OBRA ALPES'!C158 -> 10.27 | D98: ='VALORES INDEXADOS OBRA ALPES'!D158 -> TRASIEGO EN OBRA DE ACERO | E98: ='VALORES INDEXADOS OBRA ALPES'!E158 -> KG | F98: =_xlfn.XLOOKUP(C98,'CANTIDADES VALOR INICIAL'!$C$9:$C$185,'CANTIDADES VALOR INICIAL'!$I$9:$I$185) -> 430
C99: ='VALORES INDEXADOS OBRA ALPES'!C159 -> 10.28 | D99: ='VALORES INDEXADOS OBRA ALPES'!D159 -> TRASIEGO EN OBRA DE LOSETA | E99: ='VALORES INDEXADOS OBRA ALPES'!E159 -> M2 | F99: =_xlfn.XLOOKUP(C99,'CANTIDADES VALOR INICIAL'!$C$9:$C$185,'CANTIDADES VALOR INICIAL'!$I$9:$I$185) -> 7592
C100: ='VALORES INDEXADOS OBRA ALPES'!C160 -> 10.29 | D100: ='VALORES INDEXADOS OBRA ALPES'!D160 -> TRASIEGO EN OBRA DE BORDILLO | E100: ='VALORES INDEXADOS OBRA ALPES'!E160 -> ML | F100: =_xlfn.XLOOKUP(C100,'CANTIDADES VALOR INICIAL'!$C$9:$C$185,'CANTIDADES VALOR INICIAL'!$I$9:$I$185) -> 13376
C101: ='VALORES INDEXADOS OBRA ALPES'!C161 -> 10.30 | D101: ='VALORES INDEXADOS OBRA ALPES'!D161 -> TRASIEGO EN OBRA DE MATERIAL PRODUCTO DE EXCAVACIÓN. | E101: ='VALORES INDEXADOS OBRA ALPES'!E161 -> M3 | F101: =_xlfn.XLOOKUP(C101,'CANTIDADES VALOR INICIAL'!$C$9:$C$185,'CANTIDADES VALOR INICIAL'!$I$9:$I$185) -> 177039
C102: ='VALORES INDEXADOS OBRA ALPES'!C162 -> 10.31 | D102: ='VALORES INDEXADOS OBRA ALPES'!D162 -> UNION DE REPARACION HD EL D=3" (SUMINISTRO E INSTALACIÓN) | E102: ='VALORES INDEXADOS OBRA ALPES'!E162 -> UND | F102: =_xlfn.XLOOKUP(C102,'CANTIDADES VALOR INICIAL'!$C$9:$C$185,'CANTIDADES VALOR INICIAL'!$I$9:$I$185) -> 217442
C103: ='VALORES INDEXADOS OBRA ALPES'!C163 -> 10.32 | D103: ='VALORES INDEXADOS OBRA ALPES'!D163 -> SUMINISTRO E INSTALACIÓN DE TAPA VALVULA DE SEGURIDAD | E103: ='VALORES INDEXADOS OBRA ALPES'!E163 -> UND | F103: =_xlfn.XLOOKUP(C103,'CANTIDADES VALOR INICIAL'!$C$9:$C$185,'CANTIDADES VALOR INICIAL'!$I$9:$I$185) -> 341780
C104: ='VALORES INDEXADOS OBRA ALPES'!C164 -> 10.33 | D104: ='VALORES INDEXADOS OBRA ALPES'!D164 -> BOLARDO EN HIERRO TIPO M63 (SUMINISTRO E INSTALACIÓN. INCLUYE BASE EN CONCRETO 2500 PSI, HECHO EN OBRA) | E104: ='VALORES INDEXADOS OBRA ALPES'!E164 -> UND | F104: =_xlfn.XLOOKUP(C104,'CANTIDADES VALOR INICIAL'!$C$9:$C$185,'CANTIDADES VALOR INICIAL'!$I$9:$I$185) -> 228337
C105: ='VALORES INDEXADOS OBRA ALPES'!C165 -> 10.34 | D105: ='VALORES INDEXADOS OBRA ALPES'!D165 -> DESCAPOTE A MANO EN MATERIAL COMUN (E=0.1M.) | E105: ='VALORES INDEXADOS OBRA ALPES'!E165 -> M2 | F105: =_xlfn.XLOOKUP(C105,'CANTIDADES VALOR INICIAL'!$C$9:$C$185,'CANTIDADES VALOR INICIAL'!$I$9:$I$185) -> 3789
C106: ='VALORES INDEXADOS OBRA ALPES'!C166 -> 10.35 | D106: ='VALORES INDEXADOS OBRA ALPES'!D166 -> SUMINISTRO E INSTALACIÓN DE FORMALETA METÁLICA | E106: ='VALORES INDEXADOS OBRA ALPES'!E166 -> M2 | F106: =_xlfn.XLOOKUP(C106,'CANTIDADES VALOR INICIAL'!$C$9:$C$185,'CANTIDADES VALOR INICIAL'!$I$9:$I$185) -> 51307
... C129: ='VALORES INDEXADOS OBRA ALPES'!C189 -> 10.58 | D129: ='VALORES INDEXADOS OBRA ALPES'!D189 -> CONCRETO 3000 PSI PARA MUROS | E129: ='VALORES INDEXADOS OBRA ALPES'!E189 -> M3 | F129: =_xlfn.XLOOKUP(C129,'CANTIDADES VALOR INICIAL'!$C$9:$C$185,'CANTIDADES VALOR INICIAL'!$I$9:$I$185) -> 1078077

Sheet E Y D PRESU ESTIMADO
B1: INTERVENCIONES INTEGRALES DEL HÁBITAT
B2: DIRECCIÓN DE HABITAT Y ENTORNOS SUBSECRETARÍA DE INTERVENCIONES INTEGRALES
M3: AGOSTO 2026
M4: SALARIO MÍNIMO
B5: OBJETO: REALIZAR EL DIAGNÓSTICO, ACTUALIZACIÓN DE ESTUDIOS, DISEÑOS Y CULMINACIÓN DE LAS OBRAS EN ESPACIO PÚBLICO PARA EL MEJORAMIENTO INTEGRAL DE LOS BARRIOS ALPES Y CARACOLI, QUE HACEN PARTE DEL TERRITORIO PRIORIZADO POR LA SECRETARÍA DISTRITAL DEL HÁBITAT EN LA CONURBACIÓN CIUDAD BOLÍVAR.
B6: TIEMPO DE EJECUCIÓN: 5 meses | H6: =+'[1]Interv-E y D CIVs Lote 3'!H7 -> 2355 M2
B7: ÍTEM | C7: DESCRIPCIÓN | E7: ESPECIALISTA | G7: AÑOS DE EXPERIENCIA | I7: UND | J7: % | K7: VR. UNITARIO | L7: VR. PARCIAL | M7: VR. TOTAL
E8: SI | F8: NO | G8: PROF | H8: ESPEC
B10: 10 | C10: PROFESIONAL MÍNIMO CALIFICABLE | D10: PROFESIÓN | I10: MESES | J10: DEDICACIÓN | K10: SALARIO | L10: SUBTOTAL | M10: =SUM(L11:L17) -> 47244900
B11: 10.01 | C11: Director de la Consultoría | D11: Ingeniería Civil o Arquitectura | E11: 1 | G11: 8 | H11: 5 | I11: 5 | J11: 0.3 | K11: =SALARIOS!F8 -> 11183000 | L11: =E11*(J11*I11)*K11 -> 16774500
B12: 10.02 | C12: Especialista en diseño arquitectónico | D12: Arquitectura | E12: 1 | G12: 6 | H12: 4 | I12: 3 | J12: 0.3 | K12: =SALARIOS!$F$9 -> 9522000 | L12: =E12*(J12*I12)*K12 -> 8569800
B13: 10.03 | C13: Especialista en paisajismo | D13: Arquitectura | E13: 1 | G13: 6 | H13: 4 | I13: 2 | J13: 0.2 | K13: =SALARIOS!$F$9 -> 9522000 | L13: =E13*(J13*I13)*K13 -> 3808800
B14: 10.04 | C14: Especialista en Vías | D14: Ingeniería Civil o de vías | E14: 1 | G14: 6 | H14: 4 | I14: 2 | J14: 0.1 | K14: =SALARIOS!$F$9 -> 9522000 | L14: =E14*(J14*I14)*K14 -> 1904400
B15: 10.05 | C15: Especialista en Transporte y Movilidad | D15: Ingeniería de Transporte | E15: 1 | G15: 6 | H15: 4 | I15: 2 | J15: 0.1 | K15: =SALARIOS!$F$9 -> 9522000 | L15: =E15*(J15*I15)*K15 -> 1904400
B16: 10.06 | C16: Especialista en redes eléctricas y Energía Solar | D16: Ingeniero Eléctrico | E16: 1 | G16: 6 | H16: 4 | I16: 3 | J16: 0.1 | K16: =SALARIOS!$F$9 -> 9522000 | L16: =E16*(J16*I16)*K16 -> 2856600
B17: 10.07 | C17: Especialista en redes hidrosanitarias. Suds y saneamiento básico | D17: Ingeniería Civil o Sanitaria | E17: 1 | G17: 6 | H17: 4 | I17: 3 | J17: 0.4 | K17: =SALARIOS!$F$9 -> 9522000 | L17: =E17*(J17*I17)*K17 -> 11426400
B19: 20 | C19: PROFESIONALES DE APOYO | D19: PROFESIÓN | I19: MESES | J19: DEDICACIÓN | K19: SALARIO | L19: SUBTOTAL | M19: =SUM(L20:L29) -> 55886400
B20: 20.01 | C20: Especialista en Estructuras | D20: Ingeniería Civil | E20: 1 | G20: 6 | H20: 4 | I20: 3 | J20: 0.4 | K20: =SALARIOS!$F$9 -> 9522000 | L20: =E20*J20*K20*I20 -> 11426400
B21: 20.02 | C21: Especialista en geotecnia | D21: Ingeniería Civil | E21: 1 | G21: 6 | H21: 4 | I21: 3 | J21: 0.4 | K21: =SALARIOS!$F$9 -> 9522000 | L21: =E21*J21*K21*I21 -> 11426400
B22: 20.03 | C22: Especialista en gestión ambiental (construcción sostenible) | D22: Ingeniería Ambiental o Afines | E22: 1 | G22: 6 | H22: 4 | I22: 5 | J22: 0.1 | K22: =SALARIOS!$F$9 -> 9522000 | L22: =E22*J22*K22*I22 -> 4761000
B23: 20.04 | C23: Ingeniero forestal | D23: Ingeniería Forestal | F23: 1 | G23: 4 | H23: 3 | I23: 3 | J23: 0.1 | K23: =SALARIOS!$F$10 -> 8589000 | L23: =J23*K23*I23*F23 -> 2576700
B24: 20.05 | C24: Ingeniero Geologo | D24: Ingeniería gelógica | F24: 1 | G24: 4 | H24: 3 | I24: 3 | J24: 0.2 | K24: =SALARIOS!$F$10 -> 8589000 | L24: =J24*K24*I24*F24 -> 5153400
B25: 20.06 | C25: Ingeniero hidrolologo | D25: Ingeniería hidrologica | F25: 1 | G25: 4 | H25: 3 | I25: 3 | J25: 0.2 | K25: =SALARIOS!$F$10 -> 8589000 | L25: =J25*K25*I25*F25 -> 5153400
B26: 20.07 | C26: Arqueólogo | D26: Arqueología o afines | F26: 1 | G26: 4 | H26: 3 | I26: 2 | J26: 0.2 | K26: =SALARIOS!$F$10 -> 8589000 | L26: =J26*K26*I26*F26 -> 3435600
B27: 20.08 | C27: Profesional en presupuestos, especificaciones, cantidades, programación y APUS | D27: Ingeniero Civil | F27: 1 | G27: 4 | H27: 3 | I27: 5 | J27: 0.1 | K27: =SALARIOS!$F$10 -> 8589000 | L27: =J27*K27*I27*F27 -> 4294500
B28: 20.09 | C28: Profesional SST | D28: Ingeniero Industrial, SST o afines | F28: 1 | G28: 3 | H28: 1 | I28: 5 | J28: 0.1 | K28: =SALARIOS!$F$11 -> 7659000 | L28: =J28*K28*I28*F28 -> 3829500
B29: 20.10 | C29: Profesional en gestión social | D29: Trabajo Social, socióloga, psicóloga social, Antropóloga | F29: 1 | G29: 3 | H29: 1 | I29: 5 | J29: 0.1 | K29: =SALARIOS!$F$11 -> 7659000 | L29: =J29*K29*I29*F29 -> 3829500
B31: 30 | C31: PROFESIONALES DE LEGALIZACIÓN Y GESTIÓN PREDIAL | D31: PROFESIÓN | I31: MESES | J31: DEDICACIÓN | K31: SALARIO | L31: SUBTOTAL | M31: =SUM(L32:L34) -> 9187800
B32: 30.01 | C32: Especialista en normatividad | D32: Arquitectura | E32: 1 | G32: 6 | H32: 4 | I32: 3 | J32: 0.1 | K32: =SALARIOS!$F$9 -> 9522000 | L32: =E32*(J32*I32)*K32 -> 2856600
B33: 30.02 | C33: Especialista derecho urbano | D33: Abogado | E33: 1 | G33: 6 | H33: 4 | I33: 3 | J33: 0.1 | K33: =SALARIOS!$F$9 -> 9522000 | L33: =E33*(J33*I33)*K33 -> 2856600
B34: 30.03 | C34: Técnico en manejo de registro fotográfico y topográfico | D34: Técnico en fotografía y dibujo | F34: 1 | G34: 2 | H34: 1 | I34: 3 | J34: 0.2 | K34: =SALARIOS!$F$12 -> 5791000 | L34: =J34*K34*I34*F34 -> 3474600
B36: 40 | C36: OTRO PERSONAL | D36: FORMACIÓN | I36: MESES | J36: DEDICACIÓN | K36: SALARIO | L36: SUBTOTAL | M36: =SUM(L37:L46) -> 46784310
B37: 40.01 | C37: Gestor urbano y soporte SIG | D37: Ingeniero geógrafo o catastral | F37: 1 | G37: 2 | I37: 3 | J37: 0.3 | K37: =SALARIOS!$F$12 -> 5791000 | L37: =F37*J37*K37*I37 -> 5211900
B38: 40.02 | C38: Representación arquitectónica 2D | D38: Arquitectura | F38: 1 | G38: 2 | I38: 4 | J38: 0.5 | K38: =SALARIOS!$F$12 -> 5791000 | L38: =F38*J38*K38*I38 -> 11582000
B39: 40.03 | C39: Representación arquitectónica 3D | D39: Arquitectura | F39: 1 | G39: 2 | I39: 4 | J39: 0.4 | K39: =SALARIOS!$F$12 -> 5791000 | L39: =F39*J39*K39*I39 -> 9265600
B40: 40.04 | C40: Coordinador arquitectónica BIM | D40: Arquitectura | F40: 1 | G40: 2 | I40: 4 | J40: 0.2 | K40: =SALARIOS!$F$12 -> 5791000 | L40: =F40*J40*K40*I40 -> 4632800
B41: 40.05 | C41: Ingeniero topógrafo | D41: Ingeniero-Topografía | F41: 1 | G41: 2 | I41: 3 | J41: 0.4 | K41: =SALARIOS!$F$12 -> 5791000 | L41: =F41*J41*K41*I41 -> 6949200
B42: 40.06 | C42: Operario dron | D42: Técnico | F42: 1 | G42: 2 | I42: 1 | J42: 0.5 | K42: =SALARIOS!F15 -> 2018000 | L42: =F42*J42*K42*I42 -> 1009000
B43: 40.07 | C43: Cadenero 1 | D43: Técnico | F43: 1 | G43: 2 | I43: 2 | J43: 0.5 | K43: =SALARIOS!F14 -> 2316000 | L43: =F43*J43*K43*I43 -> 2316000
B44: 40.08 | C44: Cadenero 2 | D44: Técnico | F44: 1 | G44: 2 | I44: 2 | J44: 0.5 | K44: =SALARIOS!F14 -> 2316000 | L44: =F44*J44*K44*I44 -> 2316000
B45: 40.09 | C45: Aforador 1 para estudio de movilidad | D45: Técnico | F45: 2 | G45: 1 | I45: 1 | J45: 0.5 | K45: =SALARIOS!F16 -> 1750905 | L45: =F45*J45*K45*I45 -> 1750905
B46: 40.1 | C46: Aforador 2 para estudio de movilidad | D46: Técnico | F46: 2 | G46: 1 | I46: 1 | J46: 0.5 | K46: =SALARIOS!F16 -> 1750905 | L46: =F46*J46*K46*I46 -> 1750905
B48: 50 | C48: PERSONAL + FACTOR MULTIPLICADOR | M48: =+L49 -> 318598214
B49: 50.01 | C49: FM | I49: % | J49: =FM!H46 -> 2.00246 | K49: =+M10+M19+M36+M31 -> 159103410 | L49: =ROUND(K49*J49,0) -> 318598214
B51: 60 | C51: EQUIPOS | D51: TIPO | E51: DESCRIPCIÓN | I51: MESES | J51: DEDICACIÓN | K51: VALOR MENSUAL | L51: SUBTOTAL | M51: =SUM(L52:L54) -> 7430512
B52: 60.01 | C52: Alquiler Equipo completo de topografía | D52: Estación completa | I52: 2 | J52: 1 | K52: =SALARIOS!D20 -> 2215256 | L52: =ROUND(J52*K52*I52,0) -> 4430512
B53: 60.02 | C53: Alquiler Dron | I53: 1 | J53: 0.2 | K53: 2500000 | L53: =ROUND(J53*K53*I53,0) -> 500000
B54: 60.03 | C54: Alquiler Vehículo Hasta 2600 cc | D54: 1500 a 2600 cc | E54: Camioneta+Conductor | I54: 5 | J54: 0.1 | K54: 5000000 | L54: =ROUND(J54*K54*I54,0) -> 2500000
B56: 70 | C56: REEMBOLSABLES (No imputa pago total) | D56: TIPO | E56: DESCRIPCIÓN | L56: SUBTOTAL | M56: =SUM(L57:L57) -> 81715014
B57: 70.01 | C57: Rubro específico para pagos, previa aprobación de interventoría sobre 3 cotizaciones. Ver anexo técnico | K57: =+'[1]Proyección presup C. B. Alpes'!S13 -> 81715014 | L57: =+K57 -> 81715014
G59: TOTAL COSTOS ESTUDIOS Y DISEÑOS | M59: =+M48+M51+M56 -> 407743740
G60: IVA DE ESTUDIOS Y DISEÑOS | M60: =ROUND(+M59*N60,0) -> 77471311 | N60: 0.19
G61: PRESUPUESTO OFICIAL | M61: =SUM(M59:M60) -> 485215051

Sheet AIU
C1: SECRETARÍA DISTRITAL DEL HABITAT
C2: SUBSECRETARÍA DE INTERVENCIONES INTEGRALES
C3: DIRECCIÓN DE HABITAT Y ENTORNOS
C4: OBJETO DE LA LICITACIÓN: | D4: REALIZAR EL DIAGNÓSTICO, ACTUALIZACIÓN DE ESTUDIOS, DISEÑOS Y CULMINACIÓN DE LAS OBRAS EN ESPACIO PÚBLICO PARA EL MEJORAMIENTO INTEGRAL DE LOS BARRIOS ALPES Y CARACOLI, QUE HACEN PARTE DEL TERRITORIO PRIORIZADO POR LA SECRETARÍA DISTRITAL DEL HÁBITAT EN LA CONURBACIÓN CIUDAD BOLÍVAR.
I5: {=+'E Y D PRESU ESTIMADO'!M3:N3} -> AGOSTO 2026 | J5: 0
C6: COSTO DIRECTO ESTIMADO DE OBRA (CD) | E6: ='PRESU ESTIMADO OBRA ALPES'!H87 -> 2411815584 | F6: TIEMPO ESTIMADO EJECUCION DE OBRA (MESES) | I6: 7
C8: A. ADMINISTRACION
C9: Cargo | D9: # | E9: Dedicación Mes | F9: Valor salario mes | G9: Factor multiplicador | H9: Periodo en Obra | I9: Salario total + Prestaciones
D10: A | E10: B | F10: C | G10: D | H10: E | I10: E=((A*B*C*D)+C)*E
C11: 1,1 PERSONAL PROFESIONAL | D11: CANT
C12: DIRECTOR DE OBRA ESPECIALISTA | D12: 1 | E12: 0.4 | F12: =SALARIOS!F8 -> 11183000 | G12: =FM!C46 -> 2.02896 | H12: =+$I$6 -> 7 | I12: =(F12*G12)*D12*E12*H12 -> 63531607
C13: RESIDENTE DE OBRA | D13: 1 | E13: 1 | F13: =SALARIOS!F9 -> 9522000 | G13: =+$G$12 -> 2.02896 | H13: =+$I$6 -> 7 | I13: =(F13*G13)*D13*E13*H13 -> 1.352383e+08
C14: PROFESIONAL EN INGENIERÍA AMBIENTAL | D14: 1 | E14: 0.5 | F14: =SALARIOS!$F$10 -> 8589000 | G14: =+$G$12 -> 2.02896 | H14: =+$I$6 -> 7 | I14: =(F14*G14)*D14*E14*H14 -> 60993581
C15: PROFESIONAL EN INGENIERÍA FORESTAL | D15: 1 | E15: 0.1 | F15: =SALARIOS!$F$10 -> 8589000 | G15: =+$G$12 -> 2.02896 | H15: 2 | I15: =(F15*G15)*D15*E15*H15 -> 3485347.5
C16: ESPECIALISTA INGENIERO ELÉCTRICO | D16: 1 | E16: 0.15 | F16: =SALARIOS!$F$10 -> 8589000 | G16: =+$G$12 -> 2.02896 | H16: 4 | I16: =(F16*G16)*D16*E16*H16 -> 10456042
C17: ESPECIALISTA INGENIERO HIDRÁULICO | D17: 1 | E17: 0.3 | F17: =SALARIOS!$F$10 -> 8589000 | G17: =+$G$12 -> 2.02896 | H17: 5 | I17: =(F17*G17)*D17*E17*H17 -> 26140106
C18: ESPECIALISTA INGENIERO ESTRUCTURAL | D18: 1 | E18: 0.2 | F18: =SALARIOS!$F$10 -> 8589000 | G18: =+$G$12 -> 2.02896 | H18: 3 | I18: =(F18*G18)*D18*E18*H18 -> 10456042
C19: ESPECIALISTA INGENIERO VÍAS | D19: 1 | E19: 0.2 | F19: =SALARIOS!$F$10 -> 8589000 | G19: =+$G$12 -> 2.02896 | H19: 1 | I19: =(F19*G19)*D19*E19*H19 -> 3485347.5
C20: PROFESIONAL SOCIAL | D20: 1 | E20: 0.5 | F20: =SALARIOS!$F$11 -> 7659000 | G20: =+$G$12 -> 2.02896 | H20: =+$I$6 -> 7 | I20: =(F20*G20)*D20*E20*H20 -> 54389316
C21: PROFESIONAL EN CALIDAD | D21: 1 | E21: 0.3 | F21: =SALARIOS!$F$11 -> 7659000 | G21: =+$G$12 -> 2.02896 | H21: =+$I$6 -> 7 | I21: =(F21*G21)*D21*E21*H21 -> 32633590
C22: ESPECIALISTA GEOTECNISTA | D22: 1 | E22: 0.2 | F22: =SALARIOS!$F$11 -> 7659000 | G22: =+$G$12 -> 2.02896 | H22: 3 | I22: =(F22*G22)*D22*E22*H22 -> 9323882.8
C23: PROFESIONAL EN PRESUPUESTO Y PROGRAMACIÓN | D23: 1 | E23: 0.3 | F23: =SALARIOS!$F$11 -> 7659000 | G23: =+$G$12 -> 2.02896 | H23: 3 | I23: =(F23*G23)*D23*E23*H23 -> 13985824
C24: PROFESIONAL SST | D24: 1 | E24: 1 | F24: =SALARIOS!$F$11 -> 7659000 | G24: =+$G$12 -> 2.02896 | H24: =+$I$6 -> 7 | I24: =(F24*G24)*D24*E24*H24 -> 1.0877863e+08
C25: ARQUEOLOGO | D25: 1 | E25: 0.2 | F25: =SALARIOS!$F$11 -> 7659000 | G25: =+$G$12 -> 2.02896 | H25: 1 | I25: =(F25*G25)*D25*E25*H25 -> 3107960.9
C26: PROFESIONAL JURIDICO | D26: 1 | E26: 0.1 | F26: =SALARIOS!$F$11 -> 7659000 | G26: =+$G$12 -> 2.02896 | H26: 2 | I26: =(F26*G26)*D26*E26*H26 -> 3107960.9
C27: 1,2 PERSONAL TECNICO Y AUXILIAR TECNICO | D27: CANT
C28: INSPECTOR DE OBRA | D28: 1 | E28: 0.3 | F28: =SALARIOS!F17 -> 2718000 | G28: =+$G$12 -> 2.02896 | H28: =+$I$6 -> 7 | I28: =(F28*G28)*D28*E28*H28 -> 11580898
C29: PROFESIONAL TOPOGRAFO | D29: 1 | E29: 0.5 | F29: =SALARIOS!F13 -> 3736000 | G29: =+$G$12 -> 2.02896 | H29: =+$I$6 -> 7 | I29: =(F29*G29)*D29*E29*H29 -> 26530681
C30: TARIFA MES - PERSONAL AUXILIAR TÉCNICO - CADENERO | D30: 1 | E30: 0.3 | F30: =SALARIOS!F14 -> 2316000 | G30: =+$G$12 -> 2.02896 | H30: =+$I$6 -> 7 | I30: =(F30*G30)*D30*E30*H30 -> 9868049.9
C31: TARIFA MES - PERSONAL ADMINISTRATIVO - AUXILIAR ADMINISTRATIVO-ALMACENISTA | D31: 1 | E31: 1 | F31: =+F30 -> 2316000 | G31: =+$G$12 -> 2.02896 | H31: =+$I$6 -> 7 | I31: =(F31*G31)*D31*E31*H31 -> 32893500
C32: 1,3 PERSONAL ADMINISTRATIVO | D32: CANT
C33: TARIFA MES - VIGILANTE | D33: 1 | E33: 1 | F33: =+F28 -> 2718000 | G33: =+G31 -> 2.02896 | H33: =+H31 -> 7 | I33: =(F33*G33)*D33*E33*H33 -> 38602993
G34: SUBTOTAL COSTOS DE PERSONAL | I34: =SUM(I12:I33) -> 6.5858966e+08
C36: B. A.I.U
C37: A. | D37: % TOTAL ADMINISTRACIÓN MÁXIMO | H37: =ROUND(+I34/E6,4) -> 0.2731 | I37: =+I34 -> 6.5858966e+08 | K37: 0.2745
C39: B. | D39: IMPREVISTOS | H39: 0.01 | I39: =+H39*E6 -> 24118156
C41: C. | D41: UTILIDAD | H41: 0.05 | I41: =+H41*E6 -> 1.2059078e+08
D43: MÁXIMO TOTAL A.I.U. (Administración, Imprevistos y Utilidad) | H43: =SUM(H37:H42) -> 0.3331 | I43: =SUM(I37:I42) -> 8.032986e+08
C45: Nota: En ningún caso el Proponente podrá ofertar un porcentaje menor al establecido para imprevistos por parte de la Entidad y el porcentaje integral de AIU no podrá superar el establecido por la Entidad.

Sheet FM
A1: FACTOR MULTIPLICADOR OBRA | F1: FACTOR MULTIPLICADOR CONSULTORIA
A2: SALARIOS | C2: 1 | F2: SALARIOS | H2: 1
A3: PRESTACIONES SOCIALES 1 | C3: =SUM(B4:B15) -> 0.5963 | F3: PRESTACIONES SOCIALES 1 | H3: =SUM(G4:G15) -> 0.5963
A4: Cesantía | B4: 0.0833 | F4: Cesantía | G4: 0.0833
A5: Intereses de Cesantías | B5: 0.01 | F5: Intereses de Cesantías | G5: 0.01
A6: Prima | B6: 0.0833 | F6: Prima | G6: 0.0833
A7: Vacaciones | B7: 0.0417 | F7: Vacaciones | G7: 0.0417
A8: Seguridad Social (salud) | B8: 0.085 | F8: Seguridad Social (salud) | G8: 0.085
A9: Seguridad Social (pensión) | B9: 0.12 | F9: Seguridad Social (pensión) | G9: 0.12
A10: Aseguradora de Riesgos Profesionales | B10: 0.0696 | F10: Aseguradora de Riesgos Profesionales | G10: 0.0696
A11: Subsidio Familiar | B11: 0.04 | F11: Subsidio Familiar | G11: 0.04
A12: ICBF | B12: 0.03 | F12: ICBF | G12: 0.03
A13: SENA | B13: 0.02 | F13: SENA | G13: 0.02
A14: Subsidio de Transporte | B14: 0.0046 | F14: Subsidio de Transporte | G14: 0.0046
A15: Dotación | B15: 0.0088 | F15: Dotación | G15: 0.0088
A16: COSTOS DIRECTOS 2 | C16: =SUM(B17:B32) -> 0.305 | F16: COSTOS DIRECTOS 2 | H16: =SUM(G17:G30) -> 0.16
A17: Servicios públicos de campamento y obra | B17: 0.03 | F17: Servicios públicos y oficina consultor | G17: 0.02
A18: Papelería oficina constructor | B18: 0.02 | F18: Papelería oficina consultor | G18: 0.01
A19: Personal administrativo no facturado | B19: 0.02 | F19: Personal administrativo no facturado | G19: 0.01
A20: Personal profesional no facturado | B20: 0.02 | F20: Personal profesional no facturado | G20: 0.02
A21: Implementación y programa preventivo de protección recursos hídricos, fauna, especies verdes, manejo de vertimientos, etc. | B21: 0.01 | F21: Implementación y programa preventivo de protección recursos hídricos, fauna, especies verdes, manejo de vertimientos, etc. | G21: 0
A22: Equipos de oficina y campamento | B22: 0.01 | F22: Equipos de oficina y campamento | G22: 0.01
A23: Equipos de plotter, escaneo y fotografía. Incluye impresiones | B23: 0.01 | F23: Equipos de plotter, escaneo y fotografía. Incluye impresiones | G23: 0.005
A24: Alquiler de vehículo y combustibles | B24: 0.03 | F24: Combustibles | G24: 0.02
A25: Papelería para entrega de Informes semanales, mensuales y finales en original (planos récord, manual de mantenimiento, Etc) y 2 copias en físico | B25: 0.01 | F25: Papelería para entrega de Informes semanales, mensuales y finales en original | G25: 0.005
A26: Alquiler de equipos de topografía y otros necesarios para control de niveles, etc. | B26: 0.02 | F26: Alquiler de equipos de topografía y otros necesarios para control de niveles, etc. | G26: 0.01
A27: Implementación y programa preventivo de salud en el trabajo y seguridad industrial, incluye Elementos de Protección Personal (EPP), capacitaciones, afiches, guías, manuales, señalización de obra y demás elementos que se requieran. | B27: 0.02 | F27: Implementación y programa preventivo de salud en el trabajo y seguridad industrial, incluye Elementos de Protección Personal (EPP), capacitaciones, afiches, guías, manuales, señalización de obra y demás elementos que se requieran. | G27: 0.01
A28: Aerofotografías, software de seguimiento CAD- BIM | B28: 0.01 | F28: Aerofotografías, software de seguimiento CAD- BIM | G28: 0.01
... A30: Trámite PMT e implementación con todos los requerimientos de seguridad, durante toda la ejecución de obra. Incluye personal requerido como paleteros y otros | B30: 0.035 | F30: Trámites y aprobaciones ante entidades por cada especialidad de diseños y obras terminadas Incluye acompañamientos, papelería, etc. | G30: 0.01
A31: Trámites y aprobaciones ante entidades por cada especialidad de diseños y obras terminadas Incluye acompañamientos, papelería, etc. | B31: 0.01 | F31: IMPUESTOS 3 | H31: =SUM(G32:G38) -> 0.13816
A32: Plan de gestión social. Incluye Alquiler de salones, Afiches, volantes, pendones, carteleras, papelería, refrigerios y todo lo necesario para la socialización del proyecto | B32: 0.03 | F32: Rete fuente | G32: 0.06
A33: IMPUESTOS 3 | C33: =SUM(B34:B40) -> 0.06966 | F33: Rete IVA | G33: 0.0285
A34: Rete fuente | B34: 0.02 | F34: Rete ICA | G34: 0.00866
A35: Rete IVA | B35: 0 | F35: Estampilla Universidad Distrital | G35: 0.011
A36: Rete ICA | B36: 0.00866 | F36: Estampilla Procultura | G36: 0.005
A37: Estampilla Universidad Distrital | B37: 0.011 | F37: Estampilla Proadulto mayor | G37: 0.02
A38: Estampilla Procultura | B38: 0.005 | F38: Estampilla 50 años Universidad Pedagógica | G38: 0.005
A39: Estampilla Proadulto mayor | B39: 0.02 | F39: PÓLIZAS Y GARANTÍAS 4 | H39: =+SUM(G40:G42) -> 0.048
A40: Estampilla 50 años Universidad Pedagógica | B40: 0.005 | F40: Cumplimiento | G40: 0.0094
A41: PÓLIZAS Y GARANTÍAS 4 | C41: =+SUM(B42:B45) -> 0.058 | F41: Salarios y prestaciones sociales | G41: 0.0086
A42: Cumplimiento | B42: 0.0094 | F42: Calidad del Servicio | G42: 0.03
A43: Salarios y prestaciones sociales | B43: 0.0086 | F43: OTROS | H43: =SUM(G44:G45) -> 0.06
A44: Estabilidad y Calidad de obra | B44: 0.03 | F44: Imprevistos | G44: 0.01
A45: Otras Polizas | B45: 0.01 | F45: Utilidad | G45: 0.05
A46: TOTAL FACTOR MULTIPLICADOR (1+2+3+4) | B46: =SUM(B4:B45) -> 1.02896 | C46: =SUM(C2:C44) -> 2.02896 | F46: TOTAL FACTOR MULTIPLICADOR (1+2+3+4) | G46: =SUM(G4:G45) -> 1.00246 | H46: =SUM(H2:H45) -> 2.00246
A47: Nota: Estos porcentajes y valores son indicativos.

Sheet INDEX ICOCIV
B4: Índice de Costos de la Construcción de Obras Civiles - ICOCIV
B5: A1. ICOCIV - Variación mensual, año corrido y anual del total Febrero 2025 | K5: Publicado DANE | L5: Polinómica grado 2
B6: Año | C6: Mes | D6: Índice | E6: Variación porcentual (%) | L6: ax^2+bx+c
E7: Mensual | F7: Año corrido | G7: Anual** | J7: x | K7: ICOCIV | L7: a | M7: -0.0049 | N7: b | O7: 1.005 | P7: c | Q7: 97.404
B8: 2021 | C8: Enero | D8: 100.89 | E8: 0.89 | F8: 0.89 | G8: - | J8: 1 | K8: =D8 -> 100.89
C9: Febrero | D9: 101.35 | E9: 0.46 | F9: 1.35 | G9: - | J9: 2 | K9: =D9 -> 101.35
C10: Marzo | D10: 101.796 | E10: 0.439 | F10: 1.796 | G10: - | J10: 3 | K10: =D10 -> 101.796
C11: Abril | D11: 102.339 | E11: 0.533 | F11: 2.339 | G11: - | J11: 4 | K11: =D11 -> 102.339
C12: Mayo | D12: 102.939 | E12: 0.587 | F12: 2.939 | G12: - | J12: 5 | K12: =D12 -> 102.939
C13: Junio | D13: 103.458 | E13: 0.504 | F13: 3.458 | G13: - | J13: 6 | K13: =D13 -> 103.458
C14: Julio | D14: 104.566 | E14: 1.071 | F14: 4.566 | G14: - | J14: 7 | K14: =D14 -> 104.566
C15: Agosto | D15: 104.819 | E15: 0.242 | F15: 4.819 | G15: - | J15: 8 | K15: =D15 -> 104.819
C16: Septiembre | D16: 104.806 | E16: -0.012 | F16: 4.806 | G16: - | J16: 9 | K16: =D16 -> 104.806
C17: Octubre | D17: 104.937 | E17: 0.125 | F17: 4.937 | G17: - | J17: 10 | K17: =D17 -> 104.937
C18: Noviembre | D18: 105.147 | E18: 0.199 | F18: 5.147 | G18: - | J18: 11 | K18: =D18 -> 105.147
C19: Diciembre | D19: 105.558 | E19: 0.392 | F19: 5.558 | G19: - | J19: 12 | K19: =D19 -> 105.558
B20: 2022 | C20: Enero | D20: 107.483 | E20: 1.823 | F20: 1.823 | G20: 6.537 | J20: 13 | K20: =D20 -> 107.483
C21: Febrero | D21: 108.948 | E21: 1.363 | F21: 3.211 | G21: 7.496 | J21: 14 | K21: =D21 -> 108.948
C22: Marzo | D22: 110.113 | E22: 1.075 | F22: 4.315 | G22: 8.171 | J22: 15 | K22: =D22 -> 110.113
C23: Abril | D23: 111.366 | E23: 1.138 | F23: 5.501 | G23: 8.821 | J23: 16 | K23: =D23 -> 111.366
C24: Mayo | D24: 112.369 | E24: 0.901 | F24: 6.452 | G24: 9.16 | J24: 17 | K24: =D24 -> 112.369
C25: Junio | D25: 112.625 | E25: 0.228 | F25: 6.694 | G25: 8.861 | J25: 18 | K25: =D25 -> 112.625
C26: Julio | D26: 113.883 | E26: 1.117 | F26: 7.886 | G26: 8.91 | J26: 19 | K26: =D26 -> 113.883
C27: Agosto | D27: 114.109 | E27: 0.198 | F27: 8.1 | G27: 8.863 | J27: 20 | K27: =D27 -> 114.109
C28: Septiembre | D28: 114.258 | E28: 0.131 | F28: 8.241 | G28: 9.018 | J28: 21 | K28: =D28 -> 114.258
C29: Octubre | D29: 115.491 | E29: 1.08 | F29: 9.41 | G29: 10.057 | J29: 22 | K29: =D29 -> 115.491
C30: Noviembre | D30: 115.914 | E30: 0.366 | F30: 9.81 | G30: 10.24 | J30: 23 | K30: =D30 -> 115.914
C31: Diciembre | D31: 115.826 | E31: -0.075 | F31: 9.727 | G31: 9.727 | J31: 24 | K31: =D31 -> 115.826
B32: 2023 | C32: Enero | D32: 121.591 | E32: 4.977 | F32: 4.977 | G32: 13.126 | J32: 25 | K32: =D32 -> 121.591
C33: Febrero | D33: 124.48 | E33: 2.38 | F33: 7.47 | G33: 14.26 | J33: 26 | K33: =D33 -> 124.48
C34: Marzo | D34: 125.08 | E34: 0.48 | F34: 7.99 | G34: 13.59 | J34: 27 | K34: =D34 -> 125.08
C35: Abril | D35: 125.67 | E35: 0.48 | F35: 8.5 | G35: 12.85 | J35: 28 | K35: =D35 -> 125.67
C36: Mayo | D36: 125.95 | E36: 0.22 | F36: 8.74 | G36: 12.09 | J36: 29 | K36: =D36 -> 125.95
C37: Junio | D37: 126.12 | E37: 0.14 | F37: 8.89 | G37: 11.99 | J37: 30 | K37: =D37 -> 126.12
C38: Julio | D38: 126.33 | E38: 0.17 | F38: 9.07 | G38: 10.93 | J38: 31 | K38: =D38 -> 126.33
C39: Agosto | D39: 126.22 | E39: -0.09 | F39: 8.97 | G39: 10.61 | J39: 32 | K39: =D39 -> 126.22
C40: Septiembre | D40: 126.3 | E40: 0.07 | F40: 9.05 | G40: 10.54 | J40: 33 | K40: =D40 -> 126.3
C41: Octubre | D41: 126.2 | E41: -0.08 | F41: 8.95 | G41: 9.27 | J41: 34 | K41: =D41 -> 126.2
C42: Noviembre | D42: 126.36 | E42: 0.13 | F42: 9.1 | G42: 9.01 | J42: 35 | K42: =D42 -> 126.36
C43: Diciembre | D43: 126.48 | E43: 0.09 | F43: 9.2 | G43: 9.2 | J43: 36 | K43: =D43 -> 126.48
B44: 2024 | C44: Enero | D44: 129.59 | E44: 2.46 | F44: 2.46 | G44: 6.58 | J44: 37 | K44: =D44 -> 129.59
C45: Febrero | D45: 131.14 | E45: 1.2 | F45: 3.69 | G45: 5.35 | J45: 38 | K45: =D45 -> 131.14
C46: Marzo | D46: 131.07 | E46: -0.06 | F46: 3.63 | G46: 4.79 | J46: 39 | K46: =D46 -> 131.07
C47: Abril | D47: 131.38 | E47: 0.24 | F47: 3.88 | G47: 4.54 | J47: 40 | K47: =D47 -> 131.38
C48: Mayo | D48: 131.81 | E48: 0.32 | F48: 4.21 | G48: 4.65 | J48: 41 | K48: =D48 -> 131.81
C49: Junio | D49: 131.35 | E49: -0.35 | F49: 3.85 | G49: 4.14 | J49: 42 | K49: =D49 -> 131.35
C50: Julio | D50: 131.05 | E50: -0.23 | F50: 3.61 | G50: 3.73 | J50: 43 | K50: =D50 -> 131.05
C51: Agosto | D51: 131.11 | E51: 0.05 | F51: 3.66 | G51: 3.88 | J51: 44 | K51: =D51 -> 131.11
C52: Septiembre | D52: 131.07 | E52: -0.03 | F52: 3.63 | G52: 3.77 | J52: 45 | K52: =D52 -> 131.07
C53: Octubre | D53: 131.28 | E53: 0.16 | F53: 3.8 | G53: 4.03 | J53: 46 | K53: =D53 -> 131.28
C54: Noviembre | D54: 131.23 | E54: -0.04 | F54: 3.76 | G54: 3.85 | J54: 47 | K54: =D54 -> 131.23
C55: Diciembre | D55: 131.25 | E55: 0.02 | F55: 3.78 | G55: 3.78 | J55: 48 | K55: =D55 -> 131.25
B56: 2025 | C56: Enero | D56: 133.73 | E56: 1.89 | F56: 1.89 | G56: 3.2 | J56: 49 | K56: =D56 -> 133.73
C57: Febrero | D57: 135.21 | E57: 1.1 | F57: 3.01 | G57: 3.1 | J57: 50 | K57: =D57 -> 135.21
C58: Marzo | D58: 136.23 | E58: 0.76 | F58: 3.79 | G58: 3.94 | J58: 51 | K58: =D58 -> 136.23
C59: Abril | D59: 136.49 | E59: 0.19 | F59: 3.99 | G59: 3.89 | J59: 52 | K59: =D59 -> 136.49
C60: Mayo | D60: 136.12 | E60: -0.27 | F60: 3.71 | G60: 3.28 | J60: 53 | K60: =D60 -> 136.12
C61: Junio | D61: 136.22 | E61: 0.07 | F61: 3.78 | G61: 3.71 | J61: 54 | K61: =D61 -> 136.22
C62: Julio | D62: 137 | E62: 0.57 | F62: 4.37 | G62: 4.54 | J62: 55 | K62: =D62 -> 137
C63: Agosto | D63: 137.12 | E63: 0.09 | F63: 4.47 | G63: 4.59 | J63: 56 | K63: =D63 -> 137.12
C64: Septiembre | D64: 136.86 | E64: -0.19 | F64: 4.27 | G64: 4.42 | J64: 57 | K64: =D64 -> 136.86
C65: Octubre | D65: 136.54 | E65: -0.23 | F65: 4.03 | G65: 4.01 | J65: 58 | K65: =D65 -> 136.54
C66: Noviembre | D66: 136.72 | E66: 0.13 | F66: 4.16 | G66: 4.18 | J66: 59 | K66: =D66 -> 136.72
C67: Diciembre | D67: 136.91 | E67: 0.14 | F67: 4.31 | G67: 4.31 | J67: 60 | K67: =D67 -> 136.91
B68: 2026 | C68: Enero | D68: 140.19 | E68: 2.4 | F68: 2.4 | G68: 4.83 | J68: 61 | K68: =D68 -> 140.19
C69: Febrero | D69: 141.94 | E69: 1.24 | F69: 3.67 | G69: 4.98 | J69: 62 | K69: =D69 -> 141.94
C70: Marzo | D70: 143.39 | E70: 1.02 | F70: 4.73 | G70: 5.25 | J70: 63 | K70: =D70 -> 143.39
C71: Abril | D71: 144.58 | E71: 0.83 | F71: 5.6 | G71: 5.92 | J71: 64 | K71: =D71 -> 144.58
C72: Mayo | D72: 144.63 | E72: 0.03 | F72: 5.64 | G72: 6.24 | J72: 65 | K72: =D72 -> 144.63
C73: Junio | D73: 145.22 | E73: 0.41 | F73: 6.07 | G73: 6.61 | J73: 66 | K73: =D73 -> 145.22 | L73: Proyectado SDHT
C74: Julio | D74: =L74 -> 142.7429 | E74: =((D74-D73)/D73)*100 -> -1.7057568 | F74: =F73+E74 -> 4.3642432 | G74: =((D74-D62)/D62)*100 -> 4.1918978 | J74: 67 | L74: =($M$7*J74^2)+($O$7*J74)+$Q$7 -> 142.7429
C75: Agosto | D75: =L75 -> 143.0864 | E75: =((D75-D74)/D74)*100 -> 0.24064244 | F75: =F74+E75 -> 4.6048857 | G75: =((D75-D63)/D63)*100 -> 4.3512252 | J75: 68 | L75: =($M$7*J75^2)+($O$7*J75)+$Q$7 -> 143.0864
C76: Septiembre | D76: =L76 -> 143.4201 | E76: =((D76-D75)/D75)*100 -> 0.23321574 | F76: =F75+E76 -> 4.8381014 | G76: =((D76-D64)/D64)*100 -> 4.7932924 | J76: 69 | L76: =($M$7*J76^2)+($O$7*J76)+$Q$7 -> 143.4201
C77: Octubre | D77: =L77 -> 143.744 | E77: =((D77-D76)/D76)*100 -> 0.22584003 | F77: =F76+E77 -> 5.0639414 | G77: =((D77-D65)/D65)*100 -> 5.2761096 | J77: 70 | L77: =($M$7*J77^2)+($O$7*J77)+$Q$7 -> 143.744
C78: Noviembre | D78: =L78 -> 144.0581 | E78: =((D78-D77)/D77)*100 -> 0.21851347 | F78: =F77+E78 -> 5.2824549 | G78: =((D78-D66)/D66)*100 -> 5.3672469 | J78: 71 | L78: =($M$7*J78^2)+($O$7*J78)+$Q$7 -> 144.0581
C79: Diciembre | D79: =L79 -> 144.3624 | E79: =((D79-D78)/D78)*100 -> 0.21123422 | F79: =F78+E79 -> 5.4936891 | G79: =((D79-D67)/D67)*100 -> 5.4432839 | J79: 72 | L79: =($M$7*J79^2)+($O$7*J79)+$Q$7 -> 144.3624
B80: 2027 | C80: Enero | D80: =L80 -> 144.6569 | E80: =((D80-D79)/D79)*100 -> 0.20400049 | F80: =E80 -> 0.20400049 | G80: =((D80-D68)/D68)*100 -> 3.1863186 | J80: 73 | L80: =($M$7*J80^2)+($O$7*J80)+$Q$7 -> 144.6569
C81: Febrero | D81: =L81 -> 144.9416 | E81: =((D81-D80)/D80)*100 -> 0.19681052 | F81: =F80+E81 -> 0.40081101 | G81: =((D81-D69)/D69)*100 -> 2.1146964 | J81: 74 | L81: =($M$7*J81^2)+($O$7*J81)+$Q$7 -> 144.9416
C82: Marzo | D82: =L82 -> 145.2165 | E82: =((D82-D81)/D81)*100 -> 0.1896626 | F82: =F81+E82 -> 0.5904736 | G82: =((D82-D70)/D70)*100 -> 1.2737987 | J82: 75 | L82: =($M$7*J82^2)+($O$7*J82)+$Q$7 -> 145.2165
C83: Abril | D83: =L83 -> 145.4816 | E83: =((D83-D82)/D82)*100 -> 0.18255501 | F83: =F82+E83 -> 0.77302862 | G83: =((D83-D71)/D71)*100 -> 0.62359939 | J83: 76 | L83: =($M$7*J83^2)+($O$7*J83)+$Q$7 -> 145.4816
C84: Mayo | D84: =L84 -> 145.7369 | E84: =((D84-D83)/D83)*100 -> 0.17548611 | F84: =F83+E84 -> 0.94851473 | G84: =((D84-D72)/D72)*100 -> 0.76533223 | J84: 77 | L84: =($M$7*J84^2)+($O$7*J84)+$Q$7 -> 145.7369 | R84: FACTOR DE INDEXACIÓN
C85: Junio | D85: =L85 -> 145.9824 | E85: =((D85-D84)/D84)*100 -> 0.16845425 | F85: =F84+E85 -> 1.116969 | G85: =((D85-D73)/D73)*100 -> 0.52499656 | J85: 78 | L85: =($M$7*J85^2)+($O$7*J85)+$Q$7 -> 145.9824 | R85: =ROUND(D85/D20,2) -> 1.36
C86: Julio | D86: =L86 -> 146.2181 | E86: =((D86-D85)/D85)*100 -> 0.16145782 | F86: =F85+E86 -> 1.2784268 | G86: =((D86-D74)/D74)*100 -> 2.4345869 | J86: 79 | L86: =($M$7*J86^2)+($O$7*J86)+$Q$7 -> 146.2181
C87: Agosto | D87: =L87 -> 146.444 | E87: =((D87-D86)/D86)*100 -> 0.15449524 | F87: =F86+E87 -> 1.432922 | G87: =((D87-D75)/D75)*100 -> 2.3465542 | J87: 80 | L87: =($M$7*J87^2)+($O$7*J87)+$Q$7 -> 146.444
C88: Septiembre | D88: =L88 -> 146.6601 | E88: =((D88-D87)/D87)*100 -> 0.14756494 | F88: =F87+E88 -> 1.580487 | G88: =((D88-D76)/D76)*100 -> 2.2590976 | J88: 81 | L88: =($M$7*J88^2)+($O$7*J88)+$Q$7 -> 146.6601
C89: Octubre | D89: =L89 -> 146.8664 | E89: =((D89-D88)/D88)*100 -> 0.14066539 | F89: =F88+E89 -> 1.7211524 | G89: =((D89-D77)/D77)*100 -> 2.172195 | J89: 82 | L89: =($M$7*J89^2)+($O$7*J89)+$Q$7 -> 146.8664
C90: Noviembre | D90: =L90 -> 147.0629 | E90: =((D90-D89)/D89)*100 -> 0.13379507 | F90: =F89+E90 -> 1.8549474 | G90: =((D90-D78)/D78)*100 -> 2.0858251 | J90: 83 | L90: =($M$7*J90^2)+($O$7*J90)+$Q$7 -> 147.0629
C91: Diciembre | D91: =L91 -> 147.2496 | E91: =((D91-D90)/D90)*100 -> 0.12695248 | F91: =F90+E91 -> 1.9818999 | G91: =((D91-D79)/D79)*100 -> 1.9999668 | J91: 84 | L91: =($M$7*J91^2)+($O$7*J91)+$Q$7 -> 147.2496

Sheet SALARIOS
A3: INDEXACIÓN SALARIOS
A4: # CATEGORIA | B4: Cargos Categorías Profesionales | C4: EXPERIENCIA | E4: PRECIOS DE REFERENCIA (IDU) 2026 TARIFA MES POR CATEGORÍA (NO INCLUYE FACTOR DE PRESTACIONES)
C5: General | D5: Especifica | E5: CODIGO | F5: TARIFA SIN PRESTACIONES 2026
A6: CATEGORIA 1 | B6: Funciones del Director o Especialista de Proyectos | C6: >= 12 años | D6: >=10 años | E6: 9107 | F6: 17387000
A7: CATEGORIA 2 | B7: Funciones del Director o Especialista de Proyectos | C7: >= 10 años | D7: >= 8 años | E7: 9108 | F7: 13251000
A8: CATEGORIA 3 | B8: Experiencia técnica y administrativa para Especialista de Proyectos | C8: >= 8 años | D8: >= 5 años | E8: 9109 | F8: 11183000
A9: CATEGORIA 4 | B9: Experiencia técnica y administrativa para esp} | C9: >= 6 años | D9: >= 4 años | E9: 9110 | F9: 9522000
A10: CATEGORIA 5 | B10: Experiencia técnica y administrativa para Residente de Proyectos | C10: >= 4 años | D10: >= 3 años | E10: 9111 | F10: 8589000
A11: CATEGORIA 6 | B11: Profesional | C11: >= 3 años | D11: >= 1 años | E11: 9112 | F11: 7659000
A12: CATEGORIA 7 | B12: Profesional | C12: >= 2 años | E12: 9113 | F12: 5791000
A13: CATEGORIA 8 | B13: Profesional técnio topógrado | C13: >= 2 años | E13: 9088 | F13: 3736000
A14: CATEGORIA 9 | B14: Personal auxiliar técnico | C14: >= 2 años | E14: 9098 | F14: 2316000
A15: CATEGORIA 10 | B15: Personal auxiliar técnico | C15: < 2 años | E15: 9099 | F15: 2018000
A16: CATEGORIA 11 | B16: PERSONAL AUXILIAR TÉCNICO | C16: >= 1 años | E16: 9100 | F16: 1750905
A17: CATEGORIA 12 | B17: PERSONAL TÉCNICO - INSPECTOR 1 | C17: >= 2 años | E17: 9093 | F17: 2718000
A20: 13418 | B20: EQUIPO DE TOPOGRAFÍA. ESTACION TOTAL, Precisión lineal ≤ (2 mm + 2 ppm x D), precisión angular ≤ 3". Alcance: con un prisma hasta 2000 metros en buenas condiciones. (Accesorios: Trípodes, bastones, prismas, cintas metálicas, baterías, entre otros). TARIFA MES | C20: MES | D20: 2215256 | K20: MES | L20: 3584000
A21: 9165 | B21: TARIFA MES - ALQUILER DE VEHICULO: CAMPERO, PICK-UP, CAMIONETA, CAMION O SIMILAR DE 1300cc A 2000cc DE CILINDRADA, MODELO 2026 A 2023. 100% DE LA TARIFA ESTABLECIDA. INCLUYE TODOS LOS COSTOS DE OPERACIÓN Y MANTENIMIENTO EXCEPTO EL SALARIO DEL CONDUCTOR | C21: MES | D21: 8778000 | K21: MES | L21: 3150000
K22: MES | L22: 3303000
K23: MES | L23: 2670000
K24: MES | L24: 3736000
K25: MES | L25: 3310000
K26: MES | L26: 2316000
K27: MES | L27: 4690453
K28: MES | L28: 3264239
K29: MES | L29: 2718000
K30: MES | L30: 2447000
K31: MES | L31: 3064000
K32: MES | L32: 3736000
K33: MES | L33: 3064000
... K49: JR | L49: 255300

Sheet CANTIDADES VALOR INICIAL
C3: SECRETARÍA DISTRITAL DEL HABITAT
C4: CUADRO CANTIDADES
C6: ÍTEM | D6: ACTIVIDAD | E6: UNIDAD | F6: CANTIDAD PENDIENTE EJECUCIÓN | G6: TOTAL CANTIDAD PENDIENTE POSITIVA | H6: VR. UNITARIO | I6: FACTOR DE INDEXACIÓN | J6: CIV 19010897 | M6: CIV 19010949 | P6: CIV 19010956 | S6: CIV 19010836 | V6: CIV 19010951 | Y6: CIV 19011027 | AB6: CIV 19011016 | AE6: CIV 19010555
J7: CANTIDAD OFERTA ECONÓMICA | K7: CANTIDAD EJECUTADA (ACTA NO: 12) CTO 952/21 | L7: CANTIDAD PENDIENTE EJECUCIÓN | M7: CANTIDAD OFERTA ECONÓMICA | N7: CANTIDAD EJECUTADA (ACTA NO: 12) CTO 952/21 | O7: CANTIDAD PENDIENTE EJECUCIÓN | P7: CANTIDAD OFERTA ECONÓMICA | Q7: CANTIDAD EJECUTADA (ACTA NO: 12) CTO 952/21 | R7: CANTIDAD PENDIENTE EJECUCIÓN | S7: CANTIDAD OFERTA ECONÓMICA | T7: CANTIDAD EJECUTADA (ACTA NO: 12) CTO 952/21 | U7: CANTIDAD PENDIENTE EJECUCIÓN | V7: CANTIDAD OFERTA ECONÓMICA | W7: CANTIDAD EJECUTADA (ACTA NO: 12) CTO 952/21 | X7: CANTIDAD PENDIENTE EJECUCIÓN | Y7: CANTIDAD OFERTA ECONÓMICA | Z7: CANTIDAD EJECUTADA (ACTA NO: 12) CTO 952/21 | AA7: CANTIDAD PENDIENTE EJECUCIÓN | AB7: CANTIDAD OFERTA ECONÓMICA | AC7: CANTIDAD EJECUTADA (ACTA NO: 12) CTO 952/21 | AD7: CANTIDAD PENDIENTE EJECUCIÓN | AE7: CANTIDAD OFERTA ECONÓMICA | AF7: CANTIDAD EJECUTADA (ACTA NO: 12) CTO 952/21 | AG7: CANTIDAD PENDIENTE EJECUCIÓN
C8: 1 | D8: REPLANTEO, DEMOLICIONES Y EXCAVACIONES | F8: =IF(E8="","",MAX(0,ROUND(SUM(L8,O8,R8,U8,X8,AA8,AD8,AG8),2)))
C9: 1.1 | D9: REPLANTEO GENERAL | E9: M2 | F9: =IF(E9="","",MAX(0,ROUND(SUM(L9,O9,R9,U9,X9,AA9,AD9,AG9),2))) -> 64.71 | G9: =IF($E9="","",SUM(MAX($L9,0),MAX($O9,0),MAX($R9,0),MAX($U9,0),MAX($X9,0),MAX($AA9,0),MAX($AD9,0),MAX($AG9,0))) -> 95.74 | H9: 645.3397 | I9: =ROUND(H9*'INDEX ICOCIV'!$R$85,0) -> 878 | J9: 460.1 | K9: 440.02252 | L9: =+ROUND(J9-K9,2) -> 20.08 | M9: 238.7 | N9: 252.89007 | O9: =+ROUND(M9-N9,2) -> -14.19 | P9: 435.9 | Q9: 388.29937 | R9: =+ROUND(P9-Q9,2) -> 47.6 | S9: 388.3 | T9: 388.29937 | U9: =+ROUND(S9-T9,2) -> 0 | V9: 136.2 | W9: 110.94002 | X9: =+ROUND(V9-W9,2) -> 25.26 | Y9: 231.7 | Z9: 229.35982 | AA9: =+ROUND(Y9-Z9,2) -> 2.34 | AB9: 180.8 | AC9: 197.6401 | AD9: =+ROUND(AB9-AC9,2) -> -16.84 | AE9: 266 | AF9: 265.54077 | AG9: =+ROUND(AE9-AF9,2) -> 0.46
C10: 1.2 | D10: DEMOLICION PAVIMENTO ASFALTICO (ESPESOR VARIABLE. INCLUYE CARGUE). NO INCLUYE TRANSPORTE Y DISPOSICIÓN FINAL DE SOBRANTES. RENDIMIENTO ESTIMADO PARA ESPESORES MÁX. 0.15M. | E10: M3 | F10: =IF(E10="","",MAX(0,ROUND(SUM(L10,O10,R10,U10,X10,AA10,AD10,AG10),2))) -> 0 | G10: =IF($E10="","",SUM(MAX($L10,0),MAX($O10,0),MAX($R10,0),MAX($U10,0),MAX($X10,0),MAX($AA10,0),MAX($AD10,0),MAX($AG10,0))) -> 0 | H10: 25006.194 | I10: =ROUND(H10*'INDEX ICOCIV'!$R$85,0) -> 34008 | J10: 0 | K10: 0 | L10: =+ROUND(J10-K10,2) -> 0 | M10: 0 | N10: 0.37998585 | O10: =+ROUND(M10-N10,2) -> -0.38 | P10: 0 | R10: =+ROUND(P10-Q10,2) -> 0 | S10: 0 | U10: =+ROUND(S10-T10,2) -> 0 | V10: 0 | X10: =+ROUND(V10-W10,2) -> 0 | Y10: 0 | AA10: =+ROUND(Y10-Z10,2) -> 0 | AB10: 0 | AD10: =+ROUND(AB10-AC10,2) -> 0 | AE10: 0 | AG10: =+ROUND(AE10-AF10,2) -> 0
C11: 1.3 | D11: DEMOLICIÓN PISOS DE CONCRETO (INCLUYE CARGUE). NO INCLUYE TRANSPORTE Y DISPOSICIÓN FINAL DE SOBRANTES. RENDIMIENTO ESTIMADO PARA ESPESORES DE 0.20M | E11: M3 | F11: =IF(E11="","",MAX(0,ROUND(SUM(L11,O11,R11,U11,X11,AA11,AD11,AG11),2))) -> 34.25 | G11: =IF($E11="","",SUM(MAX($L11,0),MAX($O11,0),MAX($R11,0),MAX($U11,0),MAX($X11,0),MAX($AA11,0),MAX($AD11,0),MAX($AG11,0))) -> 43.02 | H11: 37629.154 | I11: =ROUND(H11*'INDEX ICOCIV'!$R$85,0) -> 51176 | J11: 0 | K11: 0 | L11: =+ROUND(J11-K11,2) -> 0 | M11: 0 | N11: 5.58 | O11: =+ROUND(M11-N11,2) -> -5.58 | P11: 0 | R11: =+ROUND(P11-Q11,2) -> 0 | S11: 0 | T11: 2.78 | U11: =+ROUND(S11-T11,2) -> -2.78 | V11: 0 | X11: =+ROUND(V11-W11,2) -> 0 | Y11: 0 | Z11: 0.40760948 | AA11: =+ROUND(Y11-Z11,2) -> -0.41 | AB11: 0 | AD11: =+ROUND(AB11-AC11,2) -> 0 | AE11: 44 | AF11: 0.97559993 | AG11: =+ROUND(AE11-AF11,2) -> 43.02
C12: 1.4 | D12: DEMOLICION MANUAL SARDINEL EXISTENTE (INCLUYE CARGUE). NO INCLUYE TRANSPORTE Y DISPOSICIÓN FINAL DE SOBRANTES. | E12: M | F12: =IF(E12="","",MAX(0,ROUND(SUM(L12,O12,R12,U12,X12,AA12,AD12,AG12),2))) -> 0 | G12: =IF($E12="","",SUM(MAX($L12,0),MAX($O12,0),MAX($R12,0),MAX($U12,0),MAX($X12,0),MAX($AA12,0),MAX($AD12,0),MAX($AG12,0))) -> 0 | H12: 3999.5719 | I12: =ROUND(H12*'INDEX ICOCIV'!$R$85,0) -> 5439 | J12: 0 | K12: 0 | L12: =+ROUND(J12-K12,2) -> 0 | M12: 0 | O12: =+ROUND(M12-N12,2) -> 0 | P12: 0 | R12: =+ROUND(P12-Q12,2) -> 0 | S12: 0 | U12: =+ROUND(S12-T12,2) -> 0 | V12: 0 | X12: =+ROUND(V12-W12,2) -> 0 | Y12: 0 | AA12: =+ROUND(Y12-Z12,2) -> 0 | AB12: 0 | AD12: =+ROUND(AB12-AC12,2) -> 0 | AE12: 0 | AG12: =+ROUND(AE12-AF12,2) -> 0
C13: 1.5 | D13: DEMOLICION SUMIDERO EXISTENTE (INCLUYE CARGUE) | E13: UN | F13: =IF(E13="","",MAX(0,ROUND(SUM(L13,O13,R13,U13,X13,AA13,AD13,AG13),2))) -> 0 | G13: =IF($E13="","",SUM(MAX($L13,0),MAX($O13,0),MAX($R13,0),MAX($U13,0),MAX($X13,0),MAX($AA13,0),MAX($AD13,0),MAX($AG13,0))) -> 0 | H13: 123267.55 | I13: =ROUND(H13*'INDEX ICOCIV'!$R$85,0) -> 167644 | J13: 0 | K13: 0 | L13: =+ROUND(J13-K13,2) -> 0 | M13: 0 | O13: =+ROUND(M13-N13,2) -> 0 | P13: 0 | R13: =+ROUND(P13-Q13,2) -> 0 | S13: 0 | U13: =+ROUND(S13-T13,2) -> 0 | V13: 0 | X13: =+ROUND(V13-W13,2) -> 0 | Y13: 0 | AA13: =+ROUND(Y13-Z13,2) -> 0 | AB13: 0 | AD13: =+ROUND(AB13-AC13,2) -> 0 | AE13: 0 | AG13: =+ROUND(AE13-AF13,2) -> 0
C14: 1.6 | D14: DEMOLICION DE POZOS, CAJAS Y CAMARAS DE EMPRESAS DE SERVICIOS PÚBLICOS (INCLUYE MARTILLO NEUMÁTICO DE 60 LB, COMPRESOR Y CARGUE). | E14: M3 | F14: =IF(E14="","",MAX(0,ROUND(SUM(L14,O14,R14,U14,X14,AA14,AD14,AG14),2))) -> 27.14 | G14: =IF($E14="","",SUM(MAX($L14,0),MAX($O14,0),MAX($R14,0),MAX($U14,0),MAX($X14,0),MAX($AA14,0),MAX($AD14,0),MAX($AG14,0))) -> 29.13 | H14: 189872.75 | I14: =ROUND(H14*'INDEX ICOCIV'!$R$85,0) -> 258227 | J14: 17 | K14: 2.2319999 | L14: =+ROUND(J14-K14,2) -> 14.77 | M14: 3 | N14: 1.63 | O14: =+ROUND(M14-N14,2) -> 1.37 | P14: 5 | Q14: 0.64000232 | R14: =+ROUND(P14-Q14,2) -> 4.36 | S14: 6 | T14: 2.4120022 | U14: =+ROUND(S14-T14,2) -> 3.59 | V14: 1 | W14: 0.71999801 | X14: =+ROUND(V14-W14,2) -> 0.28 | Y14: 1 | Z14: 2.9880012 | AA14: =+ROUND(Y14-Z14,2) -> -1.99 | AB14: 2 | AC14: 0.64000232 | AD14: =+ROUND(AB14-AC14,2) -> 1.36 | AE14: 6 | AF14: 2.6040025 | AG14: =+ROUND(AE14-AF14,2) -> 3.4
C15: 1.7 | D15: DEMOLICION PISOS DE CONCRETO (ESPESOR VARIABLE. INCLUYE CARGUE). NO INCLUYE TRANSPORTE Y DISPOSICIÓN FINAL DE SOBRANTES. RENDIMIENTO ESTIMADO PARA UN ESPESOR DE 0.10M | E15: M2 | F15: =IF(E15="","",MAX(0,ROUND(SUM(L15,O15,R15,U15,X15,AA15,AD15,AG15),2))) -> 829.66 | G15: =IF($E15="","",SUM(MAX($L15,0),MAX($O15,0),MAX($R15,0),MAX($U15,0),MAX($X15,0),MAX($AA15,0),MAX($AD15,0),MAX($AG15,0))) -> 830.14 | H15: 5232.7173 | I15: =ROUND(H15*'INDEX ICOCIV'!$R$85,0) -> 7116 | J15: 220 | K15: 10.229957 | L15: =+ROUND(J15-K15,2) -> 209.77 | M15: 74 | O15: =+ROUND(M15-N15,2) -> 74 | P15: 182 | Q15: 1.6299371 | R15: =+ROUND(P15-Q15,2) -> 180.37 | S15: 161 | U15: =+ROUND(S15-T15,2) -> 161 | V15: 52 | W15: 18.000017 | X15: =+ROUND(V15-W15,2) -> 34 | Y15: 109 | AA15: =+ROUND(Y15-Z15,2) -> 109 | AB15: 62 | AD15: =+ROUND(AB15-AC15,2) -> 62 | AE15: 0 | AF15: 0.48005651 | AG15: =+ROUND(AE15-AF15,2) -> -0.48
C16: 1.8 | D16: DEMOLICIÓN CONCRETO ESTRUCTURAL (INCLUYE CARGUE). NO INCLUYE TRANSPORTE Y DISPOSICIÓN FINAL DE SOBRANTES. | E16: M3 | F16: =IF(E16="","",MAX(0,ROUND(SUM(L16,O16,R16,U16,X16,AA16,AD16,AG16),2))) -> 0 | G16: =IF($E16="","",SUM(MAX($L16,0),MAX($O16,0),MAX($R16,0),MAX($U16,0),MAX($X16,0),MAX($AA16,0),MAX($AD16,0),MAX($AG16,0))) -> 1 | H16: 122712.35 | I16: =ROUND(H16*'INDEX ICOCIV'!$R$85,0) -> 166889 | J16: 0 | K16: 0.099199469 | L16: =+ROUND(J16-K16,2) -> -0.1 | M16: 0 | N16: 2.1099995 | O16: =+ROUND(M16-N16,2) -> -2.11 | P16: 0 | R16: =+ROUND(P16-Q16,2) -> 0 | S16: 0 | U16: =+ROUND(S16-T16,2) -> 0 | V16: 0 | X16: =+ROUND(V16-W16,2) -> 0 | Y16: 0 | AA16: =+ROUND(Y16-Z16,2) -> 0 | AB16: 0 | AD16: =+ROUND(AB16-AC16,2) -> 0 | AE16: 1 | AG16: =+ROUND(AE16-AF16,2) -> 1
C17: 1.9 | D17: EXCAVACION MECANICA EN MATERIAL COMUN (INCLUYE CARGUE) | E17: M3 | F17: =IF(E17="","",MAX(0,ROUND(SUM(L17,O17,R17,U17,X17,AA17,AD17,AG17),2))) -> 763.22 | G17: ='CANTIDADES VALOR INICIAL'!H9 -> 645.3397 | H17: 4852.034 | I17: =ROUND(H17*'INDEX ICOCIV'!$R$85,0) -> 6599 | J17: 216 | K17: 0 | L17: =+ROUND(J17-K17,2) -> 216 | M17: 149 | N17: 263.33987 | O17: =+ROUND(M17-N17,2) -> -114.34 | P17: 228 | R17: =+ROUND(P17-Q17,2) -> 228 | S17: 204 | U17: =+ROUND(S17-T17,2) -> 204 | V17: 76 | W17: 6.4599712 | X17: =+ROUND(V17-W17,2) -> 69.54 | Y17: 110 | Z17: 139.07982 | AA17: =+ROUND(Y17-Z17,2) -> -29.08 | AB17: 107 | AC17: 108.90443 | AD17: =+ROUND(AB17-AC17,2) -> -1.9 | AE17: 191 | AG17: =+ROUND(AE17-AF17,2) -> 191
C18: 1.10 | D18: EXCAVACIÓN MANUAL EN MATERIAL COMÚN (INCL CARGUE, TRANSPORTE Y DISPOSICION FINAL) | E18: M3 | F18: =IF(E18="","",MAX(0,ROUND(SUM(L18,O18,R18,U18,X18,AA18,AD18,AG18),2))) -> 0 | G18: =IF($E18="","",SUM(MAX($L18,0),MAX($O18,0),MAX($R18,0),MAX($U18,0),MAX($X18,0),MAX($AA18,0),MAX($AD18,0),MAX($AG18,0))) -> 95.83 | H18: 58604.132 | I18: =ROUND(H18*'INDEX ICOCIV'!$R$85,0) -> 79702 | J18: 198 | K18: 283.48729 | L18: =+ROUND(J18-K18,2) -> -85.49 | M18: 66 | N18: 208.61098 | O18: =+ROUND(M18-N18,2) -> -142.61 | P18: 164 | Q18: 68.168981 | R18: =+ROUND(P18-Q18,2) -> 95.83 | S18: 145 | T18: 166.14168 | U18: =+ROUND(S18-T18,2) -> -21.14 | V18: 47 | W18: 65.269988 | X18: =+ROUND(V18-W18,2) -> -18.27 | Y18: 98 | Z18: 203.61521 | AA18: =+ROUND(Y18-Z18,2) -> -105.62 | AB18: 56 | AC18: 97.720549 | AD18: =+ROUND(AB18-AC18,2) -> -41.72 | AE18: 0 | AF18: 94.121923 | AG18: =+ROUND(AE18-AF18,2) -> -94.12
C19: 1.11 | D19: FRESADO PAVIMENTO ASFALTICO PROFUNDIDAD DE FRESADO 0 - 18 CM. (INCLUYE CARGUE) | E19: M3 | F19: =IF(E19="","",MAX(0,ROUND(SUM(L19,O19,R19,U19,X19,AA19,AD19,AG19),2))) -> 0 | G19: =IF($E19="","",SUM(MAX($L19,0),MAX($O19,0),MAX($R19,0),MAX($U19,0),MAX($X19,0),MAX($AA19,0),MAX($AD19,0),MAX($AG19,0))) -> 0 | H19: 75381.047 | I19: =ROUND(H19*'INDEX ICOCIV'!$R$85,0) -> 102518 | J19: 0 | K19: 0 | L19: =+ROUND(J19-K19,2) -> 0 | M19: 0 | O19: =+ROUND(M19-N19,2) -> 0 | P19: 0 | R19: =+ROUND(P19-Q19,2) -> 0 | S19: 0 | U19: =+ROUND(S19-T19,2) -> 0 | V19: 0 | X19: =+ROUND(V19-W19,2) -> 0 | Y19: 0 | AA19: =+ROUND(Y19-Z19,2) -> 0 | AB19: 0 | AD19: =+ROUND(AB19-AC19,2) -> 0 | AE19: 0 | AG19: =+ROUND(AE19-AF19,2) -> 0
C20: 1.12 | D20: TALA DE ARBOLES CLASE I (H<5M. INCLUYE DESENRAÍCE, RETIRO Y DISPOSICIÓN FINAL) | E20: UN | F20: =IF(E20="","",MAX(0,ROUND(SUM(L20,O20,R20,U20,X20,AA20,AD20,AG20),2))) -> 0 | G20: =IF($E20="","",SUM(MAX($L20,0),MAX($O20,0),MAX($R20,0),MAX($U20,0),MAX($X20,0),MAX($AA20,0),MAX($AD20,0),MAX($AG20,0))) -> 0 | H20: 131088.34 | I20: =ROUND(H20*'INDEX ICOCIV'!$R$85,0) -> 178280 | J20: 0 | K20: 0 | L20: =+ROUND(J20-K20,2) -> 0 | M20: 0 | O20: =+ROUND(M20-N20,2) -> 0 | P20: 0 | R20: =+ROUND(P20-Q20,2) -> 0 | S20: 0 | U20: =+ROUND(S20-T20,2) -> 0 | V20: 0 | X20: =+ROUND(V20-W20,2) -> 0 | Y20: 0 | AA20: =+ROUND(Y20-Z20,2) -> 0 | AB20: 0 | AD20: =+ROUND(AB20-AC20,2) -> 0 | AE20: 0 | AG20: =+ROUND(AE20-AF20,2) -> 0
C21: 1.13 | D21: TRANSPORTE Y DISPOSICION FINAL DE ESCOMBROS EN SITIO AUTORIZADO (DISTANCIA DE TRANSPORTE 21 KM). A DISTANCIA MAYOR DEL ACARREO LIBRE (90 M) EN SITIO AUTORIZADO POR LA ENTIDAD AMBIENTAL COMPETENTE. | E21: M3 | F21: =IF(E21="","",MAX(0,ROUND(SUM(L21,O21,R21,U21,X21,AA21,AD21,AG21),2))) -> 1241.49 | G21: =IF($E21="","",SUM(MAX($L21,0),MAX($O21,0),MAX($R21,0),MAX($U21,0),MAX($X21,0),MAX($AA21,0),MAX($AD21,0),MAX($AG21,0))) -> 1450.13 | H21: 23862.227 | I21: =ROUND(H21*'INDEX ICOCIV'!$R$85,0) -> 32453 | J21: 328 | K21: 0 | L21: =+ROUND(J21-K21,2) -> 328 | M21: 206 | N21: 366.78751 | O21: =+ROUND(M21-N21,2) -> -160.79 | P21: 323 | Q21: 15.812062 | R21: =+ROUND(P21-Q21,2) -> 307.19 | S21: 291 | U21: =+ROUND(S21-T21,2) -> 291 | V21: 106 | W21: 14.999983 | X21: =+ROUND(V21-W21,2) -> 91 | Y21: 156 | Z21: 203.85001 | AA21: =+ROUND(Y21-Z21,2) -> -47.85 | AB21: 148 | AC21: 110.06001 | AD21: =+ROUND(AB21-AC21,2) -> 37.94 | AE21: 395 | AG21: =+ROUND(AE21-AF21,2) -> 395
C22: 2 | D22: RELLENOS Y PAVIMENTOS | F22: =IF(E22="","",MAX(0,ROUND(SUM(L22,O22,R22,U22,X22,AA22,AD22,AG22),2)))
C23: 2.1 | D23: NIVELACION Y COMPACTACIÓN DE SUBRASANTE | E23: M2 | F23: =IF(E23="","",MAX(0,ROUND(SUM(L23,O23,R23,U23,X23,AA23,AD23,AG23),2))) -> 2002.37 | G23: =IF($E23="","",SUM(MAX($L23,0),MAX($O23,0),MAX($R23,0),MAX($U23,0),MAX($X23,0),MAX($AA23,0),MAX($AD23,0),MAX($AG23,0))) -> 2002.37 | H23: 1128.6253 | I23: =ROUND(H23*'INDEX ICOCIV'!$R$85,0) -> 1535 | J23: 460 | L23: =+ROUND(J23-K23,2) -> 460 | M23: 239 | N23: 164.79533 | O23: =+ROUND(M23-N23,2) -> 74.2 | P23: 436 | R23: =+ROUND(P23-Q23,2) -> 436 | S23: 388 | U23: =+ROUND(S23-T23,2) -> 388 | V23: 136 | W23: 89.999755 | X23: =+ROUND(V23-W23,2) -> 46 | Y23: 232 | AA23: =+ROUND(Y23-Z23,2) -> 232 | AB23: 181 | AC23: 80.831964 | AD23: =+ROUND(AB23-AC23,2) -> 100.17 | AE23: 266 | AG23: =+ROUND(AE23-AF23,2) -> 266
C24: 2.2 | D24: ESTABILIZACIÓN DE SUBRASANTE CON RAJÓN, INCLUYE EQUIPO DE COMPACTACIÓN (SUMINISTRO, EXTENDIDO, NIVELACIÓN Y COMPACTACIÓN CON EQUIPO MECÁNICO) | E24: M3 | F24: =IF(E24="","",MAX(0,ROUND(SUM(L24,O24,R24,U24,X24,AA24,AD24,AG24),2))) -> 601.29 | G24: =IF($E24="","",SUM(MAX($L24,0),MAX($O24,0),MAX($R24,0),MAX($U24,0),MAX($X24,0),MAX($AA24,0),MAX($AD24,0),MAX($AG24,0))) -> 601.29 | H24: 82634.166 | I24: =ROUND(H24*'INDEX ICOCIV'!$R$85,0) -> 112382 | J24: 138 | L24: =+ROUND(J24-K24,2) -> 138 | M24: 72 | N24: 55.790004 | O24: =+ROUND(M24-N24,2) -> 16.21 | P24: 131 | R24: =+ROUND(P24-Q24,2) -> 131 | S24: 194 | U24: =+ROUND(S24-T24,2) -> 194 | V24: 41 | W24: 18 | X24: =+ROUND(V24-W24,2) -> 23 | Y24: 70 | Z24: 63.439994 | AA24: =+ROUND(Y24-Z24,2) -> 6.56 | AB24: 54 | AC24: 41.479997 | AD24: =+ROUND(AB24-AC24,2) -> 12.52 | AE24: 80 | AG24: =+ROUND(AE24-AF24,2) -> 80
C25: 2.3 | D25: SUBBASE GRANULAR CLASE A (SBG_A) (SUMINISTRO, EXTENDIDO, NIVELACIÓN, HUMEDECIMIENTO Y COMPACTACIÓN CON VIBRO COMPACTADOR) | E25: M3 | F25: =IF(E25="","",MAX(0,ROUND(SUM(L25,O25,R25,U25,X25,AA25,AD25,AG25),2))) -> 0 | G25: =IF($E25="","",SUM(MAX($L25,0),MAX($O25,0),MAX($R25,0),MAX($U25,0),MAX($X25,0),MAX($AA25,0),MAX($AD25,0),MAX($AG25,0))) -> 0 | H25: 112129.93 | I25: =ROUND(H25*'INDEX ICOCIV'!$R$85,0) -> 152497 | J25: 0 | L25: =+ROUND(J25-K25,2) -> 0 | M25: 0 | O25: =+ROUND(M25-N25,2) -> 0 | P25: 0 | R25: =+ROUND(P25-Q25,2) -> 0 | S25: 0 | U25: =+ROUND(S25-T25,2) -> 0 | V25: 0 | X25: =+ROUND(V25-W25,2) -> 0 | Y25: 0 | AA25: =+ROUND(Y25-Z25,2) -> 0 | AB25: 0 | AD25: =+ROUND(AB25-AC25,2) -> 0 | AE25: 0 | AG25: =+ROUND(AE25-AF25,2) -> 0
C26: 2.4 | D26: SUBBASE GRANULAR CLASE C (SBG _ C) (SUMINISTRO, EXTENDIDO, NIVELACIÓN, HUMEDECIMIENTO Y COMPACTACIÓN CON VIBRO COMPACTADOR). | E26: M3 | F26: =IF(E26="","",MAX(0,ROUND(SUM(L26,O26,R26,U26,X26,AA26,AD26,AG26),2))) -> 371.59 | G26: =IF($E26="","",SUM(MAX($L26,0),MAX($O26,0),MAX($R26,0),MAX($U26,0),MAX($X26,0),MAX($AA26,0),MAX($AD26,0),MAX($AG26,0))) -> 382.35 | H26: 120001.54 | I26: =ROUND(H26*'INDEX ICOCIV'!$R$85,0) -> 163202 | J26: 144 | K26: 49.795001 | L26: =+ROUND(J26-K26,2) -> 94.2 | M26: 72 | N26: 66.3862 | O26: =+ROUND(M26-N26,2) -> 5.61 | P26: 136 | R26: =+ROUND(P26-Q26,2) -> 136 | S26: 195 | T26: 57.974697 | U26: =+ROUND(S26-T26,2) -> 137.03 | V26: 30 | W26: 30.099997 | X26: =+ROUND(V26-W26,2) -> -0.1 | Y26: 70 | Z26: 63.890996 | AA26: =+ROUND(Y26-Z26,2) -> 6.11 | AB26: 55 | AC26: 65.655999 | AD26: =+ROUND(AB26-AC26,2) -> -10.66 | AE26: 66 | AF26: 62.604496 | AG26: =+ROUND(AE26-AF26,2) -> 3.4
C27: 2.5 | D27: IMPRIMACIÓN CON EMULSIÓN ASFÁLTICA CLR-0 (SUMINISTRO, BARRIDO, SUPERFICIE Y RIEGO). | E27: M2 | F27: =IF(E27="","",MAX(0,ROUND(SUM(L27,O27,R27,U27,X27,AA27,AD27,AG27),2))) -> 0 | G27: =IF($E27="","",SUM(MAX($L27,0),MAX($O27,0),MAX($R27,0),MAX($U27,0),MAX($X27,0),MAX($AA27,0),MAX($AD27,0),MAX($AG27,0))) -> 49 | H27: 2246.7027 | I27: =ROUND(H27*'INDEX ICOCIV'!$R$85,0) -> 3056 | J27: 0 | L27: =+ROUND(J27-K27,2) -> 0 | M27: 0 | N27: 90.670208 | O27: =+ROUND(M27-N27,2) -> -90.67 | P27: 0 | R27: =+ROUND(P27-Q27,2) -> 0 | S27: 0 | U27: =+ROUND(S27-T27,2) -> 0 | V27: 0 | X27: =+ROUND(V27-W27,2) -> 0 | Y27: 0 | Z27: 75.600123 | AA27: =+ROUND(Y27-Z27,2) -> -75.6 | AB27: 0 | AC27: 83.999988 | AD27: =+ROUND(AB27-AC27,2) -> -84 | AE27: 49 | AG27: =+ROUND(AE27-AF27,2) -> 49
C28: 2.6 | D28: MEZCLA ASFÁLTICA EN CALIENTE TIPO DENSO MD12 ASFALTO CONVENCIONAL 80-100 (CEMENTO ASFÁLTICO 80-100) (SUMINISTRO, EXTENDIDO, NIVELACIÓN Y COMPACTACIÓN CON VIBROCOMPACTADOR Y COMPACTADOR DE LLANTAS) | E28: M3 | F28: =IF(E28="","",MAX(0,ROUND(SUM(L28,O28,R28,U28,X28,AA28,AD28,AG28),2))) -> 14.8 | G28: =IF($E28="","",SUM(MAX($L28,0),MAX($O28,0),MAX($R28,0),MAX($U28,0),MAX($X28,0),MAX($AA28,0),MAX($AD28,0),MAX($AG28,0))) -> 15.35 | H28: 597338.12 | I28: =ROUND(H28*'INDEX ICOCIV'!$R$85,0) -> 812380 | J28: 3.5 | L28: =+ROUND(J28-K28,2) -> 3.5 | M28: 4.8 | N28: 3.6299993 | O28: =+ROUND(M28-N28,2) -> 1.17 | P28: 6.3 | R28: =+ROUND(P28-Q28,2) -> 6.3 | S28: 0 | U28: =+ROUND(S28-T28,2) -> 0 | V28: 2.4 | X28: =+ROUND(V28-W28,2) -> 2.4 | Y28: 3.1 | Z28: 3.0199998 | AA28: =+ROUND(Y28-Z28,2) -> 0.08 | AB28: 2.4 | AC28: 2.9519998 | AD28: =+ROUND(AB28-AC28,2) -> -0.55 | AE28: 1.9 | AG28: =+ROUND(AE28-AF28,2) -> 1.9
C29: 2.7 | D29: LOSA DE CONCRETO MR 43 (SUMINISTRO, FORMALETEADO, COLOCACIÓN Y ACABADO, NO INCLUYE ACERO, CURADO, JUNTAS)-TEXTURIZADO SIMILAR A A-20. | E29: M3 | F29: =IF(E29="","",MAX(0,ROUND(SUM(L29,O29,R29,U29,X29,AA29,AD29,AG29),2))) -> 305.07 | G29: =IF($E29="","",SUM(MAX($L29,0),MAX($O29,0),MAX($R29,0),MAX($U29,0),MAX($X29,0),MAX($AA29,0),MAX($AD29,0),MAX($AG29,0))) -> 305.07 | H29: 494529.66 | I29: =ROUND(H29*'INDEX ICOCIV'!$R$85,0) -> 672560 | J29: 61.8 | L29: =+ROUND(J29-K29,2) -> 61.8 | M29: 38.6 | N29: 11.73 | O29: =+ROUND(M29-N29,2) -> 26.87 | P29: 67.8 | R29: =+ROUND(P29-Q29,2) -> 67.8 | S29: 77.7 | U29: =+ROUND(S29-T29,2) -> 77.7 | V29: 22.5 | X29: =+ROUND(V29-W29,2) -> 22.5 | Y29: 37.2 | Z29: 19.694002 | AA29: =+ROUND(Y29-Z29,2) -> 17.51 | AB29: 24.6 | AC29: 12.312 | AD29: =+ROUND(AB29-AC29,2) -> 12.29 | AE29: 18.6 | AG29: =+ROUND(AE29-AF29,2) -> 18.6
C30: 2.8 | D30: CURADO DE LOSAS DE CONCRETO (SUMINISTRO Y APLICACIÓN) | E30: M2 | F30: =IF(E30="","",MAX(0,ROUND(SUM(L30,O30,R30,U30,X30,AA30,AD30,AG30),2))) -> 773.23 | G30: =IF($E30="","",SUM(MAX($L30,0),MAX($O30,0),MAX($R30,0),MAX($U30,0),MAX($X30,0),MAX($AA30,0),MAX($AD30,0),MAX($AG30,0))) -> 945.06 | H30: 1498.7607 | I30: =ROUND(H30*'INDEX ICOCIV'!$R$85,0) -> 2038 | J30: 309 | K30: 129.50033 | L30: =+ROUND(J30-K30,2) -> 179.5 | M30: 193 | N30: 158.29145 | O30: =+ROUND(M30-N30,2) -> 34.71 | P30: 339 | R30: =+ROUND(P30-Q30,2) -> 339 | S30: 388 | T30: 116.75046 | U30: =+ROUND(S30-T30,2) -> 271.25 | V30: 113 | W30: 16.703801 | X30: =+ROUND(V30-W30,2) -> 96.3 | Y30: 186 | Z30: 161.70026 | AA30: =+ROUND(Y30-Z30,2) -> 24.3 | AB30: 123 | AC30: 164.96029 | AD30: =+ROUND(AB30-AC30,2) -> -41.96 | AE30: 49 | AF30: 178.86978 | AG30: =+ROUND(AE30-AF30,2) -> -129.87
C31: 2.9 | D31: CORTE Y AMPLIACIÓN DE JUNTA EN PAVIMENTO DE CONCRETO HIDRÁULICO. | E31: M | F31: =IF(E31="","",MAX(0,ROUND(SUM(L31,O31,R31,U31,X31,AA31,AD31,AG31),2))) -> 1032.43 | G31: =IF($E31="","",SUM(MAX($L31,0),MAX($O31,0),MAX($R31,0),MAX($U31,0),MAX($X31,0),MAX($AA31,0),MAX($AD31,0),MAX($AG31,0))) -> 1053.46 | H31: 4657.3773 | I31: =ROUND(H31*'INDEX ICOCIV'!$R$85,0) -> 6334 | J31: 181.3 | K31: 52.000082 | L31: =+ROUND(J31-K31,2) -> 129.3 | M31: 243.2 | N31: 95.285602 | O31: =+ROUND(M31-N31,2) -> 147.91 | P31: 316.8 | R31: =+ROUND(P31-Q31,2) -> 316.8 | S31: 455.8 | T31: 47.149927 | U31: =+ROUND(S31-T31,2) -> 408.65 | V31: 122.7 | W31: 128.34004 | X31: =+ROUND(V31-W31,2) -> -5.64 | Y31: 156.4 | Z31: 162.52881 | AA31: =+ROUND(Y31-Z31,2) -> -6.13 | AB31: 184.9 | AC31: 134.10294 | AD31: =+ROUND(AB31-AC31,2) -> 50.8 | AE31: 118.5 | AF31: 127.76418 | AG31: =+ROUND(AE31-AF31,2) -> -9.26
C32: 2.10 | D32: SELLADO DE JUNTAS EN PAVIMENTO DE CONCRETO HIDRÁULICO (INCLUYE LIMPIEZA, SUMINISTRO E INSTALACIÓN DE FONDO Y SELLANTE) | E32: M | F32: =IF(E32="","",MAX(0,ROUND(SUM(L32,O32,R32,U32,X32,AA32,AD32,AG32),2))) -> 1096.12 | G32: =IF($E32="","",SUM(MAX($L32,0),MAX($O32,0),MAX($R32,0),MAX($U32,0),MAX($X32,0),MAX($AA32,0),MAX($AD32,0),MAX($AG32,0))) -> 1111.02 | H32: 8735.579 | I32: =ROUND(H32*'INDEX ICOCIV'!$R$85,0) -> 11880 | J32: 181.3 | K32: 51.999988 | L32: =+ROUND(J32-K32,2) -> 129.3 | M32: 243.2 | N32: 95.285681 | O32: =+ROUND(M32-N32,2) -> 147.91 | P32: 316.8 | R32: =+ROUND(P32-Q32,2) -> 316.8 | S32: 455.8 | T32: 47.150052 | U32: =+ROUND(S32-T32,2) -> 408.65 | V32: 122.7 | W32: 128.33998 | X32: =+ROUND(V32-W32,2) -> -5.64 | Y32: 156.4 | Z32: 115.49996 | AA32: =+ROUND(Y32-Z32,2) -> 40.9 | AB32: 184.9 | AC32: 117.44282 | AD32: =+ROUND(AB32-AC32,2) -> 67.46 | AE32: 118.5 | AF32: 127.76428 | AG32: =+ROUND(AE32-AF32,2) -> -9.26
C33: 2.11 | D33: ESTAMPADO PARA CONCRETO MR DE POMPEYANOS, ACCESOS VEHICULARES A PREDIOS Y VÍAS (ACABADO Y CURADO, SUMINISTRO Y MANO DE OBRA, INCLUYE JUEGO DE MOLDES, COLOR ENDURECEDOR DE CUARZO, DESMOLDANTE EN POLVO COLOR, SELLADOR ACRÍLICO TRANSPARENTE SEMILUSTRE). | E33: M2 | F33: =IF(E33="","",MAX(0,ROUND(SUM(L33,O33,R33,U33,X33,AA33,AD33,AG33),2))) -> 0 | G33: =IF($E33="","",SUM(MAX($L33,0),MAX($O33,0),MAX($R33,0),MAX($U33,0),MAX($X33,0),MAX($AA33,0),MAX($AD33,0),MAX($AG33,0))) -> 157 | H33: 35499.437 | I33: =ROUND(H33*'INDEX ICOCIV'!$R$85,0) -> 48279 | J33: 89 | K33: 129.5 | L33: =+ROUND(J33-K33,2) -> -40.5 | M33: 119 | N33: 158.292 | O33: =+ROUND(M33-N33,2) -> -39.29 | P33: 157 | R33: =+ROUND(P33-Q33,2) -> 157 | S33: 0 | T33: 100.55802 | U33: =+ROUND(S33-T33,2) -> -100.56 | V33: 61 | W33: 86.000012 | X33: =+ROUND(V33-W33,2) -> -25 | Y33: 77 | Z33: 161.7 | AA33: =+ROUND(Y33-Z33,2) -> -84.7 | AB33: 61 | AC33: 164.96003 | AD33: =+ROUND(AB33-AC33,2) -> -103.96 | AE33: 49 | AF33: 178.86999 | AG33: =+ROUND(AE33-AF33,2) -> -129.87
C34: 2.12 | D34: ACERO DE REFUERZO (INCLUYE SUMINISTRO, FIGURADO Y FIJACIÓN) | E34: KG | F34: =IF(E34="","",MAX(0,ROUND(SUM(L34,O34,R34,U34,X34,AA34,AD34,AG34),2))) -> 0 | G34: =IF($E34="","",SUM(MAX($L34,0),MAX($O34,0),MAX($R34,0),MAX($U34,0),MAX($X34,0),MAX($AA34,0),MAX($AD34,0),MAX($AG34,0))) -> 0 | H34: 5276.8267 | I34: =ROUND(H34*'INDEX ICOCIV'!$R$85,0) -> 7176 | J34: 0 | L34: =+ROUND(J34-K34,2) -> 0 | M34: 0 | N34: 21.388802 | O34: =+ROUND(M34-N34,2) -> -21.39 | P34: 0 | R34: =+ROUND(P34-Q34,2) -> 0 | S34: 0 | U34: =+ROUND(S34-T34,2) -> 0 | V34: 0 | X34: =+ROUND(V34-W34,2) -> 0 | Y34: 0 | AA34: =+ROUND(Y34-Z34,2) -> 0 | AB34: 0 | AD34: =+ROUND(AB34-AC34,2) -> 0 | AE34: 218.1 | AF34: 2062.4217 | AG34: =+ROUND(AE34-AF34,2) -> -1844.32
C35: 2.13 | D35: CANASTILLA PASAJUNTAS (INCLUYE SUMINISTRO Y FIJACIÓN) | E35: KG | F35: =IF(E35="","",MAX(0,ROUND(SUM(L35,O35,R35,U35,X35,AA35,AD35,AG35),2))) -> 900.5 | G35: =IF($E35="","",SUM(MAX($L35,0),MAX($O35,0),MAX($R35,0),MAX($U35,0),MAX($X35,0),MAX($AA35,0),MAX($AD35,0),MAX($AG35,0))) -> 1160.81 | H35: 5138.7451 | I35: =ROUND(H35*'INDEX ICOCIV'!$R$85,0) -> 6989 | J35: 186.6 | L35: =+ROUND(J35-K35,2) -> 186.6 | M35: 248.9 | N35: 300.68995 | O35: =+ROUND(M35-N35,2) -> -51.79 | P35: 320 | R35: =+ROUND(P35-Q35,2) -> 320 | S35: 453.3 | T35: 16.286077 | U35: =+ROUND(S35-T35,2) -> 437.01 | V35: 124.4 | W35: 51.599952 | X35: =+ROUND(V35-W35,2) -> 72.8 | Y35: 160 | Z35: 292.98009 | AA35: =+ROUND(Y35-Z35,2) -> -132.98 | AB35: 186.6 | AC35: 262.14007 | AD35: =+ROUND(AB35-AC35,2) -> -75.54 | AE35: 144.4 | AG35: =+ROUND(AE35-AF35,2) -> 144.4
C36: 2.14 | D36: GEOTEXTIL NT 2000 PARA SEPARACION SUBRASANTE/CAPAS GRANULARES (INCLUYE SUMINISTRO E INSTALACIÓN) | E36: M2 | F36: =IF(E36="","",MAX(0,ROUND(SUM(L36,O36,R36,U36,X36,AA36,AD36,AG36),2))) -> 2777.1 | G36: =IF($E36="","",SUM(MAX($L36,0),MAX($O36,0),MAX($R36,0),MAX($U36,0),MAX($X36,0),MAX($AA36,0),MAX($AD36,0),MAX($AG36,0))) -> 2777.1 | H36: 6817.779 | I36: =ROUND(H36*'INDEX ICOCIV'!$R$85,0) -> 9272 | J36: 486.6 | L36: =+ROUND(J36-K36,2) -> 486.6 | M36: 431.8 | O36: =+ROUND(M36-N36,2) -> 431.8 | P36: 652.3 | R36: =+ROUND(P36-Q36,2) -> 652.3 | S36: 388.3 | U36: =+ROUND(S36-T36,2) -> 388.3 | V36: 233.8 | X36: =+ROUND(V36-W36,2) -> 233.8 | Y36: 339.4 | AA36: =+ROUND(Y36-Z36,2) -> 339.4 | AB36: 244.9 | AD36: =+ROUND(AB36-AC36,2) -> 244.9 | AE36: 0 | AG36: =+ROUND(AE36-AF36,2) -> 0
C37: 3 | D37: ACABADOS DE PISOS Y PREFABRICADOS | F37: =IF(E37="","",MAX(0,ROUND(SUM(L37,O37,R37,U37,X37,AA37,AD37,AG37),2)))
C38: 3.1 | D38: CAÑUELA TIPO A120 (SUMINISTRO E INSTALACIÓN. INCLUYE 3CM MORTERO 2000 PSI) | E38: M | F38: =IF(E38="","",MAX(0,ROUND(SUM(L38,O38,R38,U38,X38,AA38,AD38,AG38),2))) -> 305.76 | G38: =IF($E38="","",SUM(MAX($L38,0),MAX($O38,0),MAX($R38,0),MAX($U38,0),MAX($X38,0),MAX($AA38,0),MAX($AD38,0),MAX($AG38,0))) -> 305.76 | H38: 45956.241 | I38: =ROUND(H38*'INDEX ICOCIV'!$R$85,0) -> 62500 | J38: 63.9 | L38: =+ROUND(J38-K38,2) -> 63.9 | M38: 50.1 | N38: 46.460008 | O38: =+ROUND(M38-N38,2) -> 3.64 | P38: 63.7 | R38: =+ROUND(P38-Q38,2) -> 63.7 | S38: 58.6 | U38: =+ROUND(S38-T38,2) -> 58.6 | V38: 19.5 | X38: =+ROUND(V38-W38,2) -> 19.5 | Y38: 32.2 | Z38: 28.579992 | AA38: =+ROUND(Y38-Z38,2) -> 3.62 | AB38: 30.6 | AC38: 24.60001 | AD38: =+ROUND(AB38-AC38,2) -> 6 | AE38: 86.8 | AG38: =+ROUND(AE38-AF38,2) -> 86.8
C39: 3.2 | D39: BORDILLO PREFABRICADO A80 (SUMINISTRO E INSTALACIÓN. INCLUYE 3CM MORTERO DE NIVELACIÓN 2000 PSI) | E39: M | F39: =IF(E39="","",MAX(0,ROUND(SUM(L39,O39,R39,U39,X39,AA39,AD39,AG39),2))) -> 103.74 | G39: =IF($E39="","",SUM(MAX($L39,0),MAX($O39,0),MAX($R39,0),MAX($U39,0),MAX($X39,0),MAX($AA39,0),MAX($AD39,0),MAX($AG39,0))) -> 193.93 | H39: 44708.713 | I39: =ROUND(H39*'INDEX ICOCIV'!$R$85,0) -> 60804 | J39: 49.5 | L39: =+ROUND(J39-K39,2) -> 49.5 | M39: 48.7 | N39: 17.250002 | O39: =+ROUND(M39-N39,2) -> 31.45 | P39: 29.5 | R39: =+ROUND(P39-Q39,2) -> 29.5 | S39: 56 | T39: 9.6000081 | U39: =+ROUND(S39-T39,2) -> 46.4 | V39: 10.5 | W39: 12.999994 | X39: =+ROUND(V39-W39,2) -> -2.5 | Y39: 13.7 | Z39: 65.110016 | AA39: =+ROUND(Y39-Z39,2) -> -51.41 | AB39: 23 | AC39: 59.280012 | AD39: =+ROUND(AB39-AC39,2) -> -36.28 | AE39: 40.8 | AF39: 3.72 | AG39: =+ROUND(AE39-AF39,2) -> 37.08
C40: 3.3 | D40: RAMPA VEHICULAR FUNDIDA EN EL SITIO EN CONCRETO PREMEZCLADO DE 3000 PSI (GRAVA COMUN) SUM, CONSTR. E INSTALACIÓN. INCLUYE ACABADO EN ADOQUIN DE ARCILLA TIPO TRÁFICO PESADO O SIMILAR, BASE DE 4CM EN MORTERO DE 2000 PSI. | E40: M2 | F40: =IF(E40="","",MAX(0,ROUND(SUM(L40,O40,R40,U40,X40,AA40,AD40,AG40),2))) -> 0 | G40: =IF($E40="","",SUM(MAX($L40,0),MAX($O40,0),MAX($R40,0),MAX($U40,0),MAX($X40,0),MAX($AA40,0),MAX($AD40,0),MAX($AG40,0))) -> 0 | H40: 114085.13 | I40: =ROUND(H40*'INDEX ICOCIV'!$R$85,0) -> 155156 | J40: 0 | L40: =+ROUND(J40-K40,2) -> 0 | M40: 0 | O40: =+ROUND(M40-N40,2) -> 0 | P40: 0 | R40: =+ROUND(P40-Q40,2) -> 0 | S40: 0 | U40: =+ROUND(S40-T40,2) -> 0 | V40: 0 | X40: =+ROUND(V40-W40,2) -> 0 | Y40: 0 | AA40: =+ROUND(Y40-Z40,2) -> 0 | AB40: 0 | AD40: =+ROUND(AB40-AC40,2) -> 0 | AE40: 0 | AG40: =+ROUND(AE40-AF40,2) -> 0
C41: 3.4 | D41: SARDINEL TIPO A-10 (SUMINISTRO E INSTALACIÓN, INCLUYE 3 CM MORTERO 1:5) | E41: M | F41: =IF(E41="","",MAX(0,ROUND(SUM(L41,O41,R41,U41,X41,AA41,AD41,AG41),2))) -> 0 | G41: =IF($E41="","",SUM(MAX($L41,0),MAX($O41,0),MAX($R41,0),MAX($U41,0),MAX($X41,0),MAX($AA41,0),MAX($AD41,0),MAX($AG41,0))) -> 0 | H41: 53039.636 | I41: =ROUND(H41*'INDEX ICOCIV'!$R$85,0) -> 72134 | J41: 0 | L41: =+ROUND(J41-K41,2) -> 0 | M41: 0 | O41: =+ROUND(M41-N41,2) -> 0 | P41: 0 | R41: =+ROUND(P41-Q41,2) -> 0 | S41: 0 | U41: =+ROUND(S41-T41,2) -> 0 | V41: 0 | X41: =+ROUND(V41-W41,2) -> 0 | Y41: 0 | AA41: =+ROUND(Y41-Z41,2) -> 0 | AB41: 0 | AD41: =+ROUND(AB41-AC41,2) -> 0 | AE41: 0 | AG41: =+ROUND(AE41-AF41,2) -> 0
C42: 3.5 | D42: PISOS EN LOSETA PREFABRICADA TÁCTIL ALERTA Y /O GUÍA (SUMINISTRO E INSTALACIÓN INCLUYE 4 CM DE MORTERO 1:5 HECHO EN OBRA) | E42: M2 | F42: =IF(E42="","",MAX(0,ROUND(SUM(L42,O42,R42,U42,X42,AA42,AD42,AG42),2))) -> 45.2 | G42: =IF($E42="","",SUM(MAX($L42,0),MAX($O42,0),MAX($R42,0),MAX($U42,0),MAX($X42,0),MAX($AA42,0),MAX($AD42,0),MAX($AG42,0))) -> 45.2 | H42: 68420.392 | I42: =ROUND(H42*'INDEX ICOCIV'!$R$85,0) -> 93052 | J42: 6.7 | L42: =+ROUND(J42-K42,2) -> 6.7 | M42: 9.4 | O42: =+ROUND(M42-N42,2) -> 9.4 | P42: 7.6 | R42: =+ROUND(P42-Q42,2) -> 7.6 | S42: 4.9 | U42: =+ROUND(S42-T42,2) -> 4.9 | V42: 4.7 | X42: =+ROUND(V42-W42,2) -> 4.7 | Y42: 6 | AA42: =+ROUND(Y42-Z42,2) -> 6 | AB42: 5.9 | AD42: =+ROUND(AB42-AC42,2) -> 5.9 | AE42: 0 | AG42: =+ROUND(AE42-AF42,2) -> 0
C43: 3.6 | D43: ADOQUIN DEMARCADOR VISUAL A-26 | E43: M2 | F43: =IF(E43="","",MAX(0,ROUND(SUM(L43,O43,R43,U43,X43,AA43,AD43,AG43),2))) -> 48.98 | G43: =IF($E43="","",SUM(MAX($L43,0),MAX($O43,0),MAX($R43,0),MAX($U43,0),MAX($X43,0),MAX($AA43,0),MAX($AD43,0),MAX($AG43,0))) -> 48.98 | H43: 69898.057 | I43: =ROUND(H43*'INDEX ICOCIV'!$R$85,0) -> 95061 | J43: 10.729 | L43: =+ROUND(J43-K43,2) -> 10.73 | M43: 5.57 | O43: =+ROUND(M43-N43,2) -> 5.57 | P43: 2.88 | R43: =+ROUND(P43-Q43,2) -> 2.88 | S43: 9 | U43: =+ROUND(S43-T43,2) -> 9 | V43: 2.64 | X43: =+ROUND(V43-W43,2) -> 2.64 | Y43: 6.02 | AA43: =+ROUND(Y43-Z43,2) -> 6.02 | AB43: 5.78 | AD43: =+ROUND(AB43-AC43,2) -> 5.78 | AE43: 6.3616 | AG43: =+ROUND(AE43-AF43,2) -> 6.36
C44: 3.7 | D44: PISO EN LOSETA PREFABRICADA A30 (SUMINISTRO E INSTALACIÓN. INCLUYE BASE 4CM ARENA NIVELACIÓN Y ARENA DE SELLO) | E44: M2 | F44: =IF(E44="","",MAX(0,ROUND(SUM(L44,O44,R44,U44,X44,AA44,AD44,AG44),2))) -> 1251.2 | G44: =IF($E44="","",SUM(MAX($L44,0),MAX($O44,0),MAX($R44,0),MAX($U44,0),MAX($X44,0),MAX($AA44,0),MAX($AD44,0),MAX($AG44,0))) -> 1251.2 | H44: 67936.147 | I44: =ROUND(H44*'INDEX ICOCIV'!$R$85,0) -> 92393 | J44: 228.28 | L44: =+ROUND(J44-K44,2) -> 228.28 | M44: 73.6 | O44: =+ROUND(M44-N44,2) -> 73.6 | P44: 207.61 | R44: =+ROUND(P44-Q44,2) -> 207.61 | S44: 388.3 | U44: =+ROUND(S44-T44,2) -> 388.3 | V44: 65.731 | X44: =+ROUND(V44-W44,2) -> 65.73 | Y44: 111.4 | AA44: =+ROUND(Y44-Z44,2) -> 111.4 | AB44: 68.19 | AD44: =+ROUND(AB44-AC44,2) -> 68.19 | AE44: 108.0949 | AG44: =+ROUND(AE44-AF44,2) -> 108.09
C45: 3.8 | D45: CONCRETO DE 4000 PSI PARA RAMPAS ACCESOS Y ESCALERAS (PREMEZCLADO INCLUYE SUMINISTRO, FORMALETA, COLOCACIÓN, NO INCLUYE REFUERZO NI CURADO | E45: M3 | F45: =IF(E45="","",MAX(0,ROUND(SUM(L45,O45,R45,U45,X45,AA45,AD45,AG45),2))) -> 97.95 | G45: =IF($E45="","",SUM(MAX($L45,0),MAX($O45,0),MAX($R45,0),MAX($U45,0),MAX($X45,0),MAX($AA45,0),MAX($AD45,0),MAX($AG45,0))) -> 97.95 | H45: 584445.71 | I45: =ROUND(H45*'INDEX ICOCIV'!$R$85,0) -> 794846 | J45: 19.21182 | L45: =+ROUND(J45-K45,2) -> 19.21 | M45: 2.73252 | O45: =+ROUND(M45-N45,2) -> 2.73 | P45: 8.62008 | R45: =+ROUND(P45-Q45,2) -> 8.62 | S45: 7.22637 | U45: =+ROUND(S45-T45,2) -> 7.23 | V45: 4.76676 | X45: =+ROUND(V45-W45,2) -> 4.77 | Y45: 2.7135 | AA45: =+ROUND(Y45-Z45,2) -> 2.71 | AB45: 2.95272 | AD45: =+ROUND(AB45-AC45,2) -> 2.95 | AE45: 49.730373 | AG45: =+ROUND(AE45-AF45,2) -> 49.73
C46: 3.9 | D46: ACERO DE REFUERZO (INCLUYE SUMINISTRO, FIGURADO Y FIJACIÓN) | E46: KG | F46: =IF(E46="","",MAX(0,ROUND(SUM(L46,O46,R46,U46,X46,AA46,AD46,AG46),2))) -> 0 | G46: =IF($E46="","",SUM(MAX($L46,0),MAX($O46,0),MAX($R46,0),MAX($U46,0),MAX($X46,0),MAX($AA46,0),MAX($AD46,0),MAX($AG46,0))) -> 4382.75 | H46: 5276.8267 | I46: =ROUND(H46*'INDEX ICOCIV'!$R$85,0) -> 7176 | J46: 702.10894 | K46: 5564.0205 | L46: =+ROUND(J46-K46,2) -> -4861.91 | M46: 94.791915 | N46: 349.29402 | O46: =+ROUND(M46-N46,2) -> -254.5 | P46: 311.76809 | Q46: 1104.4401 | R46: =+ROUND(P46-Q46,2) -> -792.67 | S46: 260.04702 | T46: 2354.5056 | U46: =+ROUND(S46-T46,2) -> -2094.46 | V46: 169.76043 | W46: 59.34002 | X46: =+ROUND(V46-W46,2) -> 110.42 | Y46: 97.314894 | AA46: =+ROUND(Y46-Z46,2) -> 97.31 | AB46: 103.80255 | AD46: =+ROUND(AB46-AC46,2) -> 103.8 | AE46: 5379.4169 | AF46: 1308.1997 | AG46: =+ROUND(AE46-AF46,2) -> 4071.22
C47: 3.10 | D47: LADRILLO PRENSADO (SUMINISTRO E INSTALACION) | E47: M2 | F47: =IF(E47="","",MAX(0,ROUND(SUM(L47,O47,R47,U47,X47,AA47,AD47,AG47),2))) -> 355.61 | G47: =IF($E47="","",SUM(MAX($L47,0),MAX($O47,0),MAX($R47,0),MAX($U47,0),MAX($X47,0),MAX($AA47,0),MAX($AD47,0),MAX($AG47,0))) -> 355.61 | H47: 73313.658 | I47: =ROUND(H47*'INDEX ICOCIV'!$R$85,0) -> 99707 | J47: 116.88 | L47: =+ROUND(J47-K47,2) -> 116.88 | M47: 15.78 | O47: =+ROUND(M47-N47,2) -> 15.78 | P47: 51.9 | R47: =+ROUND(P47-Q47,2) -> 51.9 | S47: 43.29 | U47: =+ROUND(S47-T47,2) -> 43.29 | V47: 28.26 | X47: =+ROUND(V47-W47,2) -> 28.26 | Y47: 16.2 | AA47: =+ROUND(Y47-Z47,2) -> 16.2 | AB47: 17.28 | AD47: =+ROUND(AB47-AC47,2) -> 17.28 | AE47: 66.015 | AG47: =+ROUND(AE47-AF47,2) -> 66.02
C48: 3.11 | D48: FRANJA DE AJUSTE EN CONCRETO 3000 PSI E= 10 CM ANCHO ENTRE 12-20CM | E48: M | F48: =IF(E48="","",MAX(0,ROUND(SUM(L48,O48,R48,U48,X48,AA48,AD48,AG48),2))) -> 1692.6 | G48: =IF($E48="","",SUM(MAX($L48,0),MAX($O48,0),MAX($R48,0),MAX($U48,0),MAX($X48,0),MAX($AA48,0),MAX($AD48,0),MAX($AG48,0))) -> 1692.6 | H48: 10072.286 | I48: =ROUND(H48*'INDEX ICOCIV'!$R$85,0) -> 13698 | J48: 319.5 | L48: =+ROUND(J48-K48,2) -> 319.5 | M48: 220.1 | O48: =+ROUND(M48-N48,2) -> 220.1 | P48: 338 | R48: =+ROUND(P48-Q48,2) -> 338 | S48: 302.8 | U48: =+ROUND(S48-T48,2) -> 302.8 | V48: 112 | X48: =+ROUND(V48-W48,2) -> 112 | Y48: 163.6 | AA48: =+ROUND(Y48-Z48,2) -> 163.6 | AB48: 158.3 | AD48: =+ROUND(AB48-AC48,2) -> 158.3 | AE48: 78.3 | AG48: =+ROUND(AE48-AF48,2) -> 78.3
C49: 3.12 | D49: SIEMBRA DE GRAMA (INCLUYE SUMINISTRO E INSTALACIÓN. INCLUYE 10CM DE TIERRA NEGRA) | E49: M2 | F49: =IF(E49="","",MAX(0,ROUND(SUM(L49,O49,R49,U49,X49,AA49,AD49,AG49),2))) -> 0 | G49: =IF($E49="","",SUM(MAX($L49,0),MAX($O49,0),MAX($R49,0),MAX($U49,0),MAX($X49,0),MAX($AA49,0),MAX($AD49,0),MAX($AG49,0))) -> 0 | H49: 9934.204 | I49: =ROUND(H49*'INDEX ICOCIV'!$R$85,0) -> 13511 | J49: 0 | L49: =+ROUND(J49-K49,2) -> 0 | M49: 0 | O49: =+ROUND(M49-N49,2) -> 0 | P49: 0 | R49: =+ROUND(P49-Q49,2) -> 0 | S49: 0 | U49: =+ROUND(S49-T49,2) -> 0 | V49: 0 | X49: =+ROUND(V49-W49,2) -> 0 | Y49: 0 | AA49: =+ROUND(Y49-Z49,2) -> 0 | AB49: 0 | AD49: =+ROUND(AB49-AC49,2) -> 0 | AE49: 0 | AG49: =+ROUND(AE49-AF49,2) -> 0
C50: 3.13 | D50: PIEDRA RAJÓN E= 30 CM INCLUYE MORTERO 2500 PSI PARA PEGA E= 10 CM (INCLUYE SUMINISTRO E INSTALACIÓN) | E50: M3 | F50: =IF(E50="","",MAX(0,ROUND(SUM(L50,O50,R50,U50,X50,AA50,AD50,AG50),2))) -> 0 | G50: =IF($E50="","",SUM(MAX($L50,0),MAX($O50,0),MAX($R50,0),MAX($U50,0),MAX($X50,0),MAX($AA50,0),MAX($AD50,0),MAX($AG50,0))) -> 0 | H50: 117005.94 | I50: =ROUND(H50*'INDEX ICOCIV'!$R$85,0) -> 159128 | J50: 0 | L50: =+ROUND(J50-K50,2) -> 0 | M50: 0 | O50: =+ROUND(M50-N50,2) -> 0 | P50: 0 | R50: =+ROUND(P50-Q50,2) -> 0 | S50: 0 | U50: =+ROUND(S50-T50,2) -> 0 | V50: 0 | X50: =+ROUND(V50-W50,2) -> 0 | Y50: 0 | AA50: =+ROUND(Y50-Z50,2) -> 0 | AB50: 0 | AD50: =+ROUND(AB50-AC50,2) -> 0 | AE50: 0 | AG50: =+ROUND(AE50-AF50,2) -> 0
C51: 3.14 | D51: CAÑUELA TIPO C - FUNDIDA EN SITIO 2500 PSI | E51: ML | F51: =IF(E51="","",MAX(0,ROUND(SUM(L51,O51,R51,U51,X51,AA51,AD51,AG51),2))) -> 0 | G51: =IF($E51="","",SUM(MAX($L51,0),MAX($O51,0),MAX($R51,0),MAX($U51,0),MAX($X51,0),MAX($AA51,0),MAX($AD51,0),MAX($AG51,0))) -> 0 | H51: 57444.822 | I51: =ROUND(H51*'INDEX ICOCIV'!$R$85,0) -> 78125 | J51: 0 | L51: =+ROUND(J51-K51,2) -> 0 | M51: 0 | O51: =+ROUND(M51-N51,2) -> 0 | P51: 0 | R51: =+ROUND(P51-Q51,2) -> 0 | S51: 0 | U51: =+ROUND(S51-T51,2) -> 0 | V51: 0 | X51: =+ROUND(V51-W51,2) -> 0 | Y51: 0 | AA51: =+ROUND(Y51-Z51,2) -> 0 | AB51: 0 | AD51: =+ROUND(AB51-AC51,2) -> 0 | AE51: 0 | AG51: =+ROUND(AE51-AF51,2) -> 0
C52: 3.15 | D52: MALLA ELECTROSOLDADA DE 0,15X0,15 M (∅=8MM) (INCLUYE SUMINISTRO, FIJACIÒN E INSTALACIÒN ) | E52: KG | F52: =IF(E52="","",MAX(0,ROUND(SUM(L52,O52,R52,U52,X52,AA52,AD52,AG52),2))) -> 542.64 | G52: =IF($E52="","",SUM(MAX($L52,0),MAX($O52,0),MAX($R52,0),MAX($U52,0),MAX($X52,0),MAX($AA52,0),MAX($AD52,0),MAX($AG52,0))) -> 2660.03 | H52: 3292.8626 | I52: =ROUND(H52*'INDEX ICOCIV'!$R$85,0) -> 4478 | J52: 1091.2476 | K52: 750.62011 | L52: =+ROUND(J52-K52,2) -> 340.63 | M52: 351.8303 | N52: 654.37683 | O52: =+ROUND(M52-N52,2) -> -302.55 | P52: 992.43871 | R52: =+ROUND(P52-Q52,2) -> 992.44 | S52: 1856.1917 | T52: 529.2324 | U52: =+ROUND(S52-T52,2) -> 1326.96 | V52: 314.2141 | W52: 498.53978 | X52: =+ROUND(V52-W52,2) -> -184.33 | Y52: 532.52576 | Z52: 1147.4505 | AA52: =+ROUND(Y52-Z52,2) -> -614.92 | AB52: 325.96886 | AC52: 932.60678 | AD52: =+ROUND(AB52-AC52,2) -> -606.64 | AE52: 547.13675 | AF52: 956.08844 | AG52: =+ROUND(AE52-AF52,2) -> -408.95
C53: 4 | D53: MUROS ESTRUCTURALES | F53: =IF(E53="","",MAX(0,ROUND(SUM(L53,O53,R53,U53,X53,AA53,AD53,AG53),2)))
C54: 4.1 | D54: MURO TIPO 1 - ZARPA EN CONCRETO DE 3000 PSI DE 2,20MX0,30M, DENTELLÓN DE 0,70MX0,30M- MURO DOBLE EN LADRILLO ESTRUCTURAL DE PERFORACIÓN VERTICAL H=3,30M, INCLUYE EXCAVACIÓN, RETIRO DE ESCOMBROS, MORTEROS, MATERIAL SELECCIONADO COMPACTADO, REFUERZO DE 60,000 PSI, GROUTING 2500 PSI, IMPERMEABILIZACIÓN FACHADA. | E54: M | F54: =IF(E54="","",MAX(0,ROUND(SUM(L54,O54,R54,U54,X54,AA54,AD54,AG54),2))) -> 33.9 | G54: =IF($E54="","",SUM(MAX($L54,0),MAX($O54,0),MAX($R54,0),MAX($U54,0),MAX($X54,0),MAX($AA54,0),MAX($AD54,0),MAX($AG54,0))) -> 33.9 | H54: 1720577.3 | I54: =ROUND(H54*'INDEX ICOCIV'!$R$85,0) -> 2339985 | J54: 5.1 | L54: =+ROUND(J54-K54,2) -> 5.1 | M54: 0 | O54: =+ROUND(M54-N54,2) -> 0 | P54: 0 | R54: =+ROUND(P54-Q54,2) -> 0 | S54: 26.4 | U54: =+ROUND(S54-T54,2) -> 26.4 | V54: 0 | X54: =+ROUND(V54-W54,2) -> 0 | Y54: 0 | AA54: =+ROUND(Y54-Z54,2) -> 0 | AB54: 0 | AD54: =+ROUND(AB54-AC54,2) -> 0 | AE54: 2.4 | AG54: =+ROUND(AE54-AF54,2) -> 2.4
C55: 4.2 | D55: MURO TIPO 2 - ZARPA EN CONCRETO DE 3000 PSI DE 2,00MX0,30M, DENTELLÓN DE 0,45MX0,30M- MURO DOBLE EN LADRILLO ESTRUCTURAL DE PERFORACIÓN VERTICAL H=2,75M, INCLUYE EXCAVACIÓN, RETIRO DE ESCOMBROS, MORTEROS, MATERIAL SELECCIONADO COMPACTADO, REFUERZO DE 60,000 PSI, GROUTING 2500 PSI, IMPERMEABILIZACIÓN FACHADA. | E55: M | F55: =IF(E55="","",MAX(0,ROUND(SUM(L55,O55,R55,U55,X55,AA55,AD55,AG55),2))) -> 50.5 | G55: =IF($E55="","",SUM(MAX($L55,0),MAX($O55,0),MAX($R55,0),MAX($U55,0),MAX($X55,0),MAX($AA55,0),MAX($AD55,0),MAX($AG55,0))) -> 50.5 | H55: 1368834.5 | I55: =ROUND(H55*'INDEX ICOCIV'!$R$85,0) -> 1861615 | J55: 14.3 | L55: =+ROUND(J55-K55,2) -> 14.3 | M55: 11.5 | O55: =+ROUND(M55-N55,2) -> 11.5 | P55: 0 | R55: =+ROUND(P55-Q55,2) -> 0 | S55: 13.8 | U55: =+ROUND(S55-T55,2) -> 13.8 | V55: 0 | X55: =+ROUND(V55-W55,2) -> 0 | Y55: 0 | AA55: =+ROUND(Y55-Z55,2) -> 0 | AB55: 3.8 | AD55: =+ROUND(AB55-AC55,2) -> 3.8 | AE55: 7.1 | AG55: =+ROUND(AE55-AF55,2) -> 7.1
C56: 4.3 | D56: MURO TIPO 3 - ZARPA EN CONCRETO DE 3000 PSI DE 1,80MX0,30M, DENTELLÓN DE 0,25MX0,30M- MURO DOBLE EN LADRILLO ESTRUCTURAL DE PERFORACIÓN VERTICAL H=2,35M, INCLUYE EXCAVACIÓN, RETIRO DE ESCOMBROS, MORTEROS, MATERIAL SELECCIONADO COMPACTADO, REFUERZO DE 60,000 PSI, GROUTING 2500 PSI, IMPERMEABILIZACIÓN FACHADA. | E56: M | F56: =IF(E56="","",MAX(0,ROUND(SUM(L56,O56,R56,U56,X56,AA56,AD56,AG56),2))) -> 128.48 | G56: =IF($E56="","",SUM(MAX($L56,0),MAX($O56,0),MAX($R56,0),MAX($U56,0),MAX($X56,0),MAX($AA56,0),MAX($AD56,0),MAX($AG56,0))) -> 137.2 | H56: 1114585.1 | I56: =ROUND(H56*'INDEX ICOCIV'!$R$85,0) -> 1515836 | J56: 33.2 | L56: =+ROUND(J56-K56,2) -> 33.2 | M56: 8.7 | O56: =+ROUND(M56-N56,2) -> 8.7 | P56: 12.8 | R56: =+ROUND(P56-Q56,2) -> 12.8 | S56: 65 | U56: =+ROUND(S56-T56,2) -> 65 | V56: 9.3 | W56: 18.020001 | X56: =+ROUND(V56-W56,2) -> -8.72 | Y56: 0 | AA56: =+ROUND(Y56-Z56,2) -> 0 | AB56: 0 | AD56: =+ROUND(AB56-AC56,2) -> 0 | AE56: 17.5 | AG56: =+ROUND(AE56-AF56,2) -> 17.5
C57: 4.4 | D57: MURO TIPO 4 - ZARPA EN CONCRETO DE 3000 PSI DE 2,60MX0,25M, MURO DOBLE EN LADRILLO ESTRUCTURAL DE PERFORACIÓN VERTICAL H=1,85M, INCLUYE EXCAVACIÓN, RETIRO DE ESCOMBROS, MORTEROS, MATERIAL SELECCIONADO COMPACTADO, REFUERZO DE 60,000 PSI, GROUTING 2500 PSI, IMPERMEABILIZACIÓN FACHADA. | E57: M | F57: =IF(E57="","",MAX(0,ROUND(SUM(L57,O57,R57,U57,X57,AA57,AD57,AG57),2))) -> 242.79 | G57: =IF($E57="","",SUM(MAX($L57,0),MAX($O57,0),MAX($R57,0),MAX($U57,0),MAX($X57,0),MAX($AA57,0),MAX($AD57,0),MAX($AG57,0))) -> 249.08 | H57: 843851.18 | I57: =ROUND(H57*'INDEX ICOCIV'!$R$85,0) -> 1147638 | J57: 43.8 | L57: =+ROUND(J57-K57,2) -> 43.8 | M57: 20.9 | N57: 27.19 | O57: =+ROUND(M57-N57,2) -> -6.29 | P57: 34.7 | R57: =+ROUND(P57-Q57,2) -> 34.7 | S57: 106.1 | U57: =+ROUND(S57-T57,2) -> 106.1 | V57: 23 | W57: 5.7199896 | X57: =+ROUND(V57-W57,2) -> 17.28 | Y57: 10.7 | AA57: =+ROUND(Y57-Z57,2) -> 10.7 | AB57: 25 | AD57: =+ROUND(AB57-AC57,2) -> 25 | AE57: 11.5 | AG57: =+ROUND(AE57-AF57,2) -> 11.5
C58: 4.5 | D58: MURO TIPO 5 - ZARPA EN CONCRETO DE 3000 PSI DE 1,10MX0,25M, MURO SENCILLO EN LADRILLO ESTRUCTURAL DE PERFORACIÓN VERTICAL H=1,45M, INCLUYE EXCAVACIÓN, RETIRO DE ESCOMBROS, MORTEROS, MATERIAL SELECCIONADO COMPACTADO, REFUERZO DE 60,000 PSI, GROUTING 2500 PSI, IMPERMEABILIZACIÓN FACHADA. | E58: M | F58: =IF(E58="","",MAX(0,ROUND(SUM(L58,O58,R58,U58,X58,AA58,AD58,AG58),2))) -> 75.6 | G58: =IF($E58="","",SUM(MAX($L58,0),MAX($O58,0),MAX($R58,0),MAX($U58,0),MAX($X58,0),MAX($AA58,0),MAX($AD58,0),MAX($AG58,0))) -> 75.6 | H58: 504624 | I58: =ROUND(H58*'INDEX ICOCIV'!$R$85,0) -> 686289 | J58: 15.8 | L58: =+ROUND(J58-K58,2) -> 15.8 | M58: 21.9 | N58: 6.7 | O58: =+ROUND(M58-N58,2) -> 15.2 | P58: 24.8 | R58: =+ROUND(P58-Q58,2) -> 24.8 | S58: 4.7 | U58: =+ROUND(S58-T58,2) -> 4.7 | V58: 0 | X58: =+ROUND(V58-W58,2) -> 0 | Y58: 5 | AA58: =+ROUND(Y58-Z58,2) -> 5 | AB58: 0 | AD58: =+ROUND(AB58-AC58,2) -> 0 | AE58: 10.1 | AG58: =+ROUND(AE58-AF58,2) -> 10.1
C59: 4.6 | D59: MURO TIPO 6- ZARPA EN CONCRETO DE 3000 PSI DE 1,00MX0,25M,MURO EN LADRILLO ESTRUCTURAL DE PERFORACIÓN VERTICAL H=1,25M, INCLUYE EXCAVACIÓN, RETIRO DE ESCOMBROS, MORTEROS, MATERIAL SELECCIONADO COMPACTADO, REFUERZO DE 60,000 PSI, GROUTING 2500 PSI, IMPERMEABILIZACIÓN FACHADA. | E59: M | F59: =IF(E59="","",MAX(0,ROUND(SUM(L59,O59,R59,U59,X59,AA59,AD59,AG59),2))) -> 86 | G59: =IF($E59="","",SUM(MAX($L59,0),MAX($O59,0),MAX($R59,0),MAX($U59,0),MAX($X59,0),MAX($AA59,0),MAX($AD59,0),MAX($AG59,0))) -> 109.8 | H59: 486925.58 | I59: =ROUND(H59*'INDEX ICOCIV'!$R$85,0) -> 662219 | J59: 24.3 | L59: =+ROUND(J59-K59,2) -> 24.3 | M59: 0 | N59: 15 | O59: =+ROUND(M59-N59,2) -> -15 | P59: 52.3 | R59: =+ROUND(P59-Q59,2) -> 52.3 | S59: 0 | U59: =+ROUND(S59-T59,2) -> 0 | V59: 0 | W59: 8.7999997 | X59: =+ROUND(V59-W59,2) -> -8.8 | Y59: 12 | AA59: =+ROUND(Y59-Z59,2) -> 12 | AB59: 16 | AD59: =+ROUND(AB59-AC59,2) -> 16 | AE59: 5.2 | AG59: =+ROUND(AE59-AF59,2) -> 5.2
C60: 4.7 | D60: MURO TIPO 7- ZARPA EN CONCRETO DE 3000 PSI DE 0,90MX0,25M, MURO EN LADRILLO ESTRUCTURAL DE PERFORACIÓN VERTICAL H=0,95M, INCLUYE EXCAVACIÓN, RETIRO DE ESCOMBROS, MORTEROS, MATERIAL SELECCIONADO COMPACTADO, REFUERZO DE 60,000 PSI, GROUTING 2500 PSI, IMPERMEABILIZACIÓN FACHADA. | E60: M | F60: =IF(E60="","",MAX(0,ROUND(SUM(L60,O60,R60,U60,X60,AA60,AD60,AG60),2))) -> 93 | G60: =IF($E60="","",SUM(MAX($L60,0),MAX($O60,0),MAX($R60,0),MAX($U60,0),MAX($X60,0),MAX($AA60,0),MAX($AD60,0),MAX($AG60,0))) -> 93 | H60: 370252.39 | I60: =ROUND(H60*'INDEX ICOCIV'!$R$85,0) -> 503543 | J60: 8.8 | L60: =+ROUND(J60-K60,2) -> 8.8 | M60: 0 | O60: =+ROUND(M60-N60,2) -> 0 | P60: 20.2 | R60: =+ROUND(P60-Q60,2) -> 20.2 | S60: 0 | U60: =+ROUND(S60-T60,2) -> 0 | V60: 0 | X60: =+ROUND(V60-W60,2) -> 0 | Y60: 35.9 | AA60: =+ROUND(Y60-Z60,2) -> 35.9 | AB60: 24.1 | AD60: =+ROUND(AB60-AC60,2) -> 24.1 | AE60: 4 | AG60: =+ROUND(AE60-AF60,2) -> 4
C61: 4.8 | D61: MURO TIPO 8- ZARPA EN CONCRETO DE 3000 PSI DE 0,80MX0,25M, MURO EN LADRILLO ESTRUCTURAL DE PERFORACIÓN VERTICAL H=0,75M, INCLUYE EXCAVACIÓN, RETIRO DE ESCOMBROS, MORTEROS, MATERIAL SELECCIONADO COMPACTADO, REFUERZO DE 60,000 PSI, GROUTING 2500 PSI, IMPERMEABILIZACIÓN FACHADA. | E61: M | F61: =IF(E61="","",MAX(0,ROUND(SUM(L61,O61,R61,U61,X61,AA61,AD61,AG61),2))) -> 18.5 | G61: =IF($E61="","",SUM(MAX($L61,0),MAX($O61,0),MAX($R61,0),MAX($U61,0),MAX($X61,0),MAX($AA61,0),MAX($AD61,0),MAX($AG61,0))) -> 18.5 | H61: 329860.64 | I61: =ROUND(H61*'INDEX ICOCIV'!$R$85,0) -> 448610 | J61: 0 | L61: =+ROUND(J61-K61,2) -> 0 | M61: 0 | O61: =+ROUND(M61-N61,2) -> 0 | P61: 18.5 | R61: =+ROUND(P61-Q61,2) -> 18.5 | S61: 0 | U61: =+ROUND(S61-T61,2) -> 0 | V61: 0 | X61: =+ROUND(V61-W61,2) -> 0 | Y61: 0 | AA61: =+ROUND(Y61-Z61,2) -> 0 | AB61: 0 | AD61: =+ROUND(AB61-AC61,2) -> 0 | AE61: 0 | AG61: =+ROUND(AE61-AF61,2) -> 0
C62: 4.9 | D62: CONCRETO 3500 PSI PARA MURO ESTRUCTURAL (PREMEZCLADO. INCL. SUMIN, FORMALETEO, BOMBEO Y COLOCACIÓN. NO INCL. REFUERZO, CURADO) | E62: M3 | F62: =IF(E62="","",MAX(0,ROUND(SUM(L62,O62,R62,U62,X62,AA62,AD62,AG62),2))) -> 0 | G62: =IF($E62="","",SUM(MAX($L62,0),MAX($O62,0),MAX($R62,0),MAX($U62,0),MAX($X62,0),MAX($AA62,0),MAX($AD62,0),MAX($AG62,0))) -> 0 | H62: 717353 | I62: =ROUND(H62*'INDEX ICOCIV'!$R$85,0) -> 975600 | J62: 0 | L62: =+ROUND(J62-K62,2) -> 0 | M62: 0 | O62: =+ROUND(M62-N62,2) -> 0 | P62: 0 | R62: =+ROUND(P62-Q62,2) -> 0 | S62: 0 | U62: =+ROUND(S62-T62,2) -> 0 | V62: 0 | X62: =+ROUND(V62-W62,2) -> 0 | Y62: 0 | AA62: =+ROUND(Y62-Z62,2) -> 0 | AB62: 0 | AD62: =+ROUND(AB62-AC62,2) -> 0 | AE62: 0 | AG62: =+ROUND(AE62-AF62,2) -> 0
C63: 4.10 | D63: ACERO DE REFUERZO (INCLUYE SUMINISTRO, FIGURADO Y FIJACIÓN) | E63: KG | F63: =IF(E63="","",MAX(0,ROUND(SUM(L63,O63,R63,U63,X63,AA63,AD63,AG63),2))) -> 0 | G63: =IF($E63="","",SUM(MAX($L63,0),MAX($O63,0),MAX($R63,0),MAX($U63,0),MAX($X63,0),MAX($AA63,0),MAX($AD63,0),MAX($AG63,0))) -> 0 | H63: 2514 | I63: =ROUND(H63*'INDEX ICOCIV'!$R$85,0) -> 3419 | J63: 0 | L63: =+ROUND(J63-K63,2) -> 0 | M63: 0 | O63: =+ROUND(M63-N63,2) -> 0 | P63: 0 | R63: =+ROUND(P63-Q63,2) -> 0 | S63: 0 | U63: =+ROUND(S63-T63,2) -> 0 | V63: 0 | X63: =+ROUND(V63-W63,2) -> 0 | Y63: 0 | AA63: =+ROUND(Y63-Z63,2) -> 0 | AB63: 0 | AD63: =+ROUND(AB63-AC63,2) -> 0 | AE63: 0 | AG63: =+ROUND(AE63-AF63,2) -> 0
C64: 4.11 | D64: CURADO DE CONCRETO (SUMINISTRO Y APLICACIÓN) | E64: M2 | F64: =IF(E64="","",MAX(0,ROUND(SUM(L64,O64,R64,U64,X64,AA64,AD64,AG64),2))) -> 0 | G64: =IF($E64="","",SUM(MAX($L64,0),MAX($O64,0),MAX($R64,0),MAX($U64,0),MAX($X64,0),MAX($AA64,0),MAX($AD64,0),MAX($AG64,0))) -> 0 | H64: 1363 | I64: =ROUND(H64*'INDEX ICOCIV'!$R$85,0) -> 1854 | J64: 0 | L64: =+ROUND(J64-K64,2) -> 0 | M64: 0 | O64: =+ROUND(M64-N64,2) -> 0 | P64: 0 | R64: =+ROUND(P64-Q64,2) -> 0 | S64: 0 | U64: =+ROUND(S64-T64,2) -> 0 | V64: 0 | X64: =+ROUND(V64-W64,2) -> 0 | Y64: 0 | AA64: =+ROUND(Y64-Z64,2) -> 0 | AB64: 0 | AD64: =+ROUND(AB64-AC64,2) -> 0 | AE64: 0 | AG64: =+ROUND(AE64-AF64,2) -> 0
C65: 4.12 | D65: CONCRETO 2000 PSI (HECHO EN OBRA 1:3:3 CON ARENA DE RÍO Y TRITURADO DE 3/4") | E65: M3 | F65: =IF(E65="","",MAX(0,ROUND(SUM(L65,O65,R65,U65,X65,AA65,AD65,AG65),2))) -> 0 | G65: =IF($E65="","",SUM(MAX($L65,0),MAX($O65,0),MAX($R65,0),MAX($U65,0),MAX($X65,0),MAX($AA65,0),MAX($AD65,0),MAX($AG65,0))) -> 0 | H65: 283846 | I65: =ROUND(H65*'INDEX ICOCIV'!$R$85,0) -> 386031 | J65: 0 | L65: =+ROUND(J65-K65,2) -> 0 | M65: 0 | O65: =+ROUND(M65-N65,2) -> 0 | P65: 0 | R65: =+ROUND(P65-Q65,2) -> 0 | S65: 0 | U65: =+ROUND(S65-T65,2) -> 0 | V65: 0 | X65: =+ROUND(V65-W65,2) -> 0 | Y65: 0 | AA65: =+ROUND(Y65-Z65,2) -> 0 | AB65: 0 | AD65: =+ROUND(AB65-AC65,2) -> 0 | AE65: 0 | AG65: =+ROUND(AE65-AF65,2) -> 0
C66: 4.13 | D66: GEODREN PLANAR H=1.0 M. SUMINISTRO E INSTALACION. | E66: ML | F66: =IF(E66="","",MAX(0,ROUND(SUM(L66,O66,R66,U66,X66,AA66,AD66,AG66),2))) -> 0 | G66: =IF($E66="","",SUM(MAX($L66,0),MAX($O66,0),MAX($R66,0),MAX($U66,0),MAX($X66,0),MAX($AA66,0),MAX($AD66,0),MAX($AG66,0))) -> 0 | H66: 27733 | I66: =ROUND(H66*'INDEX ICOCIV'!$R$85,0) -> 37717 | J66: 0 | L66: =+ROUND(J66-K66,2) -> 0 | M66: 0 | O66: =+ROUND(M66-N66,2) -> 0 | P66: 0 | R66: =+ROUND(P66-Q66,2) -> 0 | S66: 0 | U66: =+ROUND(S66-T66,2) -> 0 | V66: 0 | X66: =+ROUND(V66-W66,2) -> 0 | Y66: 0 | AA66: =+ROUND(Y66-Z66,2) -> 0 | AB66: 0 | AD66: =+ROUND(AB66-AC66,2) -> 0 | AE66: 0 | AG66: =+ROUND(AE66-AF66,2) -> 0
C67: 4.14 | D67: TUBERIA PVC PARA DRENAJE D=4" SIN FILTRO (INCLUYE SUMINISTRO E INSTALACIÓN) | E67: ML | F67: =IF(E67="","",MAX(0,ROUND(SUM(L67,O67,R67,U67,X67,AA67,AD67,AG67),2))) -> 0 | G67: =IF($E67="","",SUM(MAX($L67,0),MAX($O67,0),MAX($R67,0),MAX($U67,0),MAX($X67,0),MAX($AA67,0),MAX($AD67,0),MAX($AG67,0))) -> 0 | H67: 24040 | I67: =ROUND(H67*'INDEX ICOCIV'!$R$85,0) -> 32694 | J67: 0 | L67: =+ROUND(J67-K67,2) -> 0 | M67: 0 | O67: =+ROUND(M67-N67,2) -> 0 | P67: 0 | R67: =+ROUND(P67-Q67,2) -> 0 | S67: 0 | U67: =+ROUND(S67-T67,2) -> 0 | V67: 0 | X67: =+ROUND(V67-W67,2) -> 0 | Y67: 0 | AA67: =+ROUND(Y67-Z67,2) -> 0 | AB67: 0 | AD67: =+ROUND(AB67-AC67,2) -> 0 | AE67: 0 | AG67: =+ROUND(AE67-AF67,2) -> 0
C68: 4.15 | D68: TUBERIA PVC D=2" TIPO U.M. RDE 21 (SUMINISTRO E INSTALACIÓN) | E68: ML | F68: =IF(E68="","",MAX(0,ROUND(SUM(L68,O68,R68,U68,X68,AA68,AD68,AG68),2))) -> 0 | G68: =IF($E68="","",SUM(MAX($L68,0),MAX($O68,0),MAX($R68,0),MAX($U68,0),MAX($X68,0),MAX($AA68,0),MAX($AD68,0),MAX($AG68,0))) -> 0 | H68: 9962 | I68: =ROUND(H68*'INDEX ICOCIV'!$R$85,0) -> 13548 | J68: 0 | L68: =+ROUND(J68-K68,2) -> 0 | M68: 0 | O68: =+ROUND(M68-N68,2) -> 0 | P68: 0 | R68: =+ROUND(P68-Q68,2) -> 0 | S68: 0 | U68: =+ROUND(S68-T68,2) -> 0 | V68: 0 | X68: =+ROUND(V68-W68,2) -> 0 | Y68: 0 | AA68: =+ROUND(Y68-Z68,2) -> 0 | AB68: 0 | AD68: =+ROUND(AB68-AC68,2) -> 0 | AE68: 0 | AG68: =+ROUND(AE68-AF68,2) -> 0
C69: 5 | D69: MOBILIARIO URBANO | F69: =IF(E69="","",MAX(0,ROUND(SUM(L69,O69,R69,U69,X69,AA69,AD69,AG69),2)))
C70: 5.1 | D70: BARANDA METALICA M81 (SUMINISTRO, INSTALACIÓN Y PINTURA) | E70: M | F70: =IF(E70="","",MAX(0,ROUND(SUM(L70,O70,R70,U70,X70,AA70,AD70,AG70),2))) -> 819.4 | G70: =IF($E70="","",SUM(MAX($L70,0),MAX($O70,0),MAX($R70,0),MAX($U70,0),MAX($X70,0),MAX($AA70,0),MAX($AD70,0),MAX($AG70,0))) -> 819.4 | H70: 218193.86 | I70: =ROUND(H70*'INDEX ICOCIV'!$R$85,0) -> 296744 | J70: 145.3 | L70: =+ROUND(J70-K70,2) -> 145.3 | M70: 63 | O70: =+ROUND(M70-N70,2) -> 63 | P70: 163.3 | R70: =+ROUND(P70-Q70,2) -> 163.3 | S70: 216 | U70: =+ROUND(S70-T70,2) -> 216 | V70: 41.3 | X70: =+ROUND(V70-W70,2) -> 41.3 | Y70: 63.7 | AA70: =+ROUND(Y70-Z70,2) -> 63.7 | AB70: 68.9 | AD70: =+ROUND(AB70-AC70,2) -> 68.9 | AE70: 57.9 | AG70: =+ROUND(AE70-AF70,2) -> 57.9
C71: 5.2 | D71: BOLARDO EN HIERRO TIPO M-62 (SUMINISTRO E INSTALACIÓN, INCLUYE BASE EN CONCRETO 1500 PSI, PREMEZCLADO) | E71: UN | F71: =IF(E71="","",MAX(0,ROUND(SUM(L71,O71,R71,U71,X71,AA71,AD71,AG71),2))) -> 1 | G71: =IF($E71="","",SUM(MAX($L71,0),MAX($O71,0),MAX($R71,0),MAX($U71,0),MAX($X71,0),MAX($AA71,0),MAX($AD71,0),MAX($AG71,0))) -> 1 | H71: 147594.85 | I71: =ROUND(H71*'INDEX ICOCIV'!$R$85,0) -> 200729 | J71: 0 | L71: =+ROUND(J71-K71,2) -> 0 | M71: 0 | O71: =+ROUND(M71-N71,2) -> 0 | P71: 1 | R71: =+ROUND(P71-Q71,2) -> 1 | S71: 0 | U71: =+ROUND(S71-T71,2) -> 0 | V71: 0 | X71: =+ROUND(V71-W71,2) -> 0 | Y71: 0 | AA71: =+ROUND(Y71-Z71,2) -> 0 | AB71: 0 | AD71: =+ROUND(AB71-AC71,2) -> 0 | AE71: 0 | AG71: =+ROUND(AE71-AF71,2) -> 0
C72: 5.3 | D72: BANCA EN CONCRETO TIPO M40 (SUMINISTRO E INSTALACIÓN) | E72: UN | F72: =IF(E72="","",MAX(0,ROUND(SUM(L72,O72,R72,U72,X72,AA72,AD72,AG72),2))) -> 0 | G72: =IF($E72="","",SUM(MAX($L72,0),MAX($O72,0),MAX($R72,0),MAX($U72,0),MAX($X72,0),MAX($AA72,0),MAX($AD72,0),MAX($AG72,0))) -> 0 | H72: 147961.15 | I72: =ROUND(H72*'INDEX ICOCIV'!$R$85,0) -> 201227 | J72: 0 | L72: =+ROUND(J72-K72,2) -> 0 | M72: 0 | O72: =+ROUND(M72-N72,2) -> 0 | P72: 0 | R72: =+ROUND(P72-Q72,2) -> 0 | S72: 0 | U72: =+ROUND(S72-T72,2) -> 0 | V72: 0 | X72: =+ROUND(V72-W72,2) -> 0 | Y72: 0 | AA72: =+ROUND(Y72-Z72,2) -> 0 | AB72: 0 | AD72: =+ROUND(AB72-AC72,2) -> 0 | AE72: 0 | AG72: =+ROUND(AE72-AF72,2) -> 0
C73: 5.4 | D73: CANECA DE ACERO INOXIDABLE TIPO BARCELONA (SUMINISTRO E INSTALACIÓN. INCLUYE CONCRETO PARA ANCLAJE DE 3000 PSI PREMEZCLADO GRAVA COMÚN.. | E73: UN | F73: =IF(E73="","",MAX(0,ROUND(SUM(L73,O73,R73,U73,X73,AA73,AD73,AG73),2))) -> 1 | G73: =IF($E73="","",SUM(MAX($L73,0),MAX($O73,0),MAX($R73,0),MAX($U73,0),MAX($X73,0),MAX($AA73,0),MAX($AD73,0),MAX($AG73,0))) -> 1 | H73: 529077.87 | I73: =ROUND(H73*'INDEX ICOCIV'!$R$85,0) -> 719546 | J73: 0 | L73: =+ROUND(J73-K73,2) -> 0 | M73: 0 | O73: =+ROUND(M73-N73,2) -> 0 | P73: 0 | R73: =+ROUND(P73-Q73,2) -> 0 | S73: 0 | U73: =+ROUND(S73-T73,2) -> 0 | V73: 0 | X73: =+ROUND(V73-W73,2) -> 0 | Y73: 0 | AA73: =+ROUND(Y73-Z73,2) -> 0 | AB73: 0 | AD73: =+ROUND(AB73-AC73,2) -> 0 | AE73: 1 | AG73: =+ROUND(AE73-AF73,2) -> 1
C74: 5.5 | D74: CONTENEDOR DE RAÍCES, INCLUYE MUROS EN CONCRETO GRAVA COMÚN 300 PSI (210 KG/CM2), SUMINISTRO Y CONSTRUCCIÓN Y FILTRO EN GRAVILLA ½”, FORMALETA Y REFUERZO NO INCLUYE TIERRA NEGRA. | E74: M2 | F74: =IF(E74="","",MAX(0,ROUND(SUM(L74,O74,R74,U74,X74,AA74,AD74,AG74),2))) -> 0 | G74: =IF($E74="","",SUM(MAX($L74,0),MAX($O74,0),MAX($R74,0),MAX($U74,0),MAX($X74,0),MAX($AA74,0),MAX($AD74,0),MAX($AG74,0))) -> 0 | H74: 618142.42 | I74: =ROUND(H74*'INDEX ICOCIV'!$R$85,0) -> 840674 | J74: 0 | L74: =+ROUND(J74-K74,2) -> 0 | M74: 0 | O74: =+ROUND(M74-N74,2) -> 0 | P74: 0 | R74: =+ROUND(P74-Q74,2) -> 0 | S74: 0 | U74: =+ROUND(S74-T74,2) -> 0 | V74: 0 | X74: =+ROUND(V74-W74,2) -> 0 | Y74: 0 | AA74: =+ROUND(Y74-Z74,2) -> 0 | AB74: 0 | AD74: =+ROUND(AB74-AC74,2) -> 0 | AE74: 0 | AG74: =+ROUND(AE74-AF74,2) -> 0
C75: 5.6 | D75: BORDE CONTENEDOR DE RAÍCES A-70 (INCLUYE SUMINISTRO E INSTALACIÓN, INCLUYE BASE DE 3CM EN MORTERO 1:3 HECHO EN OBRA | E75: M | F75: =IF(E75="","",MAX(0,ROUND(SUM(L75,O75,R75,U75,X75,AA75,AD75,AG75),2))) -> 0 | G75: =IF($E75="","",SUM(MAX($L75,0),MAX($O75,0),MAX($R75,0),MAX($U75,0),MAX($X75,0),MAX($AA75,0),MAX($AD75,0),MAX($AG75,0))) -> 0 | H75: 27576.046 | I75: =ROUND(H75*'INDEX ICOCIV'!$R$85,0) -> 37503 | J75: 0 | L75: =+ROUND(J75-K75,2) -> 0 | M75: 0 | O75: =+ROUND(M75-N75,2) -> 0 | P75: 0 | R75: =+ROUND(P75-Q75,2) -> 0 | S75: 0 | U75: =+ROUND(S75-T75,2) -> 0 | V75: 0 | X75: =+ROUND(V75-W75,2) -> 0 | Y75: 0 | AA75: =+ROUND(Y75-Z75,2) -> 0 | AB75: 0 | AD75: =+ROUND(AB75-AC75,2) -> 0 | AE75: 0 | AG75: =+ROUND(AE75-AF75,2) -> 0
C76: 5.7 | D76: RELLENO EN TIERRA NEGRA PARA EMPRADIZACIÓN (SUMINISTRO Y EXTENDIDO). | E76: M3 | F76: =IF(E76="","",MAX(0,ROUND(SUM(L76,O76,R76,U76,X76,AA76,AD76,AG76),2))) -> 1 | G76: =IF($E76="","",SUM(MAX($L76,0),MAX($O76,0),MAX($R76,0),MAX($U76,0),MAX($X76,0),MAX($AA76,0),MAX($AD76,0),MAX($AG76,0))) -> 1 | H76: 32422.327 | I76: =ROUND(H76*'INDEX ICOCIV'!$R$85,0) -> 44094 | J76: 0 | L76: =+ROUND(J76-K76,2) -> 0 | M76: 0 | O76: =+ROUND(M76-N76,2) -> 0 | P76: 0 | R76: =+ROUND(P76-Q76,2) -> 0 | S76: 0 | U76: =+ROUND(S76-T76,2) -> 0 | V76: 0 | X76: =+ROUND(V76-W76,2) -> 0 | Y76: 0 | AA76: =+ROUND(Y76-Z76,2) -> 0 | AB76: 0 | AD76: =+ROUND(AB76-AC76,2) -> 0 | AE76: 1 | AG76: =+ROUND(AE76-AF76,2) -> 1
C77: 5.8 | D77: FUCCIA H=1.3MT (INCLUYE TIERRA, ABONO, TUTOR, TRANSPORTE Y DISPOSICIÓN FINAL DE ESCOMBROS A 28 KM). SUMINISTRO Y PLANTACION. | E77: UN | F77: =IF(E77="","",MAX(0,ROUND(SUM(L77,O77,R77,U77,X77,AA77,AD77,AG77),2))) -> 0 | G77: =IF($E77="","",SUM(MAX($L77,0),MAX($O77,0),MAX($R77,0),MAX($U77,0),MAX($X77,0),MAX($AA77,0),MAX($AD77,0),MAX($AG77,0))) -> 0 | H77: 218273.45 | I77: =ROUND(H77*'INDEX ICOCIV'!$R$85,0) -> 296852 | J77: 0 | L77: =+ROUND(J77-K77,2) -> 0 | M77: 0 | O77: =+ROUND(M77-N77,2) -> 0 | P77: 0 | R77: =+ROUND(P77-Q77,2) -> 0 | S77: 0 | U77: =+ROUND(S77-T77,2) -> 0 | V77: 0 | X77: =+ROUND(V77-W77,2) -> 0 | Y77: 0 | AA77: =+ROUND(Y77-Z77,2) -> 0 | AB77: 0 | AD77: =+ROUND(AB77-AC77,2) -> 0 | AE77: 0 | AG77: =+ROUND(AE77-AF77,2) -> 0
C78: 5.9 | D78: CHICALA H=1.5MT (INCLUYE SIEMBRA, CAJA, TIERRA, ABONO, TUTOR, TRANSPORTE Y DISPOSICIÓN FINAL DE ESCOMBROS 28 KM). SUMINISTRO Y PLANTACION. | E78: UN | F78: =IF(E78="","",MAX(0,ROUND(SUM(L78,O78,R78,U78,X78,AA78,AD78,AG78),2))) -> 0 | G78: =IF($E78="","",SUM(MAX($L78,0),MAX($O78,0),MAX($R78,0),MAX($U78,0),MAX($X78,0),MAX($AA78,0),MAX($AD78,0),MAX($AG78,0))) -> 0 | H78: 211951.42 | I78: =ROUND(H78*'INDEX ICOCIV'!$R$85,0) -> 288254 | J78: 0 | L78: =+ROUND(J78-K78,2) -> 0 | M78: 0 | O78: =+ROUND(M78-N78,2) -> 0 | P78: 0 | R78: =+ROUND(P78-Q78,2) -> 0 | S78: 0 | U78: =+ROUND(S78-T78,2) -> 0 | V78: 0 | X78: =+ROUND(V78-W78,2) -> 0 | Y78: 0 | AA78: =+ROUND(Y78-Z78,2) -> 0 | AB78: 0 | AD78: =+ROUND(AB78-AC78,2) -> 0 | AE78: 0 | AG78: =+ROUND(AE78-AF78,2) -> 0
C79: 5.10 | D79: MANGUE TIERRA FRIA H= 1.5M DE ALTURA (INCLUYE TIERRA, ABONO, TUTOR, TRANSPORTE Y DISPOSICIÓN FINAL DE ESCOMBROS A 28 KM) SUMINISTRO Y PLANTACIÓN | E79: UN | F79: =IF(E79="","",MAX(0,ROUND(SUM(L79,O79,R79,U79,X79,AA79,AD79,AG79),2))) -> 0 | G79: =IF($E79="","",SUM(MAX($L79,0),MAX($O79,0),MAX($R79,0),MAX($U79,0),MAX($X79,0),MAX($AA79,0),MAX($AD79,0),MAX($AG79,0))) -> 0 | H79: 211952.38 | I79: =ROUND(H79*'INDEX ICOCIV'!$R$85,0) -> 288255 | J79: 0 | L79: =+ROUND(J79-K79,2) -> 0 | M79: 0 | O79: =+ROUND(M79-N79,2) -> 0 | P79: 0 | R79: =+ROUND(P79-Q79,2) -> 0 | S79: 0 | U79: =+ROUND(S79-T79,2) -> 0 | V79: 0 | X79: =+ROUND(V79-W79,2) -> 0 | Y79: 0 | AA79: =+ROUND(Y79-Z79,2) -> 0 | AB79: 0 | AD79: =+ROUND(AB79-AC79,2) -> 0 | AE79: 0 | AG79: =+ROUND(AE79-AF79,2) -> 0
C80: 5.11 | D80: HIEDRA UÑA DE GATO (SUMINISTRO E INSTALACION). | E80: M2 | F80: =IF(E80="","",MAX(0,ROUND(SUM(L80,O80,R80,U80,X80,AA80,AD80,AG80),2))) -> 5 | G80: =IF($E80="","",SUM(MAX($L80,0),MAX($O80,0),MAX($R80,0),MAX($U80,0),MAX($X80,0),MAX($AA80,0),MAX($AD80,0),MAX($AG80,0))) -> 5 | H80: 43926.25 | I80: =ROUND(H80*'INDEX ICOCIV'!$R$85,0) -> 59740 | J80: 0 | L80: =+ROUND(J80-K80,2) -> 0 | M80: 0 | O80: =+ROUND(M80-N80,2) -> 0 | P80: 0 | R80: =+ROUND(P80-Q80,2) -> 0 | S80: 0 | U80: =+ROUND(S80-T80,2) -> 0 | V80: 0 | X80: =+ROUND(V80-W80,2) -> 0 | Y80: 0 | AA80: =+ROUND(Y80-Z80,2) -> 0 | AB80: 0 | AD80: =+ROUND(AB80-AC80,2) -> 0 | AE80: 5 | AG80: =+ROUND(AE80-AF80,2) -> 5
C81: 6 | D81: REDES HIDRAULICAS | F81: =IF(E81="","",MAX(0,ROUND(SUM(L81,O81,R81,U81,X81,AA81,AD81,AG81),2)))
C82: 6.1 | D82: CAJA DE INSPECCIÓN DE 0.6X0.6M (H=0.6M. INCLUYE SUMINISTRO Y CONSTRUCCIÓN. INCLUYE MARCO Y TAPA. NO INC. BASE Y CAÑUELA) | E82: UN | F82: =IF(E82="","",MAX(0,ROUND(SUM(L82,O82,R82,U82,X82,AA82,AD82,AG82),2))) -> 39.6 | G82: =IF($E82="","",SUM(MAX($L82,0),MAX($O82,0),MAX($R82,0),MAX($U82,0),MAX($X82,0),MAX($AA82,0),MAX($AD82,0),MAX($AG82,0))) -> 44.6 | H82: 331564.61 | I82: =ROUND(H82*'INDEX ICOCIV'!$R$85,0) -> 450928 | J82: 15 | K82: 6.0000011 | L82: =+ROUND(J82-K82,2) -> 9 | M82: 8 | N82: 4.9999999 | O82: =+ROUND(M82-N82,2) -> 3 | P82: 15 | Q82: 0.7 | R82: =+ROUND(P82-Q82,2) -> 14.3 | S82: 14 | T82: 4.9999999 | U82: =+ROUND(S82-T82,2) -> 9 | V82: 4 | W82: 1.0000012 | X82: =+ROUND(V82-W82,2) -> 3 | Y82: 3 | Z82: 7.9999974 | AA82: =+ROUND(Y82-Z82,2) -> -5 | AB82: 7 | AC82: 4.7000011 | AD82: =+ROUND(AB82-AC82,2) -> 2.3 | AE82: 12 | AF82: 8.0000004 | AG82: =+ROUND(AE82-AF82,2) -> 4
C83: 6.2 | D83: ACOMETIDA DOMICILIARIA DE 3" A 1/2". SUMINISTRO E INSTALACION. (INCLUYE TUBERÍA PF, REPOSICIÓN DE CAJILLA EN POLIPROPILENO PARA MEDIDOR, REGISTROS Y ACCESORIOS. LONGITUD PROMEDIO =6.5MT). | E83: UN | F83: =IF(E83="","",MAX(0,ROUND(SUM(L83,O83,R83,U83,X83,AA83,AD83,AG83),2))) -> 60 | G83: =IF($E83="","",SUM(MAX($L83,0),MAX($O83,0),MAX($R83,0),MAX($U83,0),MAX($X83,0),MAX($AA83,0),MAX($AD83,0),MAX($AG83,0))) -> 60 | H83: 246192.78 | I83: =ROUND(H83*'INDEX ICOCIV'!$R$85,0) -> 334822 | J83: 16 | K83: 6.0000013 | L83: =+ROUND(J83-K83,2) -> 10 | M83: 9 | N83: 5.0000004 | O83: =+ROUND(M83-N83,2) -> 4 | P83: 19 | R83: =+ROUND(P83-Q83,2) -> 19 | S83: 17 | T83: 3.9999995 | U83: =+ROUND(S83-T83,2) -> 13 | V83: 4 | W83: 2 | X83: =+ROUND(V83-W83,2) -> 2 | Y83: 3 | Z83: 2.0000018 | AA83: =+ROUND(Y83-Z83,2) -> 1 | AB83: 7 | AC83: 2.0000018 | AD83: =+ROUND(AB83-AC83,2) -> 5 | AE83: 12 | AF83: 6.0000013 | AG83: =+ROUND(AE83-AF83,2) -> 6
C84: 6.3 | D84: POZO DE INSPECCION D=1.7 M (INCL. SUMINISTRO E INSTALACION). INCLUYE CILINDRO POZO DE INSPECCION EN MAMPOSTERIA, CONO PREFABRICADO, PLACA FONDO. | E84: UN | F84: =IF(E84="","",MAX(0,ROUND(SUM(L84,O84,R84,U84,X84,AA84,AD84,AG84),2))) -> 9 | G84: =IF($E84="","",SUM(MAX($L84,0),MAX($O84,0),MAX($R84,0),MAX($U84,0),MAX($X84,0),MAX($AA84,0),MAX($AD84,0),MAX($AG84,0))) -> 9 | H84: 2916247 | I84: =ROUND(H84*'INDEX ICOCIV'!$R$85,0) -> 3966096 | J84: 7 | L84: =+ROUND(J84-K84,2) -> 7 | M84: 0 | O84: =+ROUND(M84-N84,2) -> 0 | P84: 0 | R84: =+ROUND(P84-Q84,2) -> 0 | S84: 1 | U84: =+ROUND(S84-T84,2) -> 1 | V84: 0 | X84: =+ROUND(V84-W84,2) -> 0 | Y84: 0 | AA84: =+ROUND(Y84-Z84,2) -> 0 | AB84: 0 | AD84: =+ROUND(AB84-AC84,2) -> 0 | AE84: 1 | AG84: =+ROUND(AE84-AF84,2) -> 1
C85: 6.4 | D85: PLACA CUBIERTA D=1.70M POZO INSPEC. (FUNDIDA EN SITIO. INC. SUM, FORMALET., REFUERZO E INST. INCL. TAPA EN POLIPROPILENO) | E85: UN | F85: =IF(E85="","",MAX(0,ROUND(SUM(L85,O85,R85,U85,X85,AA85,AD85,AG85),2))) -> 6 | G85: =IF($E85="","",SUM(MAX($L85,0),MAX($O85,0),MAX($R85,0),MAX($U85,0),MAX($X85,0),MAX($AA85,0),MAX($AD85,0),MAX($AG85,0))) -> 9 | H85: 1240108 | I85: =ROUND(H85*'INDEX ICOCIV'!$R$85,0) -> 1686547 | J85: 7 | L85: =+ROUND(J85-K85,2) -> 7 | M85: 0 | N85: 1 | O85: =+ROUND(M85-N85,2) -> -1 | P85: 0 | R85: =+ROUND(P85-Q85,2) -> 0 | S85: 1 | U85: =+ROUND(S85-T85,2) -> 1 | V85: 0 | W85: 1 | X85: =+ROUND(V85-W85,2) -> -1 | Y85: 0 | AA85: =+ROUND(Y85-Z85,2) -> 0 | AB85: 0 | AC85: 1 | AD85: =+ROUND(AB85-AC85,2) -> -1 | AE85: 1 | AG85: =+ROUND(AE85-AF85,2) -> 1
C86: 6.5 | D86: SUMIDERO ALCANTARILLADO PLUVIAL EN VIA | E86: UN | F86: =IF(E86="","",MAX(0,ROUND(SUM(L86,O86,R86,U86,X86,AA86,AD86,AG86),2))) -> 8 | G86: =IF($E86="","",SUM(MAX($L86,0),MAX($O86,0),MAX($R86,0),MAX($U86,0),MAX($X86,0),MAX($AA86,0),MAX($AD86,0),MAX($AG86,0))) -> 8 | H86: 5537763.5 | I86: =ROUND(H86*'INDEX ICOCIV'!$R$85,0) -> 7531358 | J86: 2 | L86: =+ROUND(J86-K86,2) -> 2 | M86: 1 | O86: =+ROUND(M86-N86,2) -> 1 | P86: 1 | R86: =+ROUND(P86-Q86,2) -> 1 | S86: 1 | U86: =+ROUND(S86-T86,2) -> 1 | V86: 1 | X86: =+ROUND(V86-W86,2) -> 1 | Y86: 1 | AA86: =+ROUND(Y86-Z86,2) -> 1 | AB86: 1 | AD86: =+ROUND(AB86-AC86,2) -> 1 | AE86: 0 | AG86: =+ROUND(AE86-AF86,2) -> 0
C87: 6.6 | D87: CONSTRUCCION CANALETA DE AGUAS LLUVIAS DE 0.4 X 0.4 MT EN CONCRETO DE 3000PSI INCLUYE REJILLA PREFABRICADA. | E87: M | F87: =IF(E87="","",MAX(0,ROUND(SUM(L87,O87,R87,U87,X87,AA87,AD87,AG87),2))) -> 0 | G87: =IF($E87="","",SUM(MAX($L87,0),MAX($O87,0),MAX($R87,0),MAX($U87,0),MAX($X87,0),MAX($AA87,0),MAX($AD87,0),MAX($AG87,0))) -> 0 | H87: 174771.03 | I87: =ROUND(H87*'INDEX ICOCIV'!$R$85,0) -> 237689 | J87: 0 | L87: =+ROUND(J87-K87,2) -> 0 | M87: 0 | O87: =+ROUND(M87-N87,2) -> 0 | P87: 0 | R87: =+ROUND(P87-Q87,2) -> 0 | S87: 0 | U87: =+ROUND(S87-T87,2) -> 0 | V87: 0 | X87: =+ROUND(V87-W87,2) -> 0 | Y87: 0 | AA87: =+ROUND(Y87-Z87,2) -> 0 | AB87: 0 | AD87: =+ROUND(AB87-AC87,2) -> 0 | AE87: 0 | AG87: =+ROUND(AE87-AF87,2) -> 0
C88: 6.7 | D88: SUMINISTRO E INSTALACIÓN DE BOLSACRETO | E88: M3 | F88: =IF(E88="","",MAX(0,ROUND(SUM(L88,O88,R88,U88,X88,AA88,AD88,AG88),2))) -> 0 | G88: =IF($E88="","",SUM(MAX($L88,0),MAX($O88,0),MAX($R88,0),MAX($U88,0),MAX($X88,0),MAX($AA88,0),MAX($AD88,0),MAX($AG88,0))) -> 0 | H88: 598917.43 | I88: =ROUND(H88*'INDEX ICOCIV'!$R$85,0) -> 814528 | J88: 0 | L88: =+ROUND(J88-K88,2) -> 0 | M88: 0 | O88: =+ROUND(M88-N88,2) -> 0 | P88: 0 | R88: =+ROUND(P88-Q88,2) -> 0 | S88: 0 | U88: =+ROUND(S88-T88,2) -> 0 | V88: 0 | X88: =+ROUND(V88-W88,2) -> 0 | Y88: 0 | AA88: =+ROUND(Y88-Z88,2) -> 0 | AB88: 0 | AD88: =+ROUND(AB88-AC88,2) -> 0 | AE88: 0 | AG88: =+ROUND(AE88-AF88,2) -> 0
C89: 6.8 | D89: EXCAVACION MECANICA PARA REDES PROFUNDIDAD 0M - 3.5M (INCLUYE CARGUE) | E89: M3 | F89: =IF(E89="","",MAX(0,ROUND(SUM(L89,O89,R89,U89,X89,AA89,AD89,AG89),2))) -> 28.11 | G89: =IF($E89="","",SUM(MAX($L89,0),MAX($O89,0),MAX($R89,0),MAX($U89,0),MAX($X89,0),MAX($AA89,0),MAX($AD89,0),MAX($AG89,0))) -> 60 | H89: 4852.034 | I89: =ROUND(H89*'INDEX ICOCIV'!$R$85,0) -> 6599 | J89: 0 | L89: =+ROUND(J89-K89,2) -> 0 | M89: 0 | N89: 31.89 | O89: =+ROUND(M89-N89,2) -> -31.89 | P89: 0 | R89: =+ROUND(P89-Q89,2) -> 0 | S89: 0 | U89: =+ROUND(S89-T89,2) -> 0 | V89: 0 | X89: =+ROUND(V89-W89,2) -> 0 | Y89: 0 | AA89: =+ROUND(Y89-Z89,2) -> 0 | AB89: 0 | AD89: =+ROUND(AB89-AC89,2) -> 0 | AE89: 60 | AG89: =+ROUND(AE89-AF89,2) -> 60
C90: 6.9 | D90: RELLENO EN RECEBO COMUN (SUMINISTRO E INSTALACIÓN EXTENDIDO MANUAL, HUMEDECIMIENTO Y COMPACTACIÓN TRANSPORTE A 28 KM). | E90: M3 | F90: =IF(E90="","",MAX(0,ROUND(SUM(L90,O90,R90,U90,X90,AA90,AD90,AG90),2))) -> 0 | G90: =IF($E90="","",SUM(MAX($L90,0),MAX($O90,0),MAX($R90,0),MAX($U90,0),MAX($X90,0),MAX($AA90,0),MAX($AD90,0),MAX($AG90,0))) -> 50.47 | H90: 67202.589 | I90: =ROUND(H90*'INDEX ICOCIV'!$R$85,0) -> 91396 | J90: 0 | L90: =+ROUND(J90-K90,2) -> 0 | M90: 0 | N90: 68.789999 | O90: =+ROUND(M90-N90,2) -> -68.79 | P90: 0 | R90: =+ROUND(P90-Q90,2) -> 0 | S90: 0 | U90: =+ROUND(S90-T90,2) -> 0 | V90: 0 | X90: =+ROUND(V90-W90,2) -> 0 | Y90: 0 | Z90: 2.2079953 | AA90: =+ROUND(Y90-Z90,2) -> -2.21 | AB90: 0 | AD90: =+ROUND(AB90-AC90,2) -> 0 | AE90: 57.87942 | AF90: 7.41 | AG90: =+ROUND(AE90-AF90,2) -> 50.47
C91: 6.10 | D91: RELLENO CON GRAVA ENTRE 3/4" Y 1/2" PARA FILTROS (RELACIÓN 1:1) SUMINISTRO Y COLOCACIÓN. (INCLUYE TRANSPORTE, SUMINISTRO, EXTENDIDO MANUAL Y COLOCACIÓN) | E91: M3 | F91: =IF(E91="","",MAX(0,ROUND(SUM(L91,O91,R91,U91,X91,AA91,AD91,AG91),2))) -> 0 | G91: =IF($E91="","",SUM(MAX($L91,0),MAX($O91,0),MAX($R91,0),MAX($U91,0),MAX($X91,0),MAX($AA91,0),MAX($AD91,0),MAX($AG91,0))) -> 0 | H91: 100695.05 | I91: =ROUND(H91*'INDEX ICOCIV'!$R$85,0) -> 136945 | J91: 0 | L91: =+ROUND(J91-K91,2) -> 0 | M91: 0 | O91: =+ROUND(M91-N91,2) -> 0 | P91: 0 | R91: =+ROUND(P91-Q91,2) -> 0 | S91: 0 | U91: =+ROUND(S91-T91,2) -> 0 | V91: 0 | X91: =+ROUND(V91-W91,2) -> 0 | Y91: 0 | AA91: =+ROUND(Y91-Z91,2) -> 0 | AB91: 0 | AD91: =+ROUND(AB91-AC91,2) -> 0 | AE91: 0 | AG91: =+ROUND(AE91-AF91,2) -> 0
C92: 6.11 | D92: BASE GRANULAR CLASE A (BG_A) (SUMINISTRO, EXTENDIDO, NIVELACIÓN, HUMEDECIMIENTO Y COMPACTACIÓN CON VIBROCOMPACTADOR) | E92: M3 | F92: =IF(E92="","",MAX(0,ROUND(SUM(L92,O92,R92,U92,X92,AA92,AD92,AG92),2))) -> 7.5 | G92: =IF($E92="","",SUM(MAX($L92,0),MAX($O92,0),MAX($R92,0),MAX($U92,0),MAX($X92,0),MAX($AA92,0),MAX($AD92,0),MAX($AG92,0))) -> 7.5 | H92: 129145.61 | I92: =ROUND(H92*'INDEX ICOCIV'!$R$85,0) -> 175638 | J92: 0 | L92: =+ROUND(J92-K92,2) -> 0 | M92: 0 | O92: =+ROUND(M92-N92,2) -> 0 | P92: 0 | R92: =+ROUND(P92-Q92,2) -> 0 | S92: 0 | U92: =+ROUND(S92-T92,2) -> 0 | V92: 0 | X92: =+ROUND(V92-W92,2) -> 0 | Y92: 0 | AA92: =+ROUND(Y92-Z92,2) -> 0 | AB92: 0 | AD92: =+ROUND(AB92-AC92,2) -> 0 | AE92: 7.5 | AG92: =+ROUND(AE92-AF92,2) -> 7.5
C93: 6.12 | D93: ENTIBADO EC-2 CONTÍNUO MADERA CON PERFILES METÁLICOS Y PARALES TELESCÓPICOS. SUMINISTRO E INSTALACIÓN. | E93: M2 | F93: =IF(E93="","",MAX(0,ROUND(SUM(L93,O93,R93,U93,X93,AA93,AD93,AG93),2))) -> 0 | G93: =IF($E93="","",SUM(MAX($L93,0),MAX($O93,0),MAX($R93,0),MAX($U93,0),MAX($X93,0),MAX($AA93,0),MAX($AD93,0),MAX($AG93,0))) -> 0 | H93: 52047.174 | I93: =ROUND(H93*'INDEX ICOCIV'!$R$85,0) -> 70784 | J93: 0 | L93: =+ROUND(J93-K93,2) -> 0 | M93: 0 | N93: 4.6 | O93: =+ROUND(M93-N93,2) -> -4.6 | P93: 0 | R93: =+ROUND(P93-Q93,2) -> 0 | S93: 0 | T93: 28.611006 | U93: =+ROUND(S93-T93,2) -> -28.61 | V93: 0 | X93: =+ROUND(V93-W93,2) -> 0 | Y93: 0 | AA93: =+ROUND(Y93-Z93,2) -> 0 | AB93: 0 | AD93: =+ROUND(AB93-AC93,2) -> 0 | AE93: 0 | AG93: =+ROUND(AE93-AF93,2) -> 0
C94: 6.13 | D94: TUBERIA PVC U.M. EXT CORRUGADO/INT LISO U.M. NORMA NTC 3722-1 D=8" (INCLUYE SUMINISTRO E INSTALACIÓN) | E94: M | F94: =IF(E94="","",MAX(0,ROUND(SUM(L94,O94,R94,U94,X94,AA94,AD94,AG94),2))) -> 0 | G94: =IF($E94="","",SUM(MAX($L94,0),MAX($O94,0),MAX($R94,0),MAX($U94,0),MAX($X94,0),MAX($AA94,0),MAX($AD94,0),MAX($AG94,0))) -> 0 | H94: 43766.114 | I94: =ROUND(H94*'INDEX ICOCIV'!$R$85,0) -> 59522 | J94: 0 | L94: =+ROUND(J94-K94,2) -> 0 | M94: 0 | N94: 41.80001 | O94: =+ROUND(M94-N94,2) -> -41.8 | P94: 0 | R94: =+ROUND(P94-Q94,2) -> 0 | S94: 0 | U94: =+ROUND(S94-T94,2) -> 0 | V94: 0 | X94: =+ROUND(V94-W94,2) -> 0 | Y94: 0 | AA94: =+ROUND(Y94-Z94,2) -> 0 | AB94: 0 | AD94: =+ROUND(AB94-AC94,2) -> 0 | AE94: 0 | AG94: =+ROUND(AE94-AF94,2) -> 0
C95: 6.14 | D95: TUBERIA PVC U.M. EXT CORRUGADO/INT LISO U.M. NORMA NTC 3722-1 D=10" (INCLUYE SUMINISTRO E INSTALACIÓN | E95: M | F95: =IF(E95="","",MAX(0,ROUND(SUM(L95,O95,R95,U95,X95,AA95,AD95,AG95),2))) -> 29.6 | G95: =IF($E95="","",SUM(MAX($L95,0),MAX($O95,0),MAX($R95,0),MAX($U95,0),MAX($X95,0),MAX($AA95,0),MAX($AD95,0),MAX($AG95,0))) -> 30 | H95: 51428.684 | I95: =ROUND(H95*'INDEX ICOCIV'!$R$85,0) -> 69943 | J95: 0 | L95: =+ROUND(J95-K95,2) -> 0 | M95: 0 | O95: =+ROUND(M95-N95,2) -> 0 | P95: 0 | R95: =+ROUND(P95-Q95,2) -> 0 | S95: 0 | U95: =+ROUND(S95-T95,2) -> 0 | V95: 0 | X95: =+ROUND(V95-W95,2) -> 0 | Y95: 0 | Z95: 0.39999079 | AA95: =+ROUND(Y95-Z95,2) -> -0.4 | AB95: 0 | AD95: =+ROUND(AB95-AC95,2) -> 0 | AE95: 30 | AG95: =+ROUND(AE95-AF95,2) -> 30
C96: 6.15 | D96: TUBERIA PVC U.M. EXT CORRUGADO/INT LISO U.M. NORMA NTC 3722-1 D=12" (INCLUYE SUMINISTRO E INSTALACIÓN) | E96: M | F96: =IF(E96="","",MAX(0,ROUND(SUM(L96,O96,R96,U96,X96,AA96,AD96,AG96),2))) -> 0 | G96: =IF($E96="","",SUM(MAX($L96,0),MAX($O96,0),MAX($R96,0),MAX($U96,0),MAX($X96,0),MAX($AA96,0),MAX($AD96,0),MAX($AG96,0))) -> 0 | H96: 85259.635 | I96: =ROUND(H96*'INDEX ICOCIV'!$R$85,0) -> 115953 | J96: 0 | L96: =+ROUND(J96-K96,2) -> 0 | M96: 0 | O96: =+ROUND(M96-N96,2) -> 0 | P96: 0 | R96: =+ROUND(P96-Q96,2) -> 0 | S96: 0 | U96: =+ROUND(S96-T96,2) -> 0 | V96: 0 | X96: =+ROUND(V96-W96,2) -> 0 | Y96: 0 | Z96: 1.0000043 | AA96: =+ROUND(Y96-Z96,2) -> -1 | AB96: 0 | AD96: =+ROUND(AB96-AC96,2) -> 0 | AE96: 0 | AG96: =+ROUND(AE96-AF96,2) -> 0
C97: 6.16 | D97: TUBERIA CONCRETO D=14" CL. I SIN REFUERZO (INCLUYE SUMINISTRO E INSTALACIÓN) | E97: M | F97: =IF(E97="","",MAX(0,ROUND(SUM(L97,O97,R97,U97,X97,AA97,AD97,AG97),2))) -> 0 | G97: =IF($E97="","",SUM(MAX($L97,0),MAX($O97,0),MAX($R97,0),MAX($U97,0),MAX($X97,0),MAX($AA97,0),MAX($AD97,0),MAX($AG97,0))) -> 0 | H97: 115168.68 | I97: =ROUND(H97*'INDEX ICOCIV'!$R$85,0) -> 156629 | J97: 0 | L97: =+ROUND(J97-K97,2) -> 0 | M97: 0 | O97: =+ROUND(M97-N97,2) -> 0 | P97: 0 | R97: =+ROUND(P97-Q97,2) -> 0 | S97: 0 | U97: =+ROUND(S97-T97,2) -> 0 | V97: 0 | X97: =+ROUND(V97-W97,2) -> 0 | Y97: 0 | AA97: =+ROUND(Y97-Z97,2) -> 0 | AB97: 0 | AD97: =+ROUND(AB97-AC97,2) -> 0 | AE97: 0 | AG97: =+ROUND(AE97-AF97,2) -> 0
C98: 6.17 | D98: TUBERIA PVC U.M. EXT CORRUGADO/INT LISO U.M. NORMA NTC 3722-1 D=16" (INCLUYE SUMINISTRO E INSTALACIÓN) | E98: M | F98: =IF(E98="","",MAX(0,ROUND(SUM(L98,O98,R98,U98,X98,AA98,AD98,AG98),2))) -> 0 | G98: =IF($E98="","",SUM(MAX($L98,0),MAX($O98,0),MAX($R98,0),MAX($U98,0),MAX($X98,0),MAX($AA98,0),MAX($AD98,0),MAX($AG98,0))) -> 0 | H98: 129086.16 | I98: =ROUND(H98*'INDEX ICOCIV'!$R$85,0) -> 175557 | J98: 0 | L98: =+ROUND(J98-K98,2) -> 0 | M98: 0 | O98: =+ROUND(M98-N98,2) -> 0 | P98: 0 | R98: =+ROUND(P98-Q98,2) -> 0 | S98: 0 | U98: =+ROUND(S98-T98,2) -> 0 | V98: 0 | X98: =+ROUND(V98-W98,2) -> 0 | Y98: 0 | Z98: 4.5999974 | AA98: =+ROUND(Y98-Z98,2) -> -4.6 | AB98: 0 | AD98: =+ROUND(AB98-AC98,2) -> 0 | AE98: 0 | AG98: =+ROUND(AE98-AF98,2) -> 0
C99: 6.18 | D99: TUBERIA PVC U.M. EXT CORRUGADO/INT LISO U.M. NORMA NTC 3722-1 D=18" (INCLUYE SUMINISTRO E INSTALACIÓN) | E99: M | F99: =IF(E99="","",MAX(0,ROUND(SUM(L99,O99,R99,U99,X99,AA99,AD99,AG99),2))) -> 0 | G99: =IF($E99="","",SUM(MAX($L99,0),MAX($O99,0),MAX($R99,0),MAX($U99,0),MAX($X99,0),MAX($AA99,0),MAX($AD99,0),MAX($AG99,0))) -> 0 | H99: 167573.53 | I99: =ROUND(H99*'INDEX ICOCIV'!$R$85,0) -> 227900 | J99: 0 | L99: =+ROUND(J99-K99,2) -> 0 | M99: 0 | O99: =+ROUND(M99-N99,2) -> 0 | P99: 0 | R99: =+ROUND(P99-Q99,2) -> 0 | S99: 0 | U99: =+ROUND(S99-T99,2) -> 0 | V99: 0 | X99: =+ROUND(V99-W99,2) -> 0 | Y99: 0 | AA99: =+ROUND(Y99-Z99,2) -> 0 | AB99: 0 | AD99: =+ROUND(AB99-AC99,2) -> 0 | AE99: 0 | AG99: =+ROUND(AE99-AF99,2) -> 0
C100: 6.19 | D100: TUBERIA PVC U.M. EXT CORRUGADO/INT LISO U.M. NORMA NTC 3722-1 D=20" (INCLUYE SUMINISTRO E INSTALACIÓN) | E100: M | F100: =IF(E100="","",MAX(0,ROUND(SUM(L100,O100,R100,U100,X100,AA100,AD100,AG100),2))) -> 0 | G100: =IF($E100="","",SUM(MAX($L100,0),MAX($O100,0),MAX($R100,0),MAX($U100,0),MAX($X100,0),MAX($AA100,0),MAX($AD100,0),MAX($AG100,0))) -> 0 | H100: 217077.7 | I100: =ROUND(H100*'INDEX ICOCIV'!$R$85,0) -> 295226 | J100: 0 | L100: =+ROUND(J100-K100,2) -> 0 | M100: 0 | O100: =+ROUND(M100-N100,2) -> 0 | P100: 0 | R100: =+ROUND(P100-Q100,2) -> 0 | S100: 0 | U100: =+ROUND(S100-T100,2) -> 0 | V100: 0 | X100: =+ROUND(V100-W100,2) -> 0 | Y100: 0 | AA100: =+ROUND(Y100-Z100,2) -> 0 | AB100: 0 | AD100: =+ROUND(AB100-AC100,2) -> 0 | AE100: 0 | AG100: =+ROUND(AE100-AF100,2) -> 0
C101: 6.20 | D101: TUBERIA PVC U.M. EXT/INT LISO NORMA NTC 5070 D=24" (INCLUYE SUMINISTRO E INSTALACIÓN) | E101: M | F101: =IF(E101="","",MAX(0,ROUND(SUM(L101,O101,R101,U101,X101,AA101,AD101,AG101),2))) -> 0 | G101: =IF($E101="","",SUM(MAX($L101,0),MAX($O101,0),MAX($R101,0),MAX($U101,0),MAX($X101,0),MAX($AA101,0),MAX($AD101,0),MAX($AG101,0))) -> 0 | H101: 288916.57 | I101: =ROUND(H101*'INDEX ICOCIV'!$R$85,0) -> 392927 | J101: 0 | L101: =+ROUND(J101-K101,2) -> 0 | M101: 0 | O101: =+ROUND(M101-N101,2) -> 0 | P101: 0 | R101: =+ROUND(P101-Q101,2) -> 0 | S101: 0 | U101: =+ROUND(S101-T101,2) -> 0 | V101: 0 | X101: =+ROUND(V101-W101,2) -> 0 | Y101: 0 | AA101: =+ROUND(Y101-Z101,2) -> 0 | AB101: 0 | AD101: =+ROUND(AB101-AC101,2) -> 0 | AE101: 0 | AG101: =+ROUND(AE101-AF101,2) -> 0
C102: 6.21 | D102: TUBERIA PVC U.M. EXT/INT LISO NORMA NTC 5070 D=27" (INCLUYE SUMINISTRO E INSTALACIÓN) | E102: M | F102: =IF(E102="","",MAX(0,ROUND(SUM(L102,O102,R102,U102,X102,AA102,AD102,AG102),2))) -> 0 | G102: =IF($E102="","",SUM(MAX($L102,0),MAX($O102,0),MAX($R102,0),MAX($U102,0),MAX($X102,0),MAX($AA102,0),MAX($AD102,0),MAX($AG102,0))) -> 0 | H102: 309759.22 | I102: =ROUND(H102*'INDEX ICOCIV'!$R$85,0) -> 421273 | J102: 0 | L102: =+ROUND(J102-K102,2) -> 0 | M102: 0 | O102: =+ROUND(M102-N102,2) -> 0 | P102: 0 | R102: =+ROUND(P102-Q102,2) -> 0 | S102: 0 | U102: =+ROUND(S102-T102,2) -> 0 | V102: 0 | X102: =+ROUND(V102-W102,2) -> 0 | Y102: 0 | AA102: =+ROUND(Y102-Z102,2) -> 0 | AB102: 0 | AD102: =+ROUND(AB102-AC102,2) -> 0 | AE102: 0 | AG102: =+ROUND(AE102-AF102,2) -> 0
C103: 6.22 | D103: TUBERIA PVC U.M. EXT/INT LISO NORMA NTC 5070 D=30" (INCLUYE SUMINISTRO E INSTALACIÓN) | E103: M | F103: =IF(E103="","",MAX(0,ROUND(SUM(L103,O103,R103,U103,X103,AA103,AD103,AG103),2))) -> 0 | G103: =IF($E103="","",SUM(MAX($L103,0),MAX($O103,0),MAX($R103,0),MAX($U103,0),MAX($X103,0),MAX($AA103,0),MAX($AD103,0),MAX($AG103,0))) -> 0 | H103: 379500.98 | I103: =ROUND(H103*'INDEX ICOCIV'!$R$85,0) -> 516121 | J103: 0 | L103: =+ROUND(J103-K103,2) -> 0 | M103: 0 | O103: =+ROUND(M103-N103,2) -> 0 | P103: 0 | R103: =+ROUND(P103-Q103,2) -> 0 | S103: 0 | U103: =+ROUND(S103-T103,2) -> 0 | V103: 0 | X103: =+ROUND(V103-W103,2) -> 0 | Y103: 0 | AA103: =+ROUND(Y103-Z103,2) -> 0 | AB103: 0 | AD103: =+ROUND(AB103-AC103,2) -> 0 | AE103: 0 | AG103: =+ROUND(AE103-AF103,2) -> 0
...

Sheet Comparativo
A1: COMPARATIVO DE ACTIVIDADES CON SIMILITUD ≥ 90%
A2: Valor unitario indexado (ene. 2022–jun. 2027) | Similitud textual normalizada y correspondencia única
A4: LECTURA RÁPIDA
A5: Se identificaron 32 pares de actividades con similitud mínima del 90%: 19 equivalencias normalizadas al 100% y 13 coincidencias aproximadas. Se muestran ambas descripciones porque una similitud textual alta puede conservar diferencias técnicas como diámetro, tipo o material.
A8: ACTIVIDAD ALPES | B8: NUMERAL ALPES | C8: UNIDAD ALPES | D8: VALOR INDEXADO ALPES | E8: ACTIVIDAD CARACOLÍ | F8: NUMERAL CARACOLÍ | G8: UNIDAD CARACOLÍ | H8: VALOR INDEXADO CARACOLÍ | I8: SIMILITUD % | J8: DIFERENCIA | K8: VARIACIÓN % | L8: COMPARACIÓN | M8: MENOR VALOR
A9: ='[2]VALORES INDEXADOS OBRA ALPES'!D13 -> REPLANTEO GENERAL | B9: ='[2]VALORES INDEXADOS OBRA ALPES'!C13 -> 1.1 | C9: ='[2]VALORES INDEXADOS OBRA ALPES'!E13 -> M2 | D9: ='VALORES INDEXADOS OBRA ALPES'!H13 -> 877.66199 | E9: ='[2]VALORES INDEXADOS OBRA CARACOLÍ'!D13 -> REPLANTEO GENERAL | F9: ='[2]VALORES INDEXADOS OBRA CARACOLÍ'!C13 -> 1.1 | G9: ='[2]VALORES INDEXADOS OBRA CARACOLÍ'!E13 -> M2 | H9: ='VALORES INDEXADOS OBRA CARACOLÍ'!H13 -> 824 | I9: 1 | J9: =D9-H9 -> 53.661992 | K9: =IF(H9=0,"",J9/H9) -> 0.065123777 | L9: =IF(D9>H9,"Alpes mayor",IF(D9<H9,"Alpes menor","Iguales")) -> Alpes mayor | M9: =MIN(tblComparativoIndexado[[#This Row],[VALOR INDEXADO ALPES]],tblComparativoIndexado[[#This Row],[VALOR INDEXADO CARACOLÍ]]) -> 824
A10: ='[2]VALORES INDEXADOS OBRA ALPES'!D21 -> EXCAVACION MECANICA EN MATERIAL COMUN (INCLUYE CARGUE) | B10: ='[2]VALORES INDEXADOS OBRA ALPES'!C21 -> 1.9 | C10: ='[2]VALORES INDEXADOS OBRA ALPES'!E21 -> M3 | D10: ='VALORES INDEXADOS OBRA ALPES'!H21 -> 6598.7662 | E10: ='[2]VALORES INDEXADOS OBRA CARACOLÍ'!D69 -> EXCAVACION MECANICA EN MATERIAL COMUN. INCLUYE CARGUE. | F10: ='[2]VALORES INDEXADOS OBRA CARACOLÍ'!C69 -> 3.10 | G10: ='[2]VALORES INDEXADOS OBRA CARACOLÍ'!E69 -> M3 | H10: ='VALORES INDEXADOS OBRA CARACOLÍ'!H69 -> 6203 | I10: 1 | J10: =D10-H10 -> 395.76624 | K10: =IF(H10=0,"",J10/H10) -> 0.063802392 | L10: =IF(D10>H10,"Alpes mayor",IF(D10<H10,"Alpes menor","Iguales")) -> Alpes mayor | M10: =MIN(tblComparativoIndexado[[#This Row],[VALOR INDEXADO ALPES]],tblComparativoIndexado[[#This Row],[VALOR INDEXADO CARACOLÍ]]) -> 6203
A11: ='[2]VALORES INDEXADOS OBRA ALPES'!D25 -> TRANSPORTE Y DISPOSICION FINAL DE ESCOMBROS EN SITIO AUTORIZADO (DISTANCIA DE TRANSPORTE 21 KM). A DISTANCIA MAYOR DEL ACARREO LIBRE (90 M) EN SITIO AUTORIZADO POR LA ENTIDAD AMBIENTAL COMPETENTE. | B11: ='[2]VALORES INDEXADOS OBRA ALPES'!C25 -> 1.13 | C11: ='[2]VALORES INDEXADOS OBRA ALPES'!E25 -> M3 | D11: ='VALORES INDEXADOS OBRA ALPES'!H25 -> 32452.628 | E11: ='[2]VALORES INDEXADOS OBRA CARACOLÍ'!D20 -> TRANSPORTE Y DISPOSICION FINAL DE ESCOMBROS EN SITIO AUTORIZADO (DISTANCIA DE TRANSPORTE 21 KM). A DISTANCIA MAYOR DEL ACARREO LIBRE (90 M) EN SITIO AUTORIZADO POR LA ENTIDAD AMBIENTAL COMPETENTE. | F11: ='[2]VALORES INDEXADOS OBRA CARACOLÍ'!C20 -> 2.4 | G11: ='[2]VALORES INDEXADOS OBRA CARACOLÍ'!E20 -> M3 | H11: ='VALORES INDEXADOS OBRA CARACOLÍ'!H20 -> 36506 | I11: 1 | J11: =D11-H11 -> -4053.372 | K11: =IF(H11=0,"",J11/H11) -> -0.11103303 | L11: =IF(D11>H11,"Alpes mayor",IF(D11<H11,"Alpes menor","Iguales")) -> Alpes menor | M11: =MIN(tblComparativoIndexado[[#This Row],[VALOR INDEXADO ALPES]],tblComparativoIndexado[[#This Row],[VALOR INDEXADO CARACOLÍ]]) -> 32452.628
A12: ='[2]VALORES INDEXADOS OBRA ALPES'!D34 -> CURADO DE LOSAS DE CONCRETO (SUMINISTRO Y APLICACIÓN) | B12: ='[2]VALORES INDEXADOS OBRA ALPES'!C34 -> 2.8 | C12: ='[2]VALORES INDEXADOS OBRA ALPES'!E34 -> M2 | D12: ='VALORES INDEXADOS OBRA ALPES'!H34 -> 2038.3146 | E12: ='[2]VALORES INDEXADOS OBRA CARACOLÍ'!D64 -> CURADO DE LOSAS DE CONCRETO (SUMINISTRO Y APLICACIÓN) | F12: ='[2]VALORES INDEXADOS OBRA CARACOLÍ'!C64 -> 3.5 | G12: ='[2]VALORES INDEXADOS OBRA CARACOLÍ'!E64 -> M2 | H12: ='VALORES INDEXADOS OBRA CARACOLÍ'!H64 -> 2085 | I12: 1 | J12: =D12-H12 -> -46.685448 | K12: =IF(H12=0,"",J12/H12) -> -0.022391102 | L12: =IF(D12>H12,"Alpes mayor",IF(D12<H12,"Alpes menor","Iguales")) -> Alpes menor | M12: =MIN(tblComparativoIndexado[[#This Row],[VALOR INDEXADO ALPES]],tblComparativoIndexado[[#This Row],[VALOR INDEXADO CARACOLÍ]]) -> 2038.3146
A13: ='[2]VALORES INDEXADOS OBRA ALPES'!D80 -> RELLENO EN TIERRA NEGRA PARA EMPRADIZACIÓN (SUMINISTRO Y EXTENDIDO). | B13: ='[2]VALORES INDEXADOS OBRA ALPES'!C80 -> 5.7 | C13: ='[2]VALORES INDEXADOS OBRA ALPES'!E80 -> M3 | D13: ='VALORES INDEXADOS OBRA ALPES'!H80 -> 44094.364 | E13: ='[2]VALORES INDEXADOS OBRA CARACOLÍ'!D99 -> RELLENO EN TIERRA NEGRA PARA EMPRADIZACION (SUMINISTRO Y EXTENDIDO) | F13: ='[2]VALORES INDEXADOS OBRA CARACOLÍ'!C99 -> 7.5 | G13: ='[2]VALORES INDEXADOS OBRA CARACOLÍ'!E99 -> M3 | H13: ='VALORES INDEXADOS OBRA CARACOLÍ'!H99 -> 75193 | I13: 1 | J13: =D13-H13 -> -31098.636 | K13: =IF(H13=0,"",J13/H13) -> -0.41358418 | L13: =IF(D13>H13,"Alpes mayor",IF(D13<H13,"Alpes menor","Iguales")) -> Alpes menor | M13: =MIN(tblComparativoIndexado[[#This Row],[VALOR INDEXADO ALPES]],tblComparativoIndexado[[#This Row],[VALOR INDEXADO CARACOLÍ]]) -> 44094.364
A14: ='[2]VALORES INDEXADOS OBRA ALPES'!D88 -> POZO DE INSPECCION D=1.7 M (INCL. SUMINISTRO E INSTALACION). INCLUYE CILINDRO POZO DE INSPECCION EN MAMPOSTERIA, CONO PREFABRICADO, PLACA FONDO. | B14: ='[2]VALORES INDEXADOS OBRA ALPES'!C88 -> 6.3 | C14: ='[2]VALORES INDEXADOS OBRA ALPES'!E88 -> UN | D14: ='VALORES INDEXADOS OBRA ALPES'!H88 -> 3966095.9 | E14: ='[2]VALORES INDEXADOS OBRA CARACOLÍ'!D36 -> POZO DE INSPECCION D=1.7 M (INCL. SUMINISTRO E INSTALACION). INCLUYE CILINDRO POZO DE INSPECCION EN MAMPOSTERIA, CONO PREFABRICADO, PLACA FONDO. | F14: ='[2]VALORES INDEXADOS OBRA CARACOLÍ'!C36 -> 2.20 | G14: ='[2]VALORES INDEXADOS OBRA CARACOLÍ'!E36 -> UN | H14: ='VALORES INDEXADOS OBRA CARACOLÍ'!H36 -> 4809499 | I14: 1 | J14: =D14-H14 -> -843403.14 | K14: =IF(H14=0,"",J14/H14) -> -0.17536195 | L14: =IF(D14>H14,"Alpes mayor",IF(D14<H14,"Alpes menor","Iguales")) -> Alpes menor | M14: =MIN(tblComparativoIndexado[[#This Row],[VALOR INDEXADO ALPES]],tblComparativoIndexado[[#This Row],[VALOR INDEXADO CARACOLÍ]]) -> 3966095.9
A15: ='[2]VALORES INDEXADOS OBRA ALPES'!D91 -> CONSTRUCCION CANALETA DE AGUAS LLUVIAS DE 0.4 X 0.4 MT EN CONCRETO DE 3000PSI INCLUYE REJILLA PREFABRICADA. | B15: ='[2]VALORES INDEXADOS OBRA ALPES'!C91 -> 6.6 | C15: ='[2]VALORES INDEXADOS OBRA ALPES'!E91 -> M | D15: ='VALORES INDEXADOS OBRA ALPES'!H91 -> 237688.6 | E15: ='[2]VALORES INDEXADOS OBRA CARACOLÍ'!D47 -> CONSTRUCCION CANALETA DE AGUAS LLUVIAS DE 0.4 X 0.4 MT EN CONCRETO DE 3000PSI INCLUYE REJILLA PREFABRICADA. | F15: ='[2]VALORES INDEXADOS OBRA CARACOLÍ'!C47 -> 2.31 | G15: ='[2]VALORES INDEXADOS OBRA CARACOLÍ'!E47 -> ML | H15: ='VALORES INDEXADOS OBRA CARACOLÍ'!H47 -> 224849 | I15: 1 | J15: =D15-H15 -> 12839.603 | K15: =IF(H15=0,"",J15/H15) -> 0.057103226 | L15: =IF(D15>H15,"Alpes mayor",IF(D15<H15,"Alpes menor","Iguales")) -> Alpes mayor | M15: =MIN(tblComparativoIndexado[[#This Row],[VALOR INDEXADO ALPES]],tblComparativoIndexado[[#This Row],[VALOR INDEXADO CARACOLÍ]]) -> 224849
A16: ='[2]VALORES INDEXADOS OBRA ALPES'!D94 -> RELLENO EN RECEBO COMUN (SUMINISTRO E INSTALACIÓN EXTENDIDO MANUAL, HUMEDECIMIENTO Y COMPACTACIÓN TRANSPORTE A 28 KM). | B16: ='[2]VALORES INDEXADOS OBRA ALPES'!C94 -> 6.9 | C16: ='[2]VALORES INDEXADOS OBRA ALPES'!E94 -> M3 | D16: ='VALORES INDEXADOS OBRA ALPES'!H94 -> 91395.521 | E16: ='[2]VALORES INDEXADOS OBRA CARACOLÍ'!D68 -> RELLENO EN RECEBO COMUN (SUMINISTRO E INSTALACIÓN EXTENDIDO MANUAL, HUMEDECIMIENTO Y COMPACTACIÓN TRANSPORTE A 28 KM). | F16: ='[2]VALORES INDEXADOS OBRA CARACOLÍ'!C68 -> 3.9 | G16: ='[2]VALORES INDEXADOS OBRA CARACOLÍ'!E68 -> M3 | H16: ='VALORES INDEXADOS OBRA CARACOLÍ'!H68 -> 85364 | I16: 1 | J16: =D16-H16 -> 6031.5206 | K16: =IF(H16=0,"",J16/H16) -> 0.07065649 | L16: =IF(D16>H16,"Alpes mayor",IF(D16<H16,"Alpes menor","Iguales")) -> Alpes mayor | M16: =MIN(tblComparativoIndexado[[#This Row],[VALOR INDEXADO ALPES]],tblComparativoIndexado[[#This Row],[VALOR INDEXADO CARACOLÍ]]) -> 85364
A17: ='[2]VALORES INDEXADOS OBRA ALPES'!D97 -> ENTIBADO EC-2 CONTÍNUO MADERA CON PERFILES METÁLICOS Y PARALES TELESCÓPICOS. SUMINISTRO E INSTALACIÓN. | B17: ='[2]VALORES INDEXADOS OBRA ALPES'!C97 -> 6.12 | C17: ='[2]VALORES INDEXADOS OBRA ALPES'!E97 -> M2 | D17: ='VALORES INDEXADOS OBRA ALPES'!H97 -> 70784.157 | E17: ='[2]VALORES INDEXADOS OBRA CARACOLÍ'!D41 -> ENTIBADO EC-2 CONTÍNUO MADERA CON PERFILES METÁLICOS Y PARALES TELESCÓPICOS. SUMINISTRO E INSTALACIÓN. | F17: ='[2]VALORES INDEXADOS OBRA CARACOLÍ'!C41 -> 2.25 | G17: ='[2]VALORES INDEXADOS OBRA CARACOLÍ'!E41 -> M2 | H17: ='VALORES INDEXADOS OBRA CARACOLÍ'!H41 -> 67935 | I17: 1 | J17: =D17-H17 -> 2849.1569 | K17: =IF(H17=0,"",J17/H17) -> 0.041939456 | L17: =IF(D17>H17,"Alpes mayor",IF(D17<H17,"Alpes menor","Iguales")) -> Alpes mayor | M17: =MIN(tblComparativoIndexado[[#This Row],[VALOR INDEXADO ALPES]],tblComparativoIndexado[[#This Row],[VALOR INDEXADO CARACOLÍ]]) -> 67935
A18: ='[2]VALORES INDEXADOS OBRA ALPES'!D98 -> TUBERIA PVC U.M. EXT CORRUGADO/INT LISO U.M. NORMA NTC 3722-1 D=8" (INCLUYE SUMINISTRO E INSTALACIÓN) | B18: ='[2]VALORES INDEXADOS OBRA ALPES'!C98 -> 6.13 | C18: ='[2]VALORES INDEXADOS OBRA ALPES'!E98 -> M | D18: ='VALORES INDEXADOS OBRA ALPES'!H98 -> 59521.915 | E18: ='[2]VALORES INDEXADOS OBRA CARACOLÍ'!D26 -> TUBERIA PVC U.M. EXT CORRUGADO/INT LISO U.M. NORMA NTC 3722-1 D=8" (INCLUYE SUMINISTRO E INSTALACIÓN) | F18: ='[2]VALORES INDEXADOS OBRA CARACOLÍ'!C26 -> 2.10 | G18: ='[2]VALORES INDEXADOS OBRA CARACOLÍ'!E26 -> ML | H18: ='VALORES INDEXADOS OBRA CARACOLÍ'!H26 -> 57076 | I18: 1 | J18: =D18-H18 -> 2445.9148 | K18: =IF(H18=0,"",J18/H18) -> 0.042853647 | L18: =IF(D18>H18,"Alpes mayor",IF(D18<H18,"Alpes menor","Iguales")) -> Alpes mayor | M18: =MIN(tblComparativoIndexado[[#This Row],[VALOR INDEXADO ALPES]],tblComparativoIndexado[[#This Row],[VALOR INDEXADO CARACOLÍ]]) -> 57076
A19: ='[2]VALORES INDEXADOS OBRA ALPES'!D99 -> TUBERIA PVC U.M. EXT CORRUGADO/INT LISO U.M. NORMA NTC 3722-1 D=10" (INCLUYE SUMINISTRO E INSTALACIÓN | B19: ='[2]VALORES INDEXADOS OBRA ALPES'!C99 -> 6.14 | C19: ='[2]VALORES INDEXADOS OBRA ALPES'!E99 -> M | D19: ='VALORES INDEXADOS OBRA ALPES'!H99 -> 69943.01 | E19: ='[2]VALORES INDEXADOS OBRA CARACOLÍ'!D27 -> TUBERIA PVC U.M. EXT CORRUGADO/INT LISO U.M. NORMA NTC 3722-1 D=10" (INCLUYE SUMINISTRO E INSTALACIÓN) | F19: ='[2]VALORES INDEXADOS OBRA CARACOLÍ'!C27 -> 2.11 | G19: ='[2]VALORES INDEXADOS OBRA CARACOLÍ'!E27 -> ML | H19: ='VALORES INDEXADOS OBRA CARACOLÍ'!H27 -> 84029 | I19: 1 | J19: =D19-H19 -> -14085.99 | K19: =IF(H19=0,"",J19/H19) -> -0.16763249 | L19: =IF(D19>H19,"Alpes mayor",IF(D19<H19,"Alpes menor","Iguales")) -> Alpes menor | M19: =MIN(tblComparativoIndexado[[#This Row],[VALOR INDEXADO ALPES]],tblComparativoIndexado[[#This Row],[VALOR INDEXADO CARACOLÍ]]) -> 69943.01
A20: ='[2]VALORES INDEXADOS OBRA ALPES'!D100 -> TUBERIA PVC U.M. EXT CORRUGADO/INT LISO U.M. NORMA NTC 3722-1 D=12" (INCLUYE SUMINISTRO E INSTALACIÓN) | B20: ='[2]VALORES INDEXADOS OBRA ALPES'!C100 -> 6.15 | C20: ='[2]VALORES INDEXADOS OBRA ALPES'!E100 -> M | D20: ='VALORES INDEXADOS OBRA ALPES'!H100 -> 115953.1 | E20: ='[2]VALORES INDEXADOS OBRA CARACOLÍ'!D28 -> TUBERIA PVC U.M. EXT CORRUGADO/INT LISO U.M. NORMA NTC 3722-1 D=12" (INCLUYE SUMINISTRO E INSTALACIÓN) | F20: ='[2]VALORES INDEXADOS OBRA CARACOLÍ'!C28 -> 2.12 | G20: ='[2]VALORES INDEXADOS OBRA CARACOLÍ'!E28 -> ML | H20: ='VALORES INDEXADOS OBRA CARACOLÍ'!H28 -> 120621 | I20: 1 | J20: =D20-H20 -> -4667.8969 | K20: =IF(H20=0,"",J20/H20) -> -0.038698875 | L20: =IF(D20>H20,"Alpes mayor",IF(D20<H20,"Alpes menor","Iguales")) -> Alpes menor | M20: =MIN(tblComparativoIndexado[[#This Row],[VALOR INDEXADO ALPES]],tblComparativoIndexado[[#This Row],[VALOR INDEXADO CARACOLÍ]]) -> 115953.1
A21: ='[2]VALORES INDEXADOS OBRA ALPES'!D102 -> TUBERIA PVC U.M. EXT CORRUGADO/INT LISO U.M. NORMA NTC 3722-1 D=16" (INCLUYE SUMINISTRO E INSTALACIÓN) | B21: ='[2]VALORES INDEXADOS OBRA ALPES'!C102 -> 6.17 | C21: ='[2]VALORES INDEXADOS OBRA ALPES'!E102 -> M | D21: ='VALORES INDEXADOS OBRA ALPES'!H102 -> 175557.18 | E21: ='[2]VALORES INDEXADOS OBRA CARACOLÍ'!D30 -> TUBERIA PVC U.M. EXT CORRUGADO/INT LISO U.M. NORMA NTC 3722-1 D=16" (INCLUYE SUMINISTRO E INSTALACIÓN) | F21: ='[2]VALORES INDEXADOS OBRA CARACOLÍ'!C30 -> 2.14 | G21: ='[2]VALORES INDEXADOS OBRA CARACOLÍ'!E30 -> ML | H21: ='VALORES INDEXADOS OBRA CARACOLÍ'!H30 -> 220399 | I21: 1 | J21: =D21-H21 -> -44841.824 | K21: =IF(H21=0,"",J21/H21) -> -0.20345747 | L21: =IF(D21>H21,"Alpes mayor",IF(D21<H21,"Alpes menor","Iguales")) -> Alpes menor | M21: =MIN(tblComparativoIndexado[[#This Row],[VALOR INDEXADO ALPES]],tblComparativoIndexado[[#This Row],[VALOR INDEXADO CARACOLÍ]]) -> 175557.18
A22: ='[2]VALORES INDEXADOS OBRA ALPES'!D103 -> TUBERIA PVC U.M. EXT CORRUGADO/INT LISO U.M. NORMA NTC 3722-1 D=18" (INCLUYE SUMINISTRO E INSTALACIÓN) | B22: ='[2]VALORES INDEXADOS OBRA ALPES'!C103 -> 6.18 | C22: ='[2]VALORES INDEXADOS OBRA ALPES'!E103 -> M | D22: ='VALORES INDEXADOS OBRA ALPES'!H103 -> 227900 | E22: ='[2]VALORES INDEXADOS OBRA CARACOLÍ'!D31 -> TUBERIA PVC U.M. EXT CORRUGADO/INT LISO U.M. NORMA NTC 3722-1 D=18" (INCLUYE SUMINISTRO E INSTALACIÓN) | F22: ='[2]VALORES INDEXADOS OBRA CARACOLÍ'!C31 -> 2.15 | G22: ='[2]VALORES INDEXADOS OBRA CARACOLÍ'!E31 -> ML | H22: ='VALORES INDEXADOS OBRA CARACOLÍ'!H31 -> 271510 | I22: 1 | J22: =D22-H22 -> -43610.001 | K22: =IF(H22=0,"",J22/H22) -> -0.16062024 | L22: =IF(D22>H22,"Alpes mayor",IF(D22<H22,"Alpes menor","Iguales")) -> Alpes menor | M22: =MIN(tblComparativoIndexado[[#This Row],[VALOR INDEXADO ALPES]],tblComparativoIndexado[[#This Row],[VALOR INDEXADO CARACOLÍ]]) -> 227900
A23: ='[2]VALORES INDEXADOS OBRA ALPES'!D104 -> TUBERIA PVC U.M. EXT CORRUGADO/INT LISO U.M. NORMA NTC 3722-1 D=20" (INCLUYE SUMINISTRO E INSTALACIÓN) | B23: ='[2]VALORES INDEXADOS OBRA ALPES'!C104 -> 6.19 | C23: ='[2]VALORES INDEXADOS OBRA ALPES'!E104 -> M | D23: ='VALORES INDEXADOS OBRA ALPES'!H104 -> 295225.67 | E23: ='[2]VALORES INDEXADOS OBRA CARACOLÍ'!D32 -> TUBERIA PVC U.M. EXT CORRUGADO/INT LISO U.M. NORMA NTC 3722-1 D=20" (INCLUYE SUMINISTRO E INSTALACIÓN) | F23: ='[2]VALORES INDEXADOS OBRA CARACOLÍ'!C32 -> 2.16 | G23: ='[2]VALORES INDEXADOS OBRA CARACOLÍ'!E32 -> ML | H23: ='VALORES INDEXADOS OBRA CARACOLÍ'!H32 -> 310465 | I23: 1 | J23: =D23-H23 -> -15239.328 | K23: =IF(H23=0,"",J23/H23) -> -0.049085495 | L23: =IF(D23>H23,"Alpes mayor",IF(D23<H23,"Alpes menor","Iguales")) -> Alpes menor | M23: =MIN(tblComparativoIndexado[[#This Row],[VALOR INDEXADO ALPES]],tblComparativoIndexado[[#This Row],[VALOR INDEXADO CARACOLÍ]]) -> 295225.67
A24: ='[2]VALORES INDEXADOS OBRA ALPES'!D115 -> SUMIDERO LATERAL SL-100, H=1.25M (FUNDIDO EN SITIO, CONCRETO PREMEZCLADO. INCL. SUMIN, FORM, REF. Y CONSTR. INCL. TAPA) | B24: ='[2]VALORES INDEXADOS OBRA ALPES'!C115 -> 6.30 | C24: ='[2]VALORES INDEXADOS OBRA ALPES'!E115 -> UN | D24: ='VALORES INDEXADOS OBRA ALPES'!H115 -> 2655729.5 | E24: ='[2]VALORES INDEXADOS OBRA CARACOLÍ'!D56 -> SUMIDERO LATERAL SL-100, H=1.25M (FUNDIDO EN SITIO, CONCRETO PREMEZCLADO. INCL. SUMIN, FORM, REF. Y CONSTR. INCL. TAPA) | F24: ='[2]VALORES INDEXADOS OBRA CARACOLÍ'!C56 -> 2.40 | G24: ='[2]VALORES INDEXADOS OBRA CARACOLÍ'!E56 -> UN | H24: ='VALORES INDEXADOS OBRA CARACOLÍ'!H56 -> 2120134 | I24: 1 | J24: =D24-H24 -> 535595.55 | K24: =IF(H24=0,"",J24/H24) -> 0.25262344 | L24: =IF(D24>H24,"Alpes mayor",IF(D24<H24,"Alpes menor","Iguales")) -> Alpes mayor | M24: =MIN(tblComparativoIndexado[[#This Row],[VALOR INDEXADO ALPES]],tblComparativoIndexado[[#This Row],[VALOR INDEXADO CARACOLÍ]]) -> 2120134
A25: ='[2]VALORES INDEXADOS OBRA ALPES'!D132 -> INSPECCIÓN DE REDES DE ALCANTARILLADO CON SISTEMAS CCTV PARA DIÁMETROS ENTRE 6" A 36" | B25: ='[2]VALORES INDEXADOS OBRA ALPES'!C132 -> 10.01 | C25: ='[2]VALORES INDEXADOS OBRA ALPES'!E132 -> ML | D25: ='VALORES INDEXADOS OBRA ALPES'!H132 -> 14403.76 | E25: ='[2]VALORES INDEXADOS OBRA CARACOLÍ'!D126 -> INSPECCIÓN DE REDES DE ALCANTARILLADO CON SISTEMAS CCTV PARA DIÁMETROS ENTRE 6" A 36" | F25: ='[2]VALORES INDEXADOS OBRA CARACOLÍ'!C126 -> 10.17 | G25: ='[2]VALORES INDEXADOS OBRA CARACOLÍ'!E126 -> ML | H25: ='VALORES INDEXADOS OBRA CARACOLÍ'!H126 -> 14566 | I25: 1 | J25: =D25-H25 -> -162.24 | K25: =IF(H25=0,"",J25/H25) -> -0.011138267 | L25: =IF(D25>H25,"Alpes mayor",IF(D25<H25,"Alpes menor","Iguales")) -> Alpes menor | M25: =MIN(tblComparativoIndexado[[#This Row],[VALOR INDEXADO ALPES]],tblComparativoIndexado[[#This Row],[VALOR INDEXADO CARACOLÍ]]) -> 14403.76
A26: ='[2]VALORES INDEXADOS OBRA ALPES'!D133 -> LAVADO Y SONDEO DE REDES DE ALCANTARILLADO ENTRE 6" Y 18" DE DIÁMETRO Y CON GRADO DE COLMATACIÓN MENOR DEL 30%. INCL MANO DE OBRA IDÓNEA, SEÑALIZACIÓN BÁSICA, SUMIN DE COMBUSTIBLE Y AGUA. INCL. IVA | B26: ='[2]VALORES INDEXADOS OBRA ALPES'!C133 -> 10.02 | C26: ='[2]VALORES INDEXADOS OBRA ALPES'!E133 -> ML | D26: ='VALORES INDEXADOS OBRA ALPES'!H133 -> 22253.68 | E26: ='[2]VALORES INDEXADOS OBRA CARACOLÍ'!D127 -> LAVADO Y SONDEO DE REDES DE ALCANTARILLADO ENTRE 6" Y 18" DE DIÁMETRO Y CON GRADO DE COLMATACIÓN MENOR DEL 30%. INCL MANO DE OBRA IDÓNEA, SEÑALIZACIÓN BÁSICA, SUMIN DE COMBUSTIBLE Y AGUA. INCL. IVA | F26: ='[2]VALORES INDEXADOS OBRA CARACOLÍ'!C127 -> 10.18 | G26: ='[2]VALORES INDEXADOS OBRA CARACOLÍ'!E127 -> ML | H26: ='VALORES INDEXADOS OBRA CARACOLÍ'!H127 -> 20230 | I26: 1 | J26: =D26-H26 -> 2023.68 | K26: =IF(H26=0,"",J26/H26) -> 0.10003361 | L26: =IF(D26>H26,"Alpes mayor",IF(D26<H26,"Alpes menor","Iguales")) -> Alpes mayor | M26: =MIN(tblComparativoIndexado[[#This Row],[VALOR INDEXADO ALPES]],tblComparativoIndexado[[#This Row],[VALOR INDEXADO CARACOLÍ]]) -> 20230
A27: ='[2]VALORES INDEXADOS OBRA ALPES'!D154 -> NIVELACIÓN DE POZO (HASTA RASANTE EN CONCRETO 3000 PSI HECHO EN OBRA, H=0.15M. INCLUYE SUMINISTRO Y CONSTRUCCIÓN) | B27: ='[2]VALORES INDEXADOS OBRA ALPES'!C154 -> 10.23 | C27: ='[2]VALORES INDEXADOS OBRA ALPES'!E154 -> UN | D27: ='VALORES INDEXADOS OBRA ALPES'!H154 -> 183610.88 | E27: ='[2]VALORES INDEXADOS OBRA CARACOLÍ'!D21 -> NIVELACIÓN DE POZO (HASTA RASANTE EN CONCRETO 3000 PSI HECHO EN OBRA, H=0.15M. INCLUYE SUMINISTRO Y CONSTRUCCIÓN) | F27: ='[2]VALORES INDEXADOS OBRA CARACOLÍ'!C21 -> 2.5 | G27: ='[2]VALORES INDEXADOS OBRA CARACOLÍ'!E21 -> UN | H27: ='VALORES INDEXADOS OBRA CARACOLÍ'!H21 -> 114683 | I27: 1 | J27: =D27-H27 -> 68927.88 | K27: =IF(H27=0,"",J27/H27) -> 0.60102962 | L27: =IF(D27>H27,"Alpes mayor",IF(D27<H27,"Alpes menor","Iguales")) -> Alpes mayor | M27: =MIN(tblComparativoIndexado[[#This Row],[VALOR INDEXADO ALPES]],tblComparativoIndexado[[#This Row],[VALOR INDEXADO CARACOLÍ]]) -> 114683
A28: ='[2]VALORES INDEXADOS OBRA ALPES'!D75 -> BOLARDO EN HIERRO TIPO M-62 (SUMINISTRO E INSTALACIÓN, INCLUYE BASE EN CONCRETO 1500 PSI, PREMEZCLADO) | B28: ='[2]VALORES INDEXADOS OBRA ALPES'!C75 -> 5.2 | C28: ='[2]VALORES INDEXADOS OBRA ALPES'!E75 -> UN | D28: ='VALORES INDEXADOS OBRA ALPES'!H75 -> 200728.99 | E28: ='[2]VALORES INDEXADOS OBRA CARACOLÍ'!D104 -> BOLARDO EN HIERRO TIPO M62 (SUMINISTRO E INSTALACIÓN. INCLUYE BASE EN CONCRETO 1500 PSI, PREMEZCLADO) | F28: ='[2]VALORES INDEXADOS OBRA CARACOLÍ'!C104 -> 8.3 | G28: ='[2]VALORES INDEXADOS OBRA CARACOLÍ'!E104 -> UN | H28: ='VALORES INDEXADOS OBRA CARACOLÍ'!H104 -> 195549 | I28: 0.99487179 | J28: =D28-H28 -> 5179.9918 | K28: =IF(H28=0,"",J28/H28) -> 0.026489482 | L28: =IF(D28>H28,"Alpes mayor",IF(D28<H28,"Alpes menor","Iguales")) -> Alpes mayor | M28: =MIN(tblComparativoIndexado[[#This Row],[VALOR INDEXADO ALPES]],tblComparativoIndexado[[#This Row],[VALOR INDEXADO CARACOLÍ]]) -> 195549
A29: ='[2]VALORES INDEXADOS OBRA ALPES'!D45 -> SARDINEL TIPO A-10 (SUMINISTRO E INSTALACIÓN, INCLUYE 3 CM MORTERO 1:5) | B29: ='[2]VALORES INDEXADOS OBRA ALPES'!C45 -> 3.4 | C29: ='[2]VALORES INDEXADOS OBRA ALPES'!E45 -> M | D29: ='VALORES INDEXADOS OBRA ALPES'!H45 -> 72133.905 | E29: ='[2]VALORES INDEXADOS OBRA CARACOLÍ'!D75 -> SARDINEL TIPO A10 (SUMINISTRO E INSTALACIÓN. INCLUYE 3CM MORTERO 1:5) | F29: ='[2]VALORES INDEXADOS OBRA CARACOLÍ'!C75 -> 4.5 | G29: ='[2]VALORES INDEXADOS OBRA CARACOLÍ'!E75 -> ML | H29: ='VALORES INDEXADOS OBRA CARACOLÍ'!H75 -> 78261 | I29: 0.98507463 | J29: =D29-H29 -> -6127.0954 | K29: =IF(H29=0,"",J29/H29) -> -0.078290534 | L29: =IF(D29>H29,"Alpes mayor",IF(D29<H29,"Alpes menor","Iguales")) -> Alpes menor | M29: =MIN(tblComparativoIndexado[[#This Row],[VALOR INDEXADO ALPES]],tblComparativoIndexado[[#This Row],[VALOR INDEXADO CARACOLÍ]]) -> 72133.905
A30: ='[2]VALORES INDEXADOS OBRA ALPES'!D56 -> MALLA ELECTROSOLDADA DE 0,15X0,15 M (∅=8MM) (INCLUYE SUMINISTRO, FIJACIÒN E INSTALACIÒN ) | B30: ='[2]VALORES INDEXADOS OBRA ALPES'!C56 -> 3.15 | C30: ='[2]VALORES INDEXADOS OBRA ALPES'!E56 -> KG | D30: ='VALORES INDEXADOS OBRA ALPES'!H56 -> 4478.2931 | E30: ='[2]VALORES INDEXADOS OBRA CARACOLÍ'!D67 -> MALLA ELECTROSOLDADA 0.15X0.15M, D=8MM, 8MM (INCLUYE SUMINISTRO, FIJACIÓN E INSTALACIÓN) | F30: ='[2]VALORES INDEXADOS OBRA CARACOLÍ'!C67 -> 3.8 | G30: ='[2]VALORES INDEXADOS OBRA CARACOLÍ'!E67 -> KG | H30: ='VALORES INDEXADOS OBRA CARACOLÍ'!H67 -> 4209 | I30: 0.95121951 | J30: =D30-H30 -> 269.29314 | K30: =IF(H30=0,"",J30/H30) -> 0.063980313 | L30: =IF(D30>H30,"Alpes mayor",IF(D30<H30,"Alpes menor","Iguales")) -> Alpes mayor | M30: =MIN(tblComparativoIndexado[[#This Row],[VALOR INDEXADO ALPES]],tblComparativoIndexado[[#This Row],[VALOR INDEXADO CARACOLÍ]]) -> 4209

Sheet VALORES INDEXADOS OBRA ALPES
C3: INTERVENCIONES INTEGRALES DEL HÁBITAT
C4: PROYECTO DIAGNÓSTICO, ACTUALIZACIÓN ESTUDIOS, DISEÑOS Y CULMINACIÓN DE OBRAS EN ESPACIO PÚBLICO PARA EL MEJORAMIENTO INTEGRAL DEL BARRIO ALPES QUE HACE PARTE DEL TERRITORIO PRORIZADO POR LA SECRETARIA DISTRITAL EN LA LOCALIDAD DE CIUDAD BOLIVAR
C5: DIRECCIÓN DE HABITAT Y ENTORNOS-LLAVE EN MANO SUBSECRETARÍA DE INTERVENCIONES INTEGRALES
C6: OBJETO: REALIZAR EL DIAGNÓSTICO, ACTUALIZACIÓN DE ESTUDIOS Y DISEÑOS Y CULMINACIÓN DE LAS OBRAS EN ESPACIO PÚBLICO PARA EL MEJORAMIENTO INTEGRAL DEL BARRIO LOS ALPES QUE HACE PARTE DEL TERRITORIO PRORIZADO POR LA SECRETARIA DISTRITAL EN LA LOCALIDAD DE CIUDAD BOLIVAR BAJO LA MODALIDAD DE PRECIOS UNITARIOS FIJOS Y SIN FORMULA DE REAJUSTE.
C7: PRESUPUESTO OBRA LOS ALPES
C9: ÍTEM | D9: ACTIVIDAD | E9: UNIDAD | F9: PENDIENTE EJECUCIÓN | G9: VALOR UNITARIO INCIAL DEL CONTRATO | H9: VALOR UNITARIO INDEXADO ENE 2022 - JUN 2027 | I9: VALOR PARCIAL
C12: 1 | D12: REPLANTEO, DEMOLICIONES Y EXCAVACIONES | I12: =SUM(I13:I25) -> 74839112
C13: 1.1 | D13: REPLANTEO GENERAL | E13: M2 | F13: ='CANTIDADES VALOR INICIAL'!G9 -> 95.74 | G13: ='CANTIDADES VALOR INICIAL'!H9 -> 645.3397 | H13: =G13*'INDEX ICOCIV'!$R$85 -> 877.66199 | I13: =ROUND(F13*H13,2) -> 84027.36
C14: 1.2 | D14: DEMOLICION PAVIMENTO ASFALTICO (ESPESOR VARIABLE. INCLUYE CARGUE). NO INCLUYE TRANSPORTE Y DISPOSICIÓN FINAL DE SOBRANTES. RENDIMIENTO ESTIMADO PARA ESPESORES MÁX. 0.15M. | E14: M3 | F14: ='CANTIDADES VALOR INICIAL'!G10 -> 0 | G14: ='CANTIDADES VALOR INICIAL'!H10 -> 25006.194 | H14: =G14*'INDEX ICOCIV'!$R$85 -> 34008.424 | I14: =ROUND(F14*H14,2) -> 0
C15: 1.3 | D15: DEMOLICIÓN PISOS DE CONCRETO (INCLUYE CARGUE). NO INCLUYE TRANSPORTE Y DISPOSICIÓN FINAL DE SOBRANTES. RENDIMIENTO ESTIMADO PARA ESPESORES DE 0.20M | E15: M3 | F15: ='CANTIDADES VALOR INICIAL'!G11 -> 43.02 | G15: ='CANTIDADES VALOR INICIAL'!H11 -> 37629.154 | H15: =G15*'INDEX ICOCIV'!$R$85 -> 51175.649 | I15: =ROUND(F15*H15,2) -> 2201576.4
C16: 1.4 | D16: DEMOLICION MANUAL SARDINEL EXISTENTE (INCLUYE CARGUE). NO INCLUYE TRANSPORTE Y DISPOSICIÓN FINAL DE SOBRANTES. | E16: M | F16: ='CANTIDADES VALOR INICIAL'!G12 -> 0 | G16: ='CANTIDADES VALOR INICIAL'!H12 -> 3999.5719 | H16: =G16*'INDEX ICOCIV'!$R$85 -> 5439.4178 | I16: =ROUND(F16*H16,2) -> 0
C17: 1.5 | D17: DEMOLICION SUMIDERO EXISTENTE (INCLUYE CARGUE) | E17: UN | F17: ='CANTIDADES VALOR INICIAL'!G13 -> 0 | G17: ='CANTIDADES VALOR INICIAL'!H13 -> 123267.55 | H17: =G17*'INDEX ICOCIV'!$R$85 -> 167643.87 | I17: =ROUND(F17*H17,2) -> 0
C18: 1.6 | D18: DEMOLICION DE POZOS, CAJAS Y CAMARAS DE EMPRESAS DE SERVICIOS PÚBLICOS (INCLUYE MARTILLO NEUMÁTICO DE 60 LB, COMPRESOR Y CARGUE). | E18: M3 | F18: ='CANTIDADES VALOR INICIAL'!G14 -> 29.13 | G18: ='CANTIDADES VALOR INICIAL'!H14 -> 189872.75 | H18: =G18*'INDEX ICOCIV'!$R$85 -> 258226.94 | I18: =ROUND(F18*H18,2) -> 7522150.7
C19: 1.7 | D19: DEMOLICION PISOS DE CONCRETO (ESPESOR VARIABLE. INCLUYE CARGUE). NO INCLUYE TRANSPORTE Y DISPOSICIÓN FINAL DE SOBRANTES. RENDIMIENTO ESTIMADO PARA UN ESPESOR DE 0.10M | E19: M2 | F19: ='CANTIDADES VALOR INICIAL'!G15 -> 830.14 | G19: ='CANTIDADES VALOR INICIAL'!H15 -> 5232.7173 | H19: =G19*'INDEX ICOCIV'!$R$85 -> 7116.4955 | I19: =ROUND(F19*H19,2) -> 5907687.6
C20: 1.8 | D20: DEMOLICIÓN CONCRETO ESTRUCTURAL (INCLUYE CARGUE). NO INCLUYE TRANSPORTE Y DISPOSICIÓN FINAL DE SOBRANTES. | E20: M3 | F20: ='CANTIDADES VALOR INICIAL'!G16 -> 1 | G20: ='CANTIDADES VALOR INICIAL'!H16 -> 122712.35 | H20: =G20*'INDEX ICOCIV'!$R$85 -> 166888.8 | I20: =ROUND(F20*H20,2) -> 166888.8
C21: 1.9 | D21: EXCAVACION MECANICA EN MATERIAL COMUN (INCLUYE CARGUE) | E21: M3 | F21: ='CANTIDADES VALOR INICIAL'!G17 -> 645.3397 | G21: ='CANTIDADES VALOR INICIAL'!H17 -> 4852.034 | H21: =G21*'INDEX ICOCIV'!$R$85 -> 6598.7662 | I21: =ROUND(F21*H21,2) -> 4258445.8
C22: 1.10 | D22: EXCAVACIÓN MANUAL EN MATERIAL COMÚN (INCL CARGUE, TRANSPORTE Y DISPOSICION FINAL) | E22: M3 | F22: ='CANTIDADES VALOR INICIAL'!G18 -> 95.83 | G22: ='CANTIDADES VALOR INICIAL'!H18 -> 58604.132 | H22: =G22*'INDEX ICOCIV'!$R$85 -> 79701.62 | I22: =ROUND(F22*H22,2) -> 7637806.2
C23: 1.11 | D23: FRESADO PAVIMENTO ASFALTICO PROFUNDIDAD DE FRESADO 0 - 18 CM. (INCLUYE CARGUE) | E23: M3 | F23: ='CANTIDADES VALOR INICIAL'!G19 -> 0 | G23: ='CANTIDADES VALOR INICIAL'!H19 -> 75381.047 | H23: =G23*'INDEX ICOCIV'!$R$85 -> 102518.22 | I23: =ROUND(F23*H23,2) -> 0
C24: 1.12 | D24: TALA DE ARBOLES CLASE I (H<5M. INCLUYE DESENRAÍCE, RETIRO Y DISPOSICIÓN FINAL) | E24: UN | F24: ='CANTIDADES VALOR INICIAL'!G20 -> 0 | G24: ='CANTIDADES VALOR INICIAL'!H20 -> 131088.34 | H24: =G24*'INDEX ICOCIV'!$R$85 -> 178280.15 | I24: =ROUND(F24*H24,2) -> 0
C25: 1.13 | D25: TRANSPORTE Y DISPOSICION FINAL DE ESCOMBROS EN SITIO AUTORIZADO (DISTANCIA DE TRANSPORTE 21 KM). A DISTANCIA MAYOR DEL ACARREO LIBRE (90 M) EN SITIO AUTORIZADO POR LA ENTIDAD AMBIENTAL COMPETENTE. | E25: M3 | F25: ='CANTIDADES VALOR INICIAL'!G21 -> 1450.13 | G25: ='CANTIDADES VALOR INICIAL'!H21 -> 23862.227 | H25: =G25*'INDEX ICOCIV'!$R$85 -> 32452.628 | I25: =ROUND(F25*H25,2) -> 47060530
C26: 2 | D26: RELLENOS Y PAVIMENTOS | I26: =SUM(I27:I40) -> 4.1408649e+08
C27: 2.1 | D27: NIVELACION Y COMPACTACIÓN DE SUBRASANTE | E27: M2 | F27: ='CANTIDADES VALOR INICIAL'!G23 -> 2002.37 | G27: ='CANTIDADES VALOR INICIAL'!H23 -> 1128.6253 | H27: =G27*'INDEX ICOCIV'!$R$85 -> 1534.9304 | I27: =ROUND(F27*H27,2) -> 3073498.6
C28: 2.2 | D28: ESTABILIZACIÓN DE SUBRASANTE CON RAJÓN, INCLUYE EQUIPO DE COMPACTACIÓN (SUMINISTRO, EXTENDIDO, NIVELACIÓN Y COMPACTACIÓN CON EQUIPO MECÁNICO) | E28: M3 | F28: ='CANTIDADES VALOR INICIAL'!G24 -> 601.29 | G28: ='CANTIDADES VALOR INICIAL'!H24 -> 82634.166 | H28: =G28*'INDEX ICOCIV'!$R$85 -> 112382.47 | I28: =ROUND(F28*H28,2) -> 67574453
C29: 2.3 | D29: SUBBASE GRANULAR CLASE A (SBG_A) (SUMINISTRO, EXTENDIDO, NIVELACIÓN, HUMEDECIMIENTO Y COMPACTACIÓN CON VIBRO COMPACTADOR) | E29: M3 | F29: ='CANTIDADES VALOR INICIAL'!G25 -> 0 | G29: ='CANTIDADES VALOR INICIAL'!H25 -> 112129.93 | H29: =G29*'INDEX ICOCIV'!$R$85 -> 152496.71 | I29: =ROUND(F29*H29,2) -> 0
C30: 2.4 | D30: SUBBASE GRANULAR CLASE C (SBG _ C) (SUMINISTRO, EXTENDIDO, NIVELACIÓN, HUMEDECIMIENTO Y COMPACTACIÓN CON VIBRO COMPACTADOR). | E30: M3 | F30: ='CANTIDADES VALOR INICIAL'!G26 -> 382.35 | G30: ='CANTIDADES VALOR INICIAL'!H26 -> 120001.54 | H30: =G30*'INDEX ICOCIV'!$R$85 -> 163202.1 | I30: =ROUND(F30*H30,2) -> 62400321
C31: 2.5 | D31: IMPRIMACIÓN CON EMULSIÓN ASFÁLTICA CLR-0 (SUMINISTRO, BARRIDO, SUPERFICIE Y RIEGO). | E31: M2 | F31: ='CANTIDADES VALOR INICIAL'!G27 -> 49 | G31: ='CANTIDADES VALOR INICIAL'!H27 -> 2246.7027 | H31: =G31*'INDEX ICOCIV'!$R$85 -> 3055.5157 | I31: =ROUND(F31*H31,2) -> 149720.27
C32: 2.6 | D32: MEZCLA ASFÁLTICA EN CALIENTE TIPO DENSO MD12 ASFALTO CONVENCIONAL 80-100 (CEMENTO ASFÁLTICO 80-100) (SUMINISTRO, EXTENDIDO, NIVELACIÓN Y COMPACTACIÓN CON VIBROCOMPACTADOR Y COMPACTADOR DE LLANTAS) | E32: M3 | F32: ='CANTIDADES VALOR INICIAL'!G28 -> 15.35 | G32: ='CANTIDADES VALOR INICIAL'!H28 -> 597338.12 | H32: =G32*'INDEX ICOCIV'!$R$85 -> 812379.85 | I32: =ROUND(F32*H32,2) -> 12470031
C33: 2.7 | D33: LOSA DE CONCRETO MR 43 (SUMINISTRO, FORMALETEADO, COLOCACIÓN Y ACABADO, NO INCLUYE ACERO, CURADO, JUNTAS)-TEXTURIZADO SIMILAR A A-20. | E33: M3 | F33: ='CANTIDADES VALOR INICIAL'!G29 -> 305.07 | G33: ='CANTIDADES VALOR INICIAL'!H29 -> 494529.66 | H33: =G33*'INDEX ICOCIV'!$R$85 -> 672560.34 | I33: =ROUND(F33*H33,2) -> 2.0517798e+08
C34: 2.8 | D34: CURADO DE LOSAS DE CONCRETO (SUMINISTRO Y APLICACIÓN) | E34: M2 | F34: ='CANTIDADES VALOR INICIAL'!G30 -> 945.06 | G34: ='CANTIDADES VALOR INICIAL'!H30 -> 1498.7607 | H34: =G34*'INDEX ICOCIV'!$R$85 -> 2038.3146 | I34: =ROUND(F34*H34,2) -> 1926329.6
C35: 2.9 | D35: CORTE Y AMPLIACIÓN DE JUNTA EN PAVIMENTO DE CONCRETO HIDRÁULICO. | E35: M | F35: ='CANTIDADES VALOR INICIAL'!G31 -> 1053.46 | G35: ='CANTIDADES VALOR INICIAL'!H31 -> 4657.3773 | H35: =G35*'INDEX ICOCIV'!$R$85 -> 6334.0331 | I35: =ROUND(F35*H35,2) -> 6672650.5
C36: 2.10 | D36: SELLADO DE JUNTAS EN PAVIMENTO DE CONCRETO HIDRÁULICO (INCLUYE LIMPIEZA, SUMINISTRO E INSTALACIÓN DE FONDO Y SELLANTE) | E36: M | F36: ='CANTIDADES VALOR INICIAL'!G32 -> 1111.02 | G36: ='CANTIDADES VALOR INICIAL'!H32 -> 8735.579 | H36: =G36*'INDEX ICOCIV'!$R$85 -> 11880.387 | I36: =ROUND(F36*H36,2) -> 13199348
C37: 2.11 | D37: ESTAMPADO PARA CONCRETO MR DE POMPEYANOS, ACCESOS VEHICULARES A PREDIOS Y VÍAS (ACABADO Y CURADO, SUMINISTRO Y MANO DE OBRA, INCLUYE JUEGO DE MOLDES, COLOR ENDURECEDOR DE CUARZO, DESMOLDANTE EN POLVO COLOR, SELLADOR ACRÍLICO TRANSPARENTE SEMILUSTRE). | E37: M2 | F37: ='CANTIDADES VALOR INICIAL'!G33 -> 157 | G37: ='CANTIDADES VALOR INICIAL'!H33 -> 35499.437 | H37: =G37*'INDEX ICOCIV'!$R$85 -> 48279.234 | I37: =ROUND(F37*H37,2) -> 7579839.8
C38: 2.12 | D38: ACERO DE REFUERZO (INCLUYE SUMINISTRO, FIGURADO Y FIJACIÓN) | E38: KG | F38: ='CANTIDADES VALOR INICIAL'!G34 -> 0 | G38: ='CANTIDADES VALOR INICIAL'!H34 -> 5276.8267 | H38: =G38*'INDEX ICOCIV'!$R$85 -> 7176.4843 | I38: =ROUND(F38*H38,2) -> 0
... C40: 2.14 | D40: GEOTEXTIL NT 2000 PARA SEPARACION SUBRASANTE/CAPAS GRANULARES (INCLUYE SUMINISTRO E INSTALACIÓN) | E40: M2 | F40: ='CANTIDADES VALOR INICIAL'!G36 -> 2777.1 | G40: ='CANTIDADES VALOR INICIAL'!H36 -> 6817.779 | H40: =G40*'INDEX ICOCIV'!$R$85 -> 9272.1794 | I40: =ROUND(F40*H40,2) -> 25749770
C41: 3 | D41: ACABADOS DE PISOS Y PREFABRICADOS | I41: =SUM(I42:I56) -> 3.3522893e+08
C42: 3.1 | D42: CAÑUELA TIPO A120 (SUMINISTRO E INSTALACIÓN. INCLUYE 3CM MORTERO 2000 PSI) | E42: M | F42: ='CANTIDADES VALOR INICIAL'!G38 -> 305.76 | G42: ='CANTIDADES VALOR INICIAL'!H38 -> 45956.241 | H42: =G42*'INDEX ICOCIV'!$R$85 -> 62500.488 | I42: =ROUND(F42*H42,2) -> 19110149
C43: 3.2 | D43: BORDILLO PREFABRICADO A80 (SUMINISTRO E INSTALACIÓN. INCLUYE 3CM MORTERO DE NIVELACIÓN 2000 PSI) | E43: M | F43: ='CANTIDADES VALOR INICIAL'!G39 -> 193.93 | G43: ='CANTIDADES VALOR INICIAL'!H39 -> 44708.713 | H43: =G43*'INDEX ICOCIV'!$R$85 -> 60803.849 | I43: =ROUND(F43*H43,2) -> 11791690
C44: 3.3 | D44: RAMPA VEHICULAR FUNDIDA EN EL SITIO EN CONCRETO PREMEZCLADO DE 3000 PSI (GRAVA COMUN) SUM, CONSTR. E INSTALACIÓN. INCLUYE ACABADO EN ADOQUIN DE ARCILLA TIPO TRÁFICO PESADO O SIMILAR, BASE DE 4CM EN MORTERO DE 2000 PSI. | E44: M2 | F44: ='CANTIDADES VALOR INICIAL'!G40 -> 0 | G44: ='CANTIDADES VALOR INICIAL'!H40 -> 114085.13 | H44: =G44*'INDEX ICOCIV'!$R$85 -> 155155.77 | I44: =ROUND(F44*H44,2) -> 0
C45: 3.4 | D45: SARDINEL TIPO A-10 (SUMINISTRO E INSTALACIÓN, INCLUYE 3 CM MORTERO 1:5) | E45: M | F45: ='CANTIDADES VALOR INICIAL'!G41 -> 0 | G45: ='CANTIDADES VALOR INICIAL'!H41 -> 53039.636 | H45: =G45*'INDEX ICOCIV'!$R$85 -> 72133.905 | I45: =ROUND(F45*H45,2) -> 0
C46: 3.5 | D46: PISOS EN LOSETA PREFABRICADA TÁCTIL ALERTA Y /O GUÍA (SUMINISTRO E INSTALACIÓN INCLUYE 4 CM DE MORTERO 1:5 HECHO EN OBRA) | E46: M2 | F46: ='CANTIDADES VALOR INICIAL'!G42 -> 45.2 | G46: ='CANTIDADES VALOR INICIAL'!H42 -> 68420.392 | H46: =G46*'INDEX ICOCIV'!$R$85 -> 93051.733 | I46: =ROUND(F46*H46,2) -> 4205938.3
C47: 3.6 | D47: ADOQUIN DEMARCADOR VISUAL A-26 | E47: M2 | F47: ='CANTIDADES VALOR INICIAL'!G43 -> 48.98 | G47: ='CANTIDADES VALOR INICIAL'!H43 -> 69898.057 | H47: =G47*'INDEX ICOCIV'!$R$85 -> 95061.357 | I47: =ROUND(F47*H47,2) -> 4656105.3
C48: 3.7 | D48: PISO EN LOSETA PREFABRICADA A30 (SUMINISTRO E INSTALACIÓN. INCLUYE BASE 4CM ARENA NIVELACIÓN Y ARENA DE SELLO) | E48: M2 | F48: ='CANTIDADES VALOR INICIAL'!G44 -> 1251.2 | G48: ='CANTIDADES VALOR INICIAL'!H44 -> 67936.147 | H48: =G48*'INDEX ICOCIV'!$R$85 -> 92393.16 | I48: =ROUND(F48*H48,2) -> 1.1560232e+08
C49: 3.8 | D49: CONCRETO DE 4000 PSI PARA RAMPAS ACCESOS Y ESCALERAS (PREMEZCLADO INCLUYE SUMINISTRO, FORMALETA, COLOCACIÓN, NO INCLUYE REFUERZO NI CURADO | E49: M3 | F49: ='CANTIDADES VALOR INICIAL'!G45 -> 97.95 | G49: ='CANTIDADES VALOR INICIAL'!H45 -> 584445.71 | H49: =G49*'INDEX ICOCIV'!$R$85 -> 794846.17 | I49: =ROUND(F49*H49,2) -> 77855183
C50: 3.9 | D50: ACERO DE REFUERZO (INCLUYE SUMINISTRO, FIGURADO Y FIJACIÓN) | E50: KG | F50: ='CANTIDADES VALOR INICIAL'!G46 -> 4382.75 | G50: ='CANTIDADES VALOR INICIAL'!H46 -> 5276.8267 | H50: =G50*'INDEX ICOCIV'!$R$85 -> 7176.4843 | I50: =ROUND(F50*H50,2) -> 31452737
C51: 3.10 | D51: LADRILLO PRENSADO (SUMINISTRO E INSTALACION) | E51: M2 | F51: ='CANTIDADES VALOR INICIAL'!G47 -> 355.61 | G51: ='CANTIDADES VALOR INICIAL'!H47 -> 73313.658 | H51: =G51*'INDEX ICOCIV'!$R$85 -> 99706.575 | I51: =ROUND(F51*H51,2) -> 35456655
C52: 3.11 | D52: FRANJA DE AJUSTE EN CONCRETO 3000 PSI E= 10 CM ANCHO ENTRE 12-20CM | E52: M | F52: ='CANTIDADES VALOR INICIAL'!G48 -> 1692.6 | G52: ='CANTIDADES VALOR INICIAL'!H48 -> 10072.286 | H52: =G52*'INDEX ICOCIV'!$R$85 -> 13698.308 | I52: =ROUND(F52*H52,2) -> 23185757
C53: 3.12 | D53: SIEMBRA DE GRAMA (INCLUYE SUMINISTRO E INSTALACIÓN. INCLUYE 10CM DE TIERRA NEGRA) | E53: M2 | F53: ='CANTIDADES VALOR INICIAL'!G49 -> 0 | G53: ='CANTIDADES VALOR INICIAL'!H49 -> 9934.204 | H53: =G53*'INDEX ICOCIV'!$R$85 -> 13510.517 | I53: =ROUND(F53*H53,2) -> 0
... C56: 3.15 | D56: MALLA ELECTROSOLDADA DE 0,15X0,15 M (∅=8MM) (INCLUYE SUMINISTRO, FIJACIÒN E INSTALACIÒN ) | E56: KG | F56: ='CANTIDADES VALOR INICIAL'!G52 -> 2660.03 | G56: ='CANTIDADES VALOR INICIAL'!H52 -> 3292.8626 | H56: =G56*'INDEX ICOCIV'!$R$85 -> 4478.2931 | I56: =ROUND(F56*H56,2) -> 11912394
C57: 4 | D57: MUROS ESTRUCTURALES | I57: =SUM(I58:I72) -> 8.4688715e+08
C58: 4.1 | D58: MURO TIPO 1 - ZARPA EN CONCRETO DE 3000 PSI DE 2,20MX0,30M, DENTELLÓN DE 0,70MX0,30M- MURO DOBLE EN LADRILLO ESTRUCTURAL DE PERFORACIÓN VERTICAL H=3,30M, INCLUYE EXCAVACIÓN, RETIRO DE ESCOMBROS, MORTEROS, MATERIAL SELECCIONADO COMPACTADO, REFUERZO DE 60,000 PSI, GROUTING 2500 PSI, IMPERMEABILIZACIÓN FACHADA. | E58: M | F58: ='CANTIDADES VALOR INICIAL'!G54 -> 33.9 | G58: ='CANTIDADES VALOR INICIAL'!H54 -> 1720577.3 | H58: =G58*'INDEX ICOCIV'!$R$85 -> 2339985.1 | I58: =ROUND(F58*H58,2) -> 79325495
C59: 4.2 | D59: MURO TIPO 2 - ZARPA EN CONCRETO DE 3000 PSI DE 2,00MX0,30M, DENTELLÓN DE 0,45MX0,30M- MURO DOBLE EN LADRILLO ESTRUCTURAL DE PERFORACIÓN VERTICAL H=2,75M, INCLUYE EXCAVACIÓN, RETIRO DE ESCOMBROS, MORTEROS, MATERIAL SELECCIONADO COMPACTADO, REFUERZO DE 60,000 PSI, GROUTING 2500 PSI, IMPERMEABILIZACIÓN FACHADA. | E59: M | F59: ='CANTIDADES VALOR INICIAL'!G55 -> 50.5 | G59: ='CANTIDADES VALOR INICIAL'!H55 -> 1368834.5 | H59: =G59*'INDEX ICOCIV'!$R$85 -> 1861615 | I59: =ROUND(F59*H59,2) -> 94011557
C60: 4.3 | D60: MURO TIPO 3 - ZARPA EN CONCRETO DE 3000 PSI DE 1,80MX0,30M, DENTELLÓN DE 0,25MX0,30M- MURO DOBLE EN LADRILLO ESTRUCTURAL DE PERFORACIÓN VERTICAL H=2,35M, INCLUYE EXCAVACIÓN, RETIRO DE ESCOMBROS, MORTEROS, MATERIAL SELECCIONADO COMPACTADO, REFUERZO DE 60,000 PSI, GROUTING 2500 PSI, IMPERMEABILIZACIÓN FACHADA. | E60: M | F60: ='CANTIDADES VALOR INICIAL'!G56 -> 137.2 | G60: ='CANTIDADES VALOR INICIAL'!H56 -> 1114585.1 | H60: =G60*'INDEX ICOCIV'!$R$85 -> 1515835.7 | I60: =ROUND(F60*H60,2) -> 2.0797266e+08
C61: 4.4 | D61: MURO TIPO 4 - ZARPA EN CONCRETO DE 3000 PSI DE 2,60MX0,25M, MURO DOBLE EN LADRILLO ESTRUCTURAL DE PERFORACIÓN VERTICAL H=1,85M, INCLUYE EXCAVACIÓN, RETIRO DE ESCOMBROS, MORTEROS, MATERIAL SELECCIONADO COMPACTADO, REFUERZO DE 60,000 PSI, GROUTING 2500 PSI, IMPERMEABILIZACIÓN FACHADA. | E61: M | F61: ='CANTIDADES VALOR INICIAL'!G57 -> 249.08 | G61: ='CANTIDADES VALOR INICIAL'!H57 -> 843851.18 | H61: =G61*'INDEX ICOCIV'!$R$85 -> 1147637.6 | I61: =ROUND(F61*H61,2) -> 2.8585357e+08
C62: 4.5 | D62: MURO TIPO 5 - ZARPA EN CONCRETO DE 3000 PSI DE 1,10MX0,25M, MURO SENCILLO EN LADRILLO ESTRUCTURAL DE PERFORACIÓN VERTICAL H=1,45M, INCLUYE EXCAVACIÓN, RETIRO DE ESCOMBROS, MORTEROS, MATERIAL SELECCIONADO COMPACTADO, REFUERZO DE 60,000 PSI, GROUTING 2500 PSI, IMPERMEABILIZACIÓN FACHADA. | E62: M | F62: ='CANTIDADES VALOR INICIAL'!G58 -> 75.6 | G62: ='CANTIDADES VALOR INICIAL'!H58 -> 504624 | H62: =G62*'INDEX ICOCIV'!$R$85 -> 686288.64 | I62: =ROUND(F62*H62,2) -> 51883421
